Workbook

Sheet Erläuterung
A1: Stand: 31.01.2024
A2: Büro- und PC-Service
A3: Thomas Kuhn
A4: Melibokusstr. 28, 64625 Bensheim
A5: info@klicktipps.de
A6: www.klicktipps.de
A7: Verwalten eines kleinen Gewerbes oder einer Tätigkeit als Freiberufler
A8: Gewerbe oder Freiberuf mit Umsatzsteuer (USt.) bzw. Mehrwertsteuer (MwSt.) (19%, 7% und 0%)
A9: Diese Tabellenblätter hier sind ein Muster für die Buchhaltung (Einnahmenüberschussrechnung - EÜR) eines kleinen Gewerbes oder einer Tätigkeit als Freiberufler mit Umsatzsteuer (USt.) bzw. Mehrwertsteuer (MwSt.).
A11: Für Kleinunternehmen ohne Umsatzsteuer (USt.) bzw. Mehrwertsteuer (MwSt.) gibt es bei KLICKTIPPS® eine einfachere Tabelle (siehe):
A12: https://www.klicktipps.de/download.php#einnahmenueberschussrechnung
A14: Im Bereich Buchhaltung muss sehr sorgfältig gearbeitet werden. Wenn Sie sich mit der Materie nicht auskennen, nehmen Sie einen Steuerberater in Anspruch! Bitte lesen Sie diesen gesamten Text zunächst gründlich durch und ebenso das Tabellenblatt "Erläuterung Abschreibung"!
... A169: ab 1995 Entwicklung dieser Tabelle und Nutzung für den Eigenbedarf

Sheet Diagramme
A1: Diagramme zu Einnahmen und Ausgaben | N1: =TODAY() -> 45521
A2: - Die Diagramme erzeugen sich automatisch aus den Daten der anderen Tabellenblätter -

Sheet Planung
A1: Planung | O1: =TODAY() -> 45521 | Q1: Hilfe
A3: Ausgaben (Planung)
B4: Typ | C4: Januar | D4: Februar | E4: März | F4: April | G4: Mai | H4: Juni | I4: Juli | J4: August | K4: September | L4: Oktober | M4: November | N4: Dezember | Q4: Tragen Sie in diese Tabelle ihre geplanten Ausgaben über das Jahr ein.
A5: Strom | B5: Fixkosten | C5: 40 | D5: 40 | E5: 40 | F5: 40 | G5: 40 | H5: 40 | I5: 40 | J5: 40 | K5: 40 | L5: 40 | M5: 40 | N5: 40 | Q5: Die Eingaben werden im Reiter bzw. Tabellenblatt "Diagramm" visualisiert.
A6: Miete | B6: Fixkosten | Q6: In die gelben Felder wird eingegeben.
A7: Telefon | B7: Fixkosten
A8: Webseite / Server | B8: Fixkosten
A11: Flyer (Werbung) | B11: variable Kosten
A12: Verbrauchsmaterial | B12: variable Kosten
A13: Gesschenke | B13: variable Kosten
A14: Büromaterial | B14: variable Kosten
A15: Möbel | B15: variable Kosten
A16: Fortbildung | B16: variable Kosten
B17: variable Kosten
C21: =A3 & " pro Monat" -> Ausgaben (Planung) pro Monat | O21: =SUM(C22:N22) -> 480
C22: =SUM(C5:C20) -> 40 | D22: =SUM(D5:D20) -> 40 | E22: =SUM(E5:E20) -> 40 | F22: =SUM(F5:F20) -> 40 | G22: =SUM(G5:G20) -> 40 | H22: =SUM(H5:H20) -> 40 | I22: =SUM(I5:I20) -> 40 | J22: =SUM(J5:J20) -> 40 | ... N22: =SUM(N5:N20) -> 40
B23: variable Kosten
B24: Fixkosten
C26: ="Kummulierte" & " " & A3 -> Kummulierte Ausgaben (Planung)
C27: =C22 -> 40 | D27: =D22+C27 -> 80 | E27: =E22+D27 -> 120 | F27: =F22+E27 -> 160 | G27: =G22+F27 -> 200 | H27: =H22+G27 -> 240 | I27: =I22+H27 -> 280 | J27: =J22+I27 -> 320 | K27: =K22+J27 -> 360 | ... N27: =N22+M27 -> 480
A30: Einnahmen / Umsatz / Erlös (Planung) | Q30: = Summe (Preis * (Produkt oder Dienstleistung))
B31: Typ | C31: Januar | D31: Februar | E31: März | F31: April | G31: Mai | H31: Juni | I31: Juli | J31: August | K31: September | L31: Oktober | M31: November | N31: Dezember
A32: Verkauf Produkt X | B32: Produkt | C32: 50 | D32: 50 | E32: 10 | F32: 50 | G32: 10 | H32: 50 | I32: 50 | J32: 20 | K32: 25 | L32: 30 | M32: 40 | N32: 6
A33: Verkauf Produkt Y | B33: Produkt
A34: Beratung | B34: Beratung
A35: Dienstleistung A | B35: Dienstleistung
B48: Beratung | C48: =A30 & " pro Monat" -> Einnahmen / Umsatz / Erlös (Planung) pro Monat | O48: =SUM(C49:N49) -> 391
B49: Dienstleistung | C49: =SUM(C32:C47) -> 50 | D49: =SUM(D32:D47) -> 50 | E49: =SUM(E32:E47) -> 10 | F49: =SUM(F32:F47) -> 50 | G49: =SUM(G32:G47) -> 10 | H49: =SUM(H32:H47) -> 50 | I49: =SUM(I32:I47) -> 50 | J49: =SUM(J32:J47) -> 20 | ... N49: =SUM(N32:N47) -> 6
B50: Produkt
C53: ="Kummulierte" & " " & A30 -> Kummulierte Einnahmen / Umsatz / Erlös (Planung)
C54: =C49 -> 50 | D54: =D49+C54 -> 100 | E54: =E49+D54 -> 110 | F54: =F49+E54 -> 160 | G54: =G49+F54 -> 170 | H54: =H49+G54 -> 220 | I54: =I49+H54 -> 270 | J54: =J49+I54 -> 290 | K54: =K49+J54 -> 315 | ... N54: =N49+M54 -> 391

Sheet Statistik Monate
A1: =Überschuss!A1 -> 0 | K1: =Überschuss!C1 -> 45521 | P1: Hilfe
A2: =Überschuss!A2 -> 0
P5: Hier ist aufgelistet, was in den Monaten dieses Jahres
A6: ="Statistik " & Überschuss!A7 & " (monatlich)" -> Statistik 2024 (monatlich) | P6: an Einnahmen und Ausgaben angefallen ist.
D7: (bereinigt) | L7: Brutto | M7: Brutto
B8: Einnahmen | C8: Vom FA er- | D8: Ausgaben | F8: Fahrten/Rei- | G8: Ans FA ge- | H8: Abschr. nach Nuzungsdauer | J8: Sammelabschreibung | L8: Ausgaben | M8: Einnahmen | N8: Ergebnis
A9: Monate | B9: brutto | C9: stattete Ust | D9: Netto | F9: sen brutto | G9: zahlte Ust | H9: Ust | I9: Abschr. | J9: Ust | K9: Abschr. | L9: (Summe) | M9: (Summe) | N9: (Gewinn)
A10: Januar | B10: =Einnahmen!H99 -> 38.8 | C10: =UmsatzSt!D53 -> 0 | D10: =Ausgaben!I165 -> 200.31 | E10: =Ausgaben!J165 -> 35.5 | F10: =SUM(FahrtenReisen!H72:M72) -> 0 | G10: =UmsatzSt!C53 -> 0 | H10: =Abschreibung!G35 -> 0 | I10: =ROUND(Abschreibung!$N$29/12,2) -> 0 | J10: =GWGSammel!F43 -> 0 | K10: =ROUND(GWGSammel!$L$36/12,2) -> 16.26 | L10: =SUM(D10:K10) -> 252.07 | M10: =SUM(B10:C10) -> 38.8 | N10: =M10-L10 -> -213.27 | P10: Diese Statistik dient nicht zu steuerlichen Berechnungen,
A11: Februar | B11: =Einnahmen!H100 -> 8256.45 | C11: =UmsatzSt!D54 -> 0 | D11: =Ausgaben!I166 -> 9162.19 | E11: =Ausgaben!J166 -> 16.51 | F11: =SUM(FahrtenReisen!H73:M73) -> 0 | G11: =UmsatzSt!C54 -> 0 | H11: =Abschreibung!G36 -> 0 | I11: =ROUND(Abschreibung!$N$29/12,2) -> 0 | J11: =GWGSammel!F44 -> 0 | K11: =ROUND(GWGSammel!$L$36/12,2) -> 16.26 | L11: =SUM(D11:K11) -> 9194.96 | M11: =SUM(B11:C11) -> 8256.45 | N11: =M11-L11 -> -938.51 | P11: sondern zum Vergleichen, was in den Monaten an Zahlungen
A12: März | B12: =Einnahmen!H101 -> 382.59 | C12: =UmsatzSt!D55 -> 0 | D12: =Ausgaben!I167 -> 309.09 | E12: =Ausgaben!J167 -> 54.54 | F12: =SUM(FahrtenReisen!H74:M74) -> 0 | G12: =UmsatzSt!C55 -> 0 | H12: =Abschreibung!G37 -> 0 | I12: =ROUND(Abschreibung!$N$29/12,2) -> 0 | J12: =GWGSammel!F45 -> 0 | K12: =ROUND(GWGSammel!$L$36/12,2) -> 16.26 | L12: =SUM(D12:K12) -> 379.89 | M12: =SUM(B12:C12) -> 382.59 | N12: =M12-L12 -> 2.7 | P12: zu- und abgeflossen ist.
A13: April | B13: =Einnahmen!H104 -> 931.2 | C13: =UmsatzSt!D56 -> 0 | D13: =Ausgaben!I170 -> 0 | E13: =Ausgaben!J170 -> 0 | F13: =SUM(FahrtenReisen!H77:M77) -> 55.04 | G13: =UmsatzSt!C56 -> 0 | H13: =Abschreibung!G40 -> 0 | I13: =ROUND(Abschreibung!$N$29/12,2) -> 0 | J13: =GWGSammel!F48 -> 45.98 | K13: =ROUND(GWGSammel!$L$36/12,2) -> 16.26 | L13: =SUM(D13:K13) -> 117.28 | M13: =SUM(B13:C13) -> 931.2 | N13: =M13-L13 -> 813.92
A14: Mai | B14: =Einnahmen!H105 -> 0 | C14: =UmsatzSt!D57 -> 0 | D14: =Ausgaben!I171 -> 0 | E14: =Ausgaben!J171 -> 0 | F14: =SUM(FahrtenReisen!H78:M78) -> 0 | G14: =UmsatzSt!C57 -> 0 | H14: =Abschreibung!G41 -> 0 | I14: =ROUND(Abschreibung!$N$29/12,2) -> 0 | J14: =GWGSammel!F49 -> 0 | K14: =ROUND(GWGSammel!$L$36/12,2) -> 16.26 | L14: =SUM(D14:K14) -> 16.26 | M14: =SUM(B14:C14) -> 0 | N14: =M14-L14 -> -16.26
A15: Juni | B15: =Einnahmen!H106 -> 0 | C15: =UmsatzSt!D58 -> 0 | D15: =Ausgaben!I172 -> 0 | E15: =Ausgaben!J172 -> 0 | F15: =SUM(FahrtenReisen!H79:M79) -> 0 | G15: =UmsatzSt!C58 -> 0 | H15: =Abschreibung!G42 -> 0 | I15: =ROUND(Abschreibung!$N$29/12,2) -> 0 | J15: =GWGSammel!F50 -> 0 | K15: =ROUND(GWGSammel!$L$36/12,2) -> 16.26 | L15: =SUM(D15:K15) -> 16.26 | M15: =SUM(B15:C15) -> 0 | N15: =M15-L15 -> -16.26 | P15: Die Abschreibung (eigentlich jährlich anfallend) wurde
A16: Juli | B16: =Einnahmen!H109 -> 0 | C16: =UmsatzSt!D59 -> 0 | D16: =Ausgaben!I175 -> 0 | E16: =Ausgaben!J175 -> 0 | F16: =SUM(FahrtenReisen!H82:M82) -> 0 | G16: =UmsatzSt!C59 -> 0 | H16: =Abschreibung!G45 -> 0 | I16: =ROUND(Abschreibung!$N$29/12,2) -> 0 | J16: =GWGSammel!F53 -> 0 | K16: =ROUND(GWGSammel!$L$36/12,2) -> 16.26 | L16: =SUM(D16:K16) -> 16.26 | M16: =SUM(B16:C16) -> 0 | N16: =M16-L16 -> -16.26 | P16: zur besseren Vergleichbarkeit der Monate
A17: August | B17: =Einnahmen!H110 -> 0 | C17: =UmsatzSt!D60 -> 0 | D17: =Ausgaben!I176 -> 0 | E17: =Ausgaben!J176 -> 0 | F17: =SUM(FahrtenReisen!H83:M83) -> 0 | G17: =UmsatzSt!C60 -> 0 | H17: =Abschreibung!G46 -> 0 | I17: =ROUND(Abschreibung!$N$29/12,2) -> 0 | J17: =GWGSammel!F54 -> 0 | K17: =ROUND(GWGSammel!$L$36/12,2) -> 16.26 | L17: =SUM(D17:K17) -> 16.26 | M17: =SUM(B17:C17) -> 0 | N17: =M17-L17 -> -16.26 | P17: auf die Monate verteilt.
A18: September | B18: =Einnahmen!H111 -> 0 | C18: =UmsatzSt!D61 -> 0 | D18: =Ausgaben!I177 -> 0 | E18: =Ausgaben!J177 -> 0 | F18: =SUM(FahrtenReisen!H84:M84) -> 0 | G18: =UmsatzSt!C61 -> 0 | H18: =Abschreibung!G47 -> 0 | I18: =ROUND(Abschreibung!$N$29/12,2) -> 0 | J18: =GWGSammel!F55 -> 0 | K18: =ROUND(GWGSammel!$L$36/12,2) -> 16.26 | L18: =SUM(D18:K18) -> 16.26 | M18: =SUM(B18:C18) -> 0 | N18: =M18-L18 -> -16.26 | P18: Im laufenden Jahr angeschaffgte Wirtschaftsgüter erscheinen
A19: Oktober | B19: =Einnahmen!H114 -> 0 | C19: =UmsatzSt!D62 -> 0 | D19: =Ausgaben!I180 -> 0 | E19: =Ausgaben!J180 -> 0 | F19: =SUM(FahrtenReisen!H87:M87) -> 0 | G19: =UmsatzSt!C62 -> 0 | H19: =Abschreibung!G50 -> 0 | I19: =ROUND(Abschreibung!$N$29/12,2) -> 0 | J19: =GWGSammel!F58 -> 0 | K19: =ROUND(GWGSammel!$L$36/12,2) -> 16.26 | L19: =SUM(D19:K19) -> 16.26 | M19: =SUM(B19:C19) -> 0 | N19: =M19-L19 -> -16.26 | P19: hier nicht mit ihren Anscahffungskosten, sondern 'nur' als
A20: November | B20: =Einnahmen!H115 -> 0 | C20: =UmsatzSt!D63 -> 0 | D20: =Ausgaben!I181 -> 0 | E20: =Ausgaben!J181 -> 0 | F20: =SUM(FahrtenReisen!H88:M88) -> 0 | G20: =UmsatzSt!C63 -> 0 | H20: =Abschreibung!G51 -> 0 | I20: =ROUND(Abschreibung!$N$29/12,2) -> 0 | J20: =GWGSammel!F59 -> 0 | K20: =ROUND(GWGSammel!$L$36/12,2) -> 16.26 | L20: =SUM(D20:K20) -> 16.26 | M20: =SUM(B20:C20) -> 0 | N20: =M20-L20 -> -16.26 | P20: Abschreibung.
A21: Dezember | B21: =Einnahmen!H116 -> 0 | C21: =UmsatzSt!D64 -> 0 | D21: =Ausgaben!I182 -> 0 | E21: =Ausgaben!J182 -> 0 | F21: =SUM(FahrtenReisen!H89:M89) -> 0 | G21: =UmsatzSt!C64 -> 0 | H21: =Abschreibung!G52 -> 0 | I21: =Abschreibung!$N$29 - 11 * ROUND(Abschreibung!$N$29/12,2) -> 0 | J21: =GWGSammel!F60 -> 0 | K21: =GWGSammel!$L$36 - 11 * ROUND(GWGSammel!$L$36/12,2) -> 16.26 | L21: =SUM(D21:K21) -> 16.26 | M21: =SUM(B21:C21) -> 0 | N21: =M21-L21 -> -16.26
A22: Summe | B22: =SUM(B10:B21) -> 9609.04 | C22: =SUM(C10:C21) -> 0 | D22: =SUM(D10:D21) -> 9671.59 | E22: =SUM(E10:E21) -> 106.55 | F22: =SUM(F10:F21) -> 55.04 | G22: =SUM(G10:G21) -> 0 | H22: =SUM(H10:H21) -> 0 | I22: =SUM(I10:I21) -> 0 | ... M22: =SUM(M10:M21) -> 9609.04 | N22: =M22-L22 -> -465.24 | P22: Diese Tabelle gibt keine Daten an andere Tabellen weiter
L24: kummuliert
L25: Ausgaben | M25: Einnahmen | N25: Gewinn
K26: 1 | L26: =L10 -> 252.07 | M26: =M10 -> 38.8 | N26: =N10 -> -213.27
K27: 2 | L27: =L26+L11 -> 9447.03 | M27: =M26+M11 -> 8295.25 | N27: =N11+N26 -> -1151.78
K28: 3 | L28: =L27+L12 -> 9826.92 | M28: =M27+M12 -> 8677.84 | N28: =N12+N27 -> -1149.08
K29: 4 | L29: =L28+L13 -> 9944.2 | M29: =M28+M13 -> 9609.04 | N29: =N13+N28 -> -335.16
K30: 5 | L30: =L29+L14 -> 9960.46 | M30: =M29+M14 -> 9609.04 | N30: =N14+N29 -> -351.42
K31: 6 | L31: =L30+L15 -> 9976.72 | M31: =M30+M15 -> 9609.04 | N31: =N15+N30 -> -367.68
K32: 7 | L32: =L31+L16 -> 9992.98 | M32: =M31+M16 -> 9609.04 | N32: =N16+N31 -> -383.94
K33: 8 | L33: =L32+L17 -> 10009.24 | M33: =M32+M17 -> 9609.04 | N33: =N17+N32 -> -400.2
K34: 9 | L34: =L33+L18 -> 10025.5 | M34: =M33+M18 -> 9609.04 | N34: =N18+N33 -> -416.46
K35: 10 | L35: =L34+L19 -> 10041.76 | M35: =M34+M19 -> 9609.04 | N35: =N19+N34 -> -432.72
K36: 11 | L36: =L35+L20 -> 10058.02 | M36: =M35+M20 -> 9609.04 | N36: =N20+N35 -> -448.98
K37: 12 | L37: =L36+L21 -> 10074.28 | M37: =M36+M21 -> 9609.04 | N37: =N21+N36 -> -465.24

Sheet Überschuss
C1: =TODAY() -> 45521 | E1: Hilfe
E3: Die Daten oben links werden auf die anderen
E4: Blätter übertragen.
E5: Einfach hier die eigenen Daten eingeben!
A7: 2024
E8: Ab hier nichts ändern,
A9: Einnahmen | E9: die Werte stammen aus den anderen Blättern!
A11: Text | B11: Betrag | C11: UmsatzSt | E11: ="siehe Tabellenblatt 'Einnahmen'" -> siehe Tabellenblatt 'Einnahmen'
A12: Betriebseinnahmen laut Aufstellung zu 19% | B12: =Einnahmen!C90 -> 2171.92 | C12: =Einnahmen!D90 -> 412.72
A13: Betriebseinnahmen laut Aufstellung zu 7% | B13: =Einnahmen!E90 -> 0 | C13: =Einnahmen!F90 -> 0 | E13: Die Zahlen dieser Seite müssen in die Formulare der Finanzämter übertragen werden:
A14: Ust.-pflichtige Einnahmen und vereinnahmte Ust. | B14: =SUM(B12:B13) -> 2171.92 | C14: =SUM(C12:C13) -> 412.72
A15: Betriebseinnahmen laut Aufstellung zu 0% | B15: =Einnahmen!G90 -> 7024.4
A16: Umsatzsteuererstattungen vom FA für Vorjahr | B16: =UmsatzSt!D15 -> 0
A17: Umsatzsteuererstattungen vom FA für laufendes Jahr | B17: =UmsatzSt!D35 -> 0 | E17: - Einnahmenüberschussrechnung - EÜR
A19: Summen | B19: =SUM(B14:B18) -> 9196.32 | C19: =SUM(C14:C18) -> 412.72 | E19: - Einkommensteuererklärung (Anlage G oder S)
A20: Summe der Betriebseinnahmen (Brutto) | B20: =SUM(B19:C19) -> 9609.04 | E20: - Umsatzsteuererklärung
A22: Ausgaben
A24: Text | B24: Betrag (Netto) | C24: Vorsteuer
A25: =Ausgaben!A125 -> Betriebsausgaben | E25: ="siehe Tabellenblatt 'Ausgaben' (Netto bereinigt + USt.): " & SUM(B25:C55) & "€" -> siehe Tabellenblatt 'Ausgaben' (Netto bereinigt + USt.): 9778,14€
A26: =Ausgaben!A126 -> 26 Waren, Rohstoffe oder Hilfsstoffe (W) | B26: =Ausgaben!I126 -> 0 | C26: =Ausgaben!J126 -> 0 | E26: Die Nettobeträge der Ausgaben werden in die
A27: =Ausgaben!A127 -> 27 Bezogene Fremdleistungen (L) | B27: =Ausgaben!I127 -> 71.6 | C27: =Ausgaben!J127 -> 0 | E27: entsprechenden Felder der Anlage EÜR geschrieben.
A28: =Ausgaben!A128 -> 28 Ausgaben für eigenes Personal (z. B. Gehälter, Löhne und Versicherungsbeiträge) (GL) | B28: =Ausgaben!I128 -> 0 | C28: =Ausgaben!J128 -> 0
A29: =Ausgaben!A129 -> Sonstige unbeschränkt abziehbare Betriebsausgaben
A30: =Ausgaben!A130 -> 43 Aufwendungen für geringwertige Wirtschaftsgüter nach § 6 Abs. 2 EStG (GWG) | B30: =Ausgaben!I130 -> 0 | C30: =Ausgaben!J130 -> 0
A31: =Ausgaben!A131 -> Raumkosten und sonstige Grundstücksaufwendungen
A32: =Ausgaben!A132 -> 46 Miete/Pacht für Geschäftsräume und betrieblich genutzte Grundstücke (Rm) | B32: =Ausgaben!I132 -> 320 | C32: =Ausgaben!J132 -> 60.8
A33: =Ausgaben!A133 -> 47 Aufwendungen für doppelte Haushaltsführung (z. B. Miete) (doppH) | B33: =Ausgaben!I133 -> 0 | C33: =Ausgaben!J133 -> 0
A34: =Ausgaben!A134 -> 48 Sonstige Aufwendungen für betrieblich genutzte Grundstücke (ohne Schuldzinsen und AfA) (SonstA) | B34: =Ausgaben!I134 -> 0 | C34: =Ausgaben!J134 -> 0
A35: =Ausgaben!A135 -> Sonstige unbeschränkt abziehbare Betriebsausgaben
A36: =Ausgaben!A136 -> 49 Aufwendungen für Telekommunikation (z. B. Telefon, Internet) (Tk) | B36: =Ausgaben!I136 -> 117.22 | C36: =Ausgaben!J136 -> 22.25
A37: =Ausgaben!A137 -> 51 Fortbildungskosten (ohne Reisekosten) (F) | B37: =Ausgaben!I137 -> 0 | C37: =Ausgaben!J137 -> 0
A38: =Ausgaben!A138 -> 52 Rechts- und Steuerberatung, Buchführung (S) | B38: =Ausgaben!I138 -> 0 | C38: =Ausgaben!J138 -> 0
A39: =Ausgaben!A139 -> 53 Miete/Leasing für bewegliche Wirtschaftsgüter (ohne Kraftfahrzeuge) (Miete) | B39: =Ausgaben!I139 -> 0 | C39: =Ausgaben!J139 -> 0
A40: =Ausgaben!A140 -> 54 Erhaltungsaufwendungen (z. B. Instandhaltung, Wartung, Reparatur; ohne solche für Gebäude und Kraftfahrzeuge) (Wart) | B40: =Ausgaben!I140 -> 0 | C40: =Ausgaben!J140 -> 0
A41: =Ausgaben!A141 -> 55 Beiträge, Gebühren, Abgaben und Versicherungen (ohne solche für Gebäude und Kraftfahrzeuge) (Beitr) | B41: =Ausgaben!I141 -> 14.7 | C41: =Ausgaben!J141 -> 0
A42: =Ausgaben!A142 -> 56 Laufende EDV-Kosten (z. B. Beratung, Wartung, Reparatur) (EDV) | B42: =Ausgaben!I142 -> 0 | C42: =Ausgaben!J142 -> 0
A43: =Ausgaben!A143 -> 57 Arbeitsmittel (z. B. Bürobedarf, Porto, Fachliteratur) (Arb) | B43: =Ausgaben!I143 -> 4.6 | C43: =Ausgaben!J143 -> 0.88
A44: =Ausgaben!A144 -> 58 Kosten für Abfallbeseitigung und Entsorgung (Abfall) | B44: =Ausgaben!I144 -> 0 | C44: =Ausgaben!J144 -> 0
A45: =Ausgaben!A145 -> 59 Kosten für Verpackung und Transport (Verp) | B45: =Ausgaben!I145 -> 24.76 | C45: =Ausgaben!J145 -> 4.71
A46: =Ausgaben!A146 -> 60 Werbekosten (z. B. Inserate, Werbespots, Plakate) (Wr) | B46: =Ausgaben!I146 -> 94.28 | C46: =Ausgaben!J146 -> 17.91
A47: =Ausgaben!A147 -> Beschränkt abziehbare Betriebsausgaben
A48: =Ausgaben!A148 -> 67 Geschenke (G) | B48: =Ausgaben!I148 -> 0 | C48: =Ausgaben!J148 -> 0
A49: =Ausgaben!A149 -> 68 Bewirtungsaufwendungen (B) | B49: =Ausgaben!I149 -> 0 | C49: =Ausgaben!J149 -> 0
A50: =Ausgaben!A150 -> 70 Aufwendungen für ein häusliches Arbeitszimmer (einschl. AfA und Schuldzinsen) (Arbz) | B50: =Ausgaben!I150 -> 0 | C50: =Ausgaben!J150 -> 0
A51: =Ausgaben!A151 -> 71 Sonstige unbeschränkt abziehbare Betriebsausgaben (z. B. Arbeitskleidung) (Ü) | B51: =Ausgaben!I151 -> 9024.43 | C51: =Ausgaben!J151 -> 0
A52: =Ausgaben!A152 -> Sonstige
A53: =Ausgaben!A153 -> 81 Leasingkosten (xx) | B53: =Ausgaben!I153 -> 0 | C53: =Ausgaben!J153 -> 0
A54: =Ausgaben!A154 -> 82 Steuern, Versicherungen und Maut (yy) | B54: =Ausgaben!I154 -> 0 | C54: =Ausgaben!J154 -> 0
A55: =Ausgaben!A155 -> 00 zz (zz) | B55: =Ausgaben!I155 -> 0 | C55: =Ausgaben!J155 -> 0
A56: FahrtenReisen | E56: ="siehe Tabellenblatt 'FahrtenReisen': " & SUM(B57:C61) & "€" -> siehe Tabellenblatt 'FahrtenReisen': 55,04€
A57: =FahrtenReisen!A64 -> 50 Übernachtungs- und Reisenebenkosten bei Geschäftsreisen des Steuerpflichtigen | B57: =FahrtenReisen!L64 -> 0 | C57: =FahrtenReisen!M64 -> 0
A58: =FahrtenReisen!A63 -> 69 Verpflegungsmehraufwendungen | B58: =FahrtenReisen!K63 -> 0
A59: =FahrtenReisen!A62 -> 83 Sonstige tatsächliche Fahrtkosten ohne AfA und Zinsen (z. B. Reparaturen, Wartungen, Treibstoff, Kosten für Flugstrecken, Kosten für öffentliche Verkehrsmittel) | B59: =FahrtenReisen!I62 -> 46.26 | C59: =FahrtenReisen!J62 -> 8.78
A60: =FahrtenReisen!A61 -> 84 Fahrtkosten für nicht zum Betriebsvermögen gehörende Fahrzeuge (Nutzungseinlage) | B60: =FahrtenReisen!H61 -> 0
A61: =FahrtenReisen!A153 -> 86 Mindestens abziehbare Fahrtkosten für Wege zwischen Wohnung und erster Betriebsstätte (Entfernungspauschale) | B61: =FahrtenReisen!H153 -> 0
A62: Abschreibung | E62: ="siehe Tabellenblatt 'Abschreibung': " & SUM(B63:C64) & "€" -> siehe Tabellenblatt 'Abschreibung': 0€
A63: =Abschreibung!E29 -> 31 AfA auf bewegliche Wirtschaftsgüter | B63: =Abschreibung!N29 -> 0
A64: ="MwSt. für bewegliche Wirtschaftsgüter, gek. in " &A7 -> MwSt. für bewegliche Wirtschaftsgüter, gek. in 2024 | C64: =Abschreibung!G30 -> 0
E65: ="siehe Tabellenblatt 'GWGSammel': " & SUM(B66:C67) & "€" -> siehe Tabellenblatt 'GWGSammel': 241,1€
A66: =GWGSammel!B36 -> geringwertige Wirtschaftsgüter (Sammelabschreibung) | B66: =GWGSammel!L36 -> 195.12
A67: ="Sammelabschreibung: MwSt aus " & A7 -> Sammelabschreibung: MwSt aus 2024 | C67: =GWGSammel!G36 -> 45.98
A68: Umsatzseuer | E68: ="siehe Tabellenblatt 'UmsatzSt': " & SUM(B69:B70) & "€" -> siehe Tabellenblatt 'UmsatzSt': 0€
A69: Umsatzsteuerzahlung an FA für Vorjahr | B69: =UmsatzSt!C15 -> 0
A70: Umsatzsteuerzahlungen an FA für laufendes Jahr | B70: =UmsatzSt!C35 -> 0
A72: Summen | B72: =SUM(B25:B71) -> 9912.97 | C72: =SUM(C25:C71) -> 161.31
A73: Summe der Betriebsausgaben | B73: =SUM(B72:C72) -> 10074.28 | E73: Die Summe der gezahlten Mwst. wird als "Gezahlte Vorsteuer" in das entsprechende Felder der Anlage EÜR geschrieben.
A75: =IF(B75>=0,"Gewinn","Verlust") -> Verlust | B75: =B20-B73 -> -465.24
A77: Für das gesamte Jahr zu zahlende Umsatzsteuer | C77: =C19-C72 -> 251.41
A78: Vorauszahlungssoll | C78: =- UmsatzSt!C44 -> 0
A79: Restliche Umsatzsteuer | C79: =SUM(C77:C78) -> 251.41
C80: =IF(C79<0,"(vom FA zu erstatten)","(an FA zu entrichten)") -> (an FA zu entrichten)
A82: Privat Einlagen | B82: =Einnahmen!I90 -> 2000
A83: Privat Entnahmen | B83: =Ausgaben!K121 -> 1000
A86: Steuern (geschätzt):
A88: Mein Grenzsteuersatz: | B88: 0.3 | E88: hier kann geändert werden.
E89: Bitte geben Siefür eine exaktere Schätzung
A90: Einkommensteuer ca. | B90: =B75*B88 -> -139.572 | E90: Ihren persönlichen Grenzsteuersatz ein!
B91: =IF(B90<0,"(vom FA zu erstatten)","(an FA abzuführen)") -> (vom FA zu erstatten) | E91: https://www.bmf-steuerrechner.de/
E93: Die exakte Höhe der Einkommensteuer ergibt sich aus dem zu versteuernden
E94: Einkommen der Person bzw. des Ehepaars.
E95: Die Einkommensteuer gehört nicht direkt zum Gewerbe, sondern zum Steuerzahler.
E96: Weder die jährliche Ekst-Zahlung noch die Vorauszahlungen zu ihr
E97: oder Einkommensteuererstattungen gehören daher in eine EÜR!

Sheet Einnahmen
A1: =Überschuss!A1 -> 0 | J1: =TODAY() -> 45521 | L1: Hilfe
A2: =Überschuss!A2 -> 0
A5: ="Betriebseinnahmen " & Überschuss!A7 -> Betriebseinnahmen 2024 | L5: Bitte tragen Sie den Werte entsprechend Ihrer Unterlagen ein.
C7: Umsätze 19% | E7: Umsätze mit 7% | G7: Umsätze mit 0%
A8: Datum | B8: Text | C8: Netto | D8: MwSt | E8: Netto | F8: MwSt | G8: Umsatz | H8: Brutto | I8: Privat- einlagen | J8: Beleg Nr.
D9: =ROUND(C9*$D$92,2) -> 0 | F9: =ROUND(E9*$F$92,2) -> 0 | H9: =SUM(C9:G9) -> 0
A10: 45320 | B10: Bank, Anja, Heide, Rg. W2401191 | C10: 24.2 | D10: =ROUND(C10*$D$92,2) -> 4.6 | F10: =ROUND(E10*$F$92,2) -> 0 | H10: =SUM(C10:G10) -> 28.8 | J10: eb1 | L10: jede Quittung (und ggf. der zugehörige
A11: 45320 | B11: Paypal, Marco Rzehak, Rg. 240102 | C11: 8.4 | D11: =ROUND(C11*$D$92,2) -> 1.6 | F11: =ROUND(E11*$F$92,2) -> 0 | H11: =SUM(C11:G11) -> 10 | J11: ep1 | L11: Kontoauszg) bekommt eine Belegnummer.
A12: 45327 | B12: Bank, Hagen&Hagen GbR | C12: 54.6 | D12: =ROUND(C12*$D$92,2) -> 10.37 | E12: 0 | F12: =ROUND(E12*$F$92,2) -> 0 | H12: =SUM(C12:G12) -> 64.97 | J12: eb2 | L12: Diese Nummern müssen hier auftauchen
A13: 45327 | B13: Bank, Café Fabric | C13: 187.8 | D13: =ROUND(C13*$D$92,2) -> 35.68 | E13: 0 | F13: =ROUND(E13*$F$92,2) -> 0 | H13: =SUM(C13:G13) -> 223.48 | J13: eb3
A14: 45334 | B14: Bank, Privateinlage | D14: =ROUND(C14*$D$92,2) -> 0 | F14: =ROUND(E14*$F$92,2) -> 0 | G14: 0 | H14: =SUM(C14:G14) -> 0 | I14: 1900 | J14: eb4
A15: 45335 | B15: Bank, Kredit Steffi Klingner | D15: =ROUND(C15*$D$92,2) -> 0 | F15: =ROUND(E15*$F$92,2) -> 0 | G15: 7000 | H15: =SUM(C15:G15) -> 7000 | I15: 0 | J15: eb5 | L15: In die gelben Felder wird eingegeben.
A16: 45336 | B16: Bank, Privateinlage | D16: =ROUND(C16*$D$92,2) -> 0 | F16: =ROUND(E16*$F$92,2) -> 0 | H16: =SUM(C16:G16) -> 0 | I16: 100 | J16: eb6 | L16: Gedruckt wird schwarz-weiß.
A17: 45338 | B17: Bank, Bielbl Handelsgesellschaft mbH, Rg. 240101 | C17: 239.4 | D17: =ROUND(C17*$D$92,2) -> 45.49 | F17: =ROUND(E17*$F$92,2) -> 0 | H17: =SUM(C17:G17) -> 284.89 | J17: eb7
A18: 45338 | B18: Paypal, Mirco Meyer, Rg. 240202 | C18: 45.38 | D18: =ROUND(C18*$D$92,2) -> 8.62 | F18: =ROUND(E18*$F$92,2) -> 0 | H18: =SUM(C18:G18) -> 54 | J18: ep2
A19: 45341 | B19: Bank, HSBA gGmbH, Rg 240201 | C19: 212.77 | D19: =ROUND(C19*$D$92,2) -> 40.43 | F19: =ROUND(E19*$F$92,2) -> 0 | H19: =SUM(C19:G19) -> 253.2 | J19: eb8 | L19: Die Mustereingaben können markiert
A20: 45347 | B20: Paypal, Jens Fischer, Rg. W2401192 | C20: 48.66 | D20: =ROUND(C20*$D$92,2) -> 9.25 | F20: =ROUND(E20*$F$92,2) -> 0 | H20: =SUM(C20:G20) -> 57.91 | J20: ep3 | L20: und gelöscht werden.
A21: 45349 | B21: Paypal, Testbestellungen | C21: 0 | D21: =ROUND(C21*$D$92,2) -> 0 | F21: =ROUND(E21*$F$92,2) -> 0 | G21: 24.4 | H21: =SUM(C21:G21) -> 24.4 | J21: ep4
A22: 45350 | B22: Bank, Hendrik Lorenz, Rg. 240293 | C22: 235.46 | D22: =ROUND(C22*$D$92,2) -> 44.74 | F22: =ROUND(E22*$F$92,2) -> 0 | H22: =SUM(C22:G22) -> 280.2 | J22: eb9 | L22: Bitte löschen Sie auch die Mustereingaben
A23: 45351 | B23: Paypal, Chris da Silva Oliveira Rg. W2402195 | C23: 11.26 | D23: =ROUND(C23*$D$92,2) -> 2.14 | F23: =ROUND(E23*$F$92,2) -> 0 | H23: =SUM(C23:G23) -> 13.4 | J23: ep5 | L23: in allen anderen Tabellen - auch den nicht von Ihnen benutzten.
A24: 45355 | B24: Paypal, Dirk Hartmann, Rg. 240301 | C24: 10.08 | D24: =ROUND(C24*$D$92,2) -> 1.92 | F24: =ROUND(E24*$F$92,2) -> 0 | H24: =SUM(C24:G24) -> 12 | J24: ep6
A25: 45363 | B25: Bank, Alexander Beutel, Rg. 240302 | C25: 32.77 | D25: =ROUND(C25*$D$92,2) -> 6.23 | F25: =ROUND(E25*$F$92,2) -> 0 | H25: =SUM(C25:G25) -> 39 | J25: eb10
A26: 45364 | B26: Kasse, Can Celikkol, Rg. 240303 | C26: 7.56 | D26: =ROUND(C26*$D$92,2) -> 1.44 | F26: =ROUND(E26*$F$92,2) -> 0 | H26: =SUM(C26:G26) -> 9 | J26: ek1 | L26: Diese Tabelle ist nur für Eingaben
A27: 45365 | B27: Paypal, Dirk Hartmann, Rg. 240304 | C27: 10.08 | D27: =ROUND(C27*$D$92,2) -> 1.92 | F27: =ROUND(E27*$F$92,2) -> 0 | H27: =SUM(C27:G27) -> 12 | J27: ep7 | L27: mit MwSt. gedacht.
A28: 45376 | B28: Bank, Café Fabric Rg. 240306 | C28: 261 | D28: =ROUND(C28*$D$92,2) -> 49.59 | F28: =ROUND(E28*$F$92,2) -> 0 | H28: =SUM(C28:G28) -> 310.59 | J28: eb11 | L28: Bei Eingaben ohne MwSt kommt es
A29: 45387 | B29: Bank, Hagen&Hagen GbR | C29: 217.74 | D29: =ROUND(C29*$D$92,2) -> 41.37 | F29: =ROUND(E29*$F$92,2) -> 0 | H29: =SUM(C29:G29) -> 259.11 | J29: eb12 | L29: zu falschen MwSt.-Werten in derTabelle
A30: 45389 | B30: Paypal, Klaus Kany, Rg. W2404196 | C30: 42.61 | D30: =ROUND(C30*$D$92,2) -> 8.1 | F30: =ROUND(E30*$F$92,2) -> 0 | H30: =SUM(C30:G30) -> 50.71 | J30: ep8 | L30: "UmsatzStVA"
A31: 45390 | B31: Bank, Die Speicherconsorten GmbH, Rg. 240307 | C31: 253.8 | D31: =ROUND(C31*$D$92,2) -> 48.22 | F31: =ROUND(E31*$F$92,2) -> 0 | H31: =SUM(C31:G31) -> 302.02 | J31: eb13
A32: 45399 | B32: Paypal, Dirk Hartmann, Rg. 240401 | C32: 5.04 | D32: =ROUND(C32*$D$92,2) -> 0.96 | F32: =ROUND(E32*$F$92,2) -> 0 | H32: =SUM(C32:G32) -> 6 | J32: ep9
A33: 45400 | B33: Kasse, Christina Beier, Rg 240404 | C33: 9.24 | D33: =ROUND(C33*$D$92,2) -> 1.76 | F33: =ROUND(E33*$F$92,2) -> 0 | H33: =SUM(C33:G33) -> 11 | J33: ek2
A34: 45400 | B34: Kasse, Can Celikkol, Rg. 240405 | C34: 7.56 | D34: =ROUND(C34*$D$92,2) -> 1.44 | F34: =ROUND(E34*$F$92,2) -> 0 | H34: =SUM(C34:G34) -> 9 | J34: ek3
A35: 45400 | B35: Kasse, Harry Bail, Rg. 240305 | C35: 4.5 | D35: =ROUND(C35*$D$92,2) -> 0.86 | F35: =ROUND(E35*$F$92,2) -> 0 | H35: =SUM(C35:G35) -> 5.36 | J35: ek4
A36: 45405 | B36: Bank, Alexander Beutel, Rg. 240402 | C36: 60.5 | D36: =ROUND(C36*$D$92,2) -> 11.5 | F36: =ROUND(E36*$F$92,2) -> 0 | H36: =SUM(C36:G36) -> 72 | J36: eb14
A37: 45407 | B37: Bank, Holger Gerhard, Rg. 240403 | C37: 181.51 | D37: =ROUND(C37*$D$92,2) -> 34.49 | F37: =ROUND(E37*$F$92,2) -> 0 | H37: =SUM(C37:G37) -> 216 | J37: eb15
D38: =ROUND(C38*$D$92,2) -> 0 | F38: =ROUND(E38*$F$92,2) -> 0 | H38: =SUM(C38:G38) -> 0
D39: =ROUND(C39*$D$92,2) -> 0 | F39: =ROUND(E39*$F$92,2) -> 0 | H39: =SUM(C39:G39) -> 0
D40: =ROUND(C40*$D$92,2) -> 0 | F40: =ROUND(E40*$F$92,2) -> 0 | H40: =SUM(C40:G40) -> 0
D41: =ROUND(C41*$D$92,2) -> 0 | F41: =ROUND(E41*$F$92,2) -> 0 | H41: =SUM(C41:G41) -> 0
D42: =ROUND(C42*$D$92,2) -> 0 | F42: =ROUND(E42*$F$92,2) -> 0 | H42: =SUM(C42:G42) -> 0
D43: =ROUND(C43*$D$92,2) -> 0 | F43: =ROUND(E43*$F$92,2) -> 0 | H43: =SUM(C43:G43) -> 0
D44: =ROUND(C44*$D$92,2) -> 0 | F44: =ROUND(E44*$F$92,2) -> 0 | H44: =SUM(C44:G44) -> 0
D45: =ROUND(C45*$D$92,2) -> 0 | F45: =ROUND(E45*$F$92,2) -> 0 | H45: =SUM(C45:G45) -> 0
D46: =ROUND(C46*$D$92,2) -> 0 | F46: =ROUND(E46*$F$92,2) -> 0 | H46: =SUM(C46:G46) -> 0
D47: =ROUND(C47*$D$92,2) -> 0 | F47: =ROUND(E47*$F$92,2) -> 0 | H47: =SUM(C47:G47) -> 0
D48: =ROUND(C48*$D$92,2) -> 0 | F48: =ROUND(E48*$F$92,2) -> 0 | H48: =SUM(C48:G48) -> 0
D49: =ROUND(C49*$D$92,2) -> 0 | F49: =ROUND(E49*$F$92,2) -> 0 | H49: =SUM(C49:G49) -> 0
... D88: =ROUND(C88*$D$92,2) -> 0 | F88: =ROUND(E88*$F$92,2) -> 0 | H88: =SUM(C88:G88) -> 0
L89: nur vor dieser Zeile neue Zeilen einfügen - nicht danach!
A90: Summe | B90: Betriebseinnahmen | C90: =SUM(C9:C89) -> 2171.92 | D90: =SUM(D9:D89) -> 412.72 | E90: =SUM(E9:E89) -> 0 | F90: =SUM(F9:F89) -> 0 | G90: =SUM(G9:G89) -> 7024.4 | H90: =SUM(H9:H89) -> 9609.04 | I90: =SUM(I9:I89) -> 2000 | L90: Diese Summen werden in die Tabelle Überschuss übertragen
C92: MwSt: | D92: 0.19 | F92: 0.07 | G92: 0
A94: =Überschuss!A7 -> 2024 | B94: Summen pro Monat und Quartal
B95: (Für die eigene Planung und ggf. für Ust_Voranmeldungen) | M95: =A94 -> 2024
M96: Kalenderwoche | P96: Umsätze
C97: =C7 -> Umsätze 19% | E97: =E7 -> Umsätze mit 7% | G97: =G7 -> Umsätze mit 0% | M97: KW | N97: Beginn | O97: Ende | P97: Brutto
C98: =C8 -> Netto | D98: =D8 -> MwSt | E98: =E8 -> Netto | F98: =F8 -> MwSt | G98: =G8 -> Umsatz | H98: =H8 -> Brutto | M98: 1 | N98: =DATE(M95,1,1) -> 45292 | O98: =N98+6 -> 45298 | P98: {=SUM(IF((ISNUMBER($A$9:$A$89))*($A$9:$A$89>=N98)*($A$9:$A$89<=O98)*ISNUMBER(H$9:H$89),H$9:H$89))} -> 0
B99: 1 | C99: {=SUM(IF((ISNUMBER($A$9:$A$90))*($A$9:$A$90>=DATE($A$94,$B99,1))*($A$9:$A$90<=DATE($A$94,$B99+1,0))*ISNUMBER(C$9:C$90),C$9:C$90))} -> 32.6 | D99: {=SUM(IF((ISNUMBER($A$9:$A$90))*($A$9:$A$90>=DATE($A$94,$B99,1))*($A$9:$A$90<=DATE($A$94,$B99+1,0))*ISNUMBER(D$9:D$90),D$9:D$90))} -> 6.2 | E99: {=SUM(IF((ISNUMBER($A$9:$A$90))*($A$9:$A$90>=DATE($A$94,$B99,1))*($A$9:$A$90<=DATE($A$94,$B99+1,0))*ISNUMBER(E$9:E$90),E$9:E$90))} -> 0 | F99: {=SUM(IF((ISNUMBER($A$9:$A$90))*($A$9:$A$90>=DATE($A$94,$B99,1))*($A$9:$A$90<=DATE($A$94,$B99+1,0))*ISNUMBER(F$9:F$90),F$9:F$90))} -> 0 | G99: {=SUM(IF((ISNUMBER($A$9:$A$90))*($A$9:$A$90>=DATE($A$94,$B99,1))*($A$9:$A$90<=DATE($A$94,$B99+1,0))*ISNUMBER(G$9:G$90),G$9:G$90))} -> 0 | H99: {=SUM(IF((ISNUMBER($A$9:$A$90))*($A$9:$A$90>=DATE($A$94,$B99,1))*($A$9:$A$90<=DATE($A$94,$B99+1,0))*ISNUMBER(H$9:H$90),H$9:H$90))} -> 38.8 | L99: Falls Sie sich etwas mehr über die hier verwendeten | M99: 2 | N99: =O98+1 -> 45299 | O99: =N99+6 -> 45305 | P99: {=SUM(IF((ISNUMBER($A$9:$A$89))*($A$9:$A$89>=N99)*($A$9:$A$89<=O99)*ISNUMBER(H$9:H$89),H$9:H$89))} -> 0
B100: 2 | C100: {=SUM(IF((ISNUMBER($A$9:$A$90))*($A$9:$A$90>=DATE($A$94,$B100,1))*($A$9:$A$90<=DATE($A$94,$B100+1,0))*ISNUMBER(C$9:C$90),C$9:C$90))} -> 1035.33 | D100: {=SUM(IF((ISNUMBER($A$9:$A$90))*($A$9:$A$90>=DATE($A$94,$B100,1))*($A$9:$A$90<=DATE($A$94,$B100+1,0))*ISNUMBER(D$9:D$90),D$9:D$90))} -> 196.72 | E100: {=SUM(IF((ISNUMBER($A$9:$A$90))*($A$9:$A$90>=DATE($A$94,$B100,1))*($A$9:$A$90<=DATE($A$94,$B100+1,0))*ISNUMBER(E$9:E$90),E$9:E$90))} -> 0 | F100: {=SUM(IF((ISNUMBER($A$9:$A$90))*($A$9:$A$90>=DATE($A$94,$B100,1))*($A$9:$A$90<=DATE($A$94,$B100+1,0))*ISNUMBER(F$9:F$90),F$9:F$90))} -> 0 | G100: {=SUM(IF((ISNUMBER($A$9:$A$90))*($A$9:$A$90>=DATE($A$94,$B100,1))*($A$9:$A$90<=DATE($A$94,$B100+1,0))*ISNUMBER(G$9:G$90),G$9:G$90))} -> 7024.4 | H100: {=SUM(IF((ISNUMBER($A$9:$A$90))*($A$9:$A$90>=DATE($A$94,$B100,1))*($A$9:$A$90<=DATE($A$94,$B100+1,0))*ISNUMBER(H$9:H$90),H$9:H$90))} -> 8256.45 | L100: Matrixfunktionen informieren möchten: | M100: 3 | N100: =O99+1 -> 45306 | O100: =N100+6 -> 45312 | P100: {=SUM(IF((ISNUMBER($A$9:$A$89))*($A$9:$A$89>=N100)*($A$9:$A$89<=O100)*ISNUMBER(H$9:H$89),H$9:H$89))} -> 0
B101: 3 | C101: {=SUM(IF((ISNUMBER($A$9:$A$90))*($A$9:$A$90>=DATE($A$94,$B101,1))*($A$9:$A$90<=DATE($A$94,$B101+1,0))*ISNUMBER(C$9:C$90),C$9:C$90))} -> 321.49 | D101: {=SUM(IF((ISNUMBER($A$9:$A$90))*($A$9:$A$90>=DATE($A$94,$B101,1))*($A$9:$A$90<=DATE($A$94,$B101+1,0))*ISNUMBER(D$9:D$90),D$9:D$90))} -> 61.1 | E101: {=SUM(IF((ISNUMBER($A$9:$A$90))*($A$9:$A$90>=DATE($A$94,$B101,1))*($A$9:$A$90<=DATE($A$94,$B101+1,0))*ISNUMBER(E$9:E$90),E$9:E$90))} -> 0 | F101: {=SUM(IF((ISNUMBER($A$9:$A$90))*($A$9:$A$90>=DATE($A$94,$B101,1))*($A$9:$A$90<=DATE($A$94,$B101+1,0))*ISNUMBER(F$9:F$90),F$9:F$90))} -> 0 | G101: {=SUM(IF((ISNUMBER($A$9:$A$90))*($A$9:$A$90>=DATE($A$94,$B101,1))*($A$9:$A$90<=DATE($A$94,$B101+1,0))*ISNUMBER(G$9:G$90),G$9:G$90))} -> 0 | H101: {=SUM(IF((ISNUMBER($A$9:$A$90))*($A$9:$A$90>=DATE($A$94,$B101,1))*($A$9:$A$90<=DATE($A$94,$B101+1,0))*ISNUMBER(H$9:H$90),H$9:H$90))} -> 382.59 | L101: http://www.online-excel.de/excel/singsel.php?f=26 | M101: 4 | N101: =O100+1 -> 45313 | O101: =N101+6 -> 45319 | P101: {=SUM(IF((ISNUMBER($A$9:$A$89))*($A$9:$A$89>=N101)*($A$9:$A$89<=O101)*ISNUMBER(H$9:H$89),H$9:H$89))} -> 0
B102: 1 | C102: =SUM(C99:C101) -> 1389.42 | D102: =SUM(D99:D101) -> 264.02 | E102: =SUM(E99:E101) -> 0 | F102: =SUM(F99:F101) -> 0 | G102: =SUM(G99:G101) -> 7024.4 | H102: =SUM(H99:H101) -> 8677.84 | M102: 5 | N102: =O101+1 -> 45320 | O102: =N102+6 -> 45326 | P102: {=SUM(IF((ISNUMBER($A$9:$A$89))*($A$9:$A$89>=N102)*($A$9:$A$89<=O102)*ISNUMBER(H$9:H$89),H$9:H$89))} -> 38.8
M103: 6 | N103: =O102+1 -> 45327 | O103: =N103+6 -> 45333 | P103: {=SUM(IF((ISNUMBER($A$9:$A$89))*($A$9:$A$89>=N103)*($A$9:$A$89<=O103)*ISNUMBER(H$9:H$89),H$9:H$89))} -> 288.45
B104: 4 | C104: {=SUM(IF((ISNUMBER($A$9:$A$90))*($A$9:$A$90>=DATE($A$94,$B104,1))*($A$9:$A$90<=DATE($A$94,$B104+1,0))*ISNUMBER(C$9:C$90),C$9:C$90))} -> 782.5 | D104: {=SUM(IF((ISNUMBER($A$9:$A$90))*($A$9:$A$90>=DATE($A$94,$B104,1))*($A$9:$A$90<=DATE($A$94,$B104+1,0))*ISNUMBER(D$9:D$90),D$9:D$90))} -> 148.7 | E104: {=SUM(IF((ISNUMBER($A$9:$A$90))*($A$9:$A$90>=DATE($A$94,$B104,1))*($A$9:$A$90<=DATE($A$94,$B104+1,0))*ISNUMBER(E$9:E$90),E$9:E$90))} -> 0 | F104: {=SUM(IF((ISNUMBER($A$9:$A$90))*($A$9:$A$90>=DATE($A$94,$B104,1))*($A$9:$A$90<=DATE($A$94,$B104+1,0))*ISNUMBER(F$9:F$90),F$9:F$90))} -> 0 | G104: {=SUM(IF((ISNUMBER($A$9:$A$90))*($A$9:$A$90>=DATE($A$94,$B104,1))*($A$9:$A$90<=DATE($A$94,$B104+1,0))*ISNUMBER(G$9:G$90),G$9:G$90))} -> 0 | H104: {=SUM(IF((ISNUMBER($A$9:$A$90))*($A$9:$A$90>=DATE($A$94,$B104,1))*($A$9:$A$90<=DATE($A$94,$B104+1,0))*ISNUMBER(H$9:H$90),H$9:H$90))} -> 931.2 | M104: 7 | N104: =O103+1 -> 45334 | O104: =N104+6 -> 45340 | P104: {=SUM(IF((ISNUMBER($A$9:$A$89))*($A$9:$A$89>=N104)*($A$9:$A$89<=O104)*ISNUMBER(H$9:H$89),H$9:H$89))} -> 7338.89
B105: 5 | C105: {=SUM(IF((ISNUMBER($A$9:$A$90))*($A$9:$A$90>=DATE($A$94,$B105,1))*($A$9:$A$90<=DATE($A$94,$B105+1,0))*ISNUMBER(C$9:C$90),C$9:C$90))} -> 0 | D105: {=SUM(IF((ISNUMBER($A$9:$A$90))*($A$9:$A$90>=DATE($A$94,$B105,1))*($A$9:$A$90<=DATE($A$94,$B105+1,0))*ISNUMBER(D$9:D$90),D$9:D$90))} -> 0 | E105: {=SUM(IF((ISNUMBER($A$9:$A$90))*($A$9:$A$90>=DATE($A$94,$B105,1))*($A$9:$A$90<=DATE($A$94,$B105+1,0))*ISNUMBER(E$9:E$90),E$9:E$90))} -> 0 | F105: {=SUM(IF((ISNUMBER($A$9:$A$90))*($A$9:$A$90>=DATE($A$94,$B105,1))*($A$9:$A$90<=DATE($A$94,$B105+1,0))*ISNUMBER(F$9:F$90),F$9:F$90))} -> 0 | G105: {=SUM(IF((ISNUMBER($A$9:$A$90))*($A$9:$A$90>=DATE($A$94,$B105,1))*($A$9:$A$90<=DATE($A$94,$B105+1,0))*ISNUMBER(G$9:G$90),G$9:G$90))} -> 0 | H105: {=SUM(IF((ISNUMBER($A$9:$A$90))*($A$9:$A$90>=DATE($A$94,$B105,1))*($A$9:$A$90<=DATE($A$94,$B105+1,0))*ISNUMBER(H$9:H$90),H$9:H$90))} -> 0 | M105: 8 | N105: =O104+1 -> 45341 | O105: =N105+6 -> 45347 | P105: {=SUM(IF((ISNUMBER($A$9:$A$89))*($A$9:$A$89>=N105)*($A$9:$A$89<=O105)*ISNUMBER(H$9:H$89),H$9:H$89))} -> 311.11
B106: 6 | C106: {=SUM(IF((ISNUMBER($A$9:$A$90))*($A$9:$A$90>=DATE($A$94,$B106,1))*($A$9:$A$90<=DATE($A$94,$B106+1,0))*ISNUMBER(C$9:C$90),C$9:C$90))} -> 0 | D106: {=SUM(IF((ISNUMBER($A$9:$A$90))*($A$9:$A$90>=DATE($A$94,$B106,1))*($A$9:$A$90<=DATE($A$94,$B106+1,0))*ISNUMBER(D$9:D$90),D$9:D$90))} -> 0 | E106: {=SUM(IF((ISNUMBER($A$9:$A$90))*($A$9:$A$90>=DATE($A$94,$B106,1))*($A$9:$A$90<=DATE($A$94,$B106+1,0))*ISNUMBER(E$9:E$90),E$9:E$90))} -> 0 | F106: {=SUM(IF((ISNUMBER($A$9:$A$90))*($A$9:$A$90>=DATE($A$94,$B106,1))*($A$9:$A$90<=DATE($A$94,$B106+1,0))*ISNUMBER(F$9:F$90),F$9:F$90))} -> 0 | G106: {=SUM(IF((ISNUMBER($A$9:$A$90))*($A$9:$A$90>=DATE($A$94,$B106,1))*($A$9:$A$90<=DATE($A$94,$B106+1,0))*ISNUMBER(G$9:G$90),G$9:G$90))} -> 0 | H106: {=SUM(IF((ISNUMBER($A$9:$A$90))*($A$9:$A$90>=DATE($A$94,$B106,1))*($A$9:$A$90<=DATE($A$94,$B106+1,0))*ISNUMBER(H$9:H$90),H$9:H$90))} -> 0 | M106: 9 | N106: =O105+1 -> 45348 | O106: =N106+6 -> 45354 | P106: {=SUM(IF((ISNUMBER($A$9:$A$89))*($A$9:$A$89>=N106)*($A$9:$A$89<=O106)*ISNUMBER(H$9:H$89),H$9:H$89))} -> 318
B107: 2 | C107: =SUM(C104:C106) -> 782.5 | D107: =SUM(D104:D106) -> 148.7 | E107: =SUM(E104:E106) -> 0 | F107: =SUM(F104:F106) -> 0 | G107: =SUM(G104:G106) -> 0 | H107: =SUM(H104:H106) -> 931.2 | M107: 10 | N107: =O106+1 -> 45355 | O107: =N107+6 -> 45361 | P107: {=SUM(IF((ISNUMBER($A$9:$A$89))*($A$9:$A$89>=N107)*($A$9:$A$89<=O107)*ISNUMBER(H$9:H$89),H$9:H$89))} -> 12
M108: 11 | N108: =O107+1 -> 45362 | O108: =N108+6 -> 45368 | P108: {=SUM(IF((ISNUMBER($A$9:$A$89))*($A$9:$A$89>=N108)*($A$9:$A$89<=O108)*ISNUMBER(H$9:H$89),H$9:H$89))} -> 60
B109: 7 | C109: {=SUM(IF((ISNUMBER($A$9:$A$90))*($A$9:$A$90>=DATE($A$94,$B109,1))*($A$9:$A$90<=DATE($A$94,$B109+1,0))*ISNUMBER(C$9:C$90),C$9:C$90))} -> 0 | D109: {=SUM(IF((ISNUMBER($A$9:$A$90))*($A$9:$A$90>=DATE($A$94,$B109,1))*($A$9:$A$90<=DATE($A$94,$B109+1,0))*ISNUMBER(D$9:D$90),D$9:D$90))} -> 0 | E109: {=SUM(IF((ISNUMBER($A$9:$A$90))*($A$9:$A$90>=DATE($A$94,$B109,1))*($A$9:$A$90<=DATE($A$94,$B109+1,0))*ISNUMBER(E$9:E$90),E$9:E$90))} -> 0 | F109: {=SUM(IF((ISNUMBER($A$9:$A$90))*($A$9:$A$90>=DATE($A$94,$B109,1))*($A$9:$A$90<=DATE($A$94,$B109+1,0))*ISNUMBER(F$9:F$90),F$9:F$90))} -> 0 | G109: {=SUM(IF((ISNUMBER($A$9:$A$90))*($A$9:$A$90>=DATE($A$94,$B109,1))*($A$9:$A$90<=DATE($A$94,$B109+1,0))*ISNUMBER(G$9:G$90),G$9:G$90))} -> 0 | H109: {=SUM(IF((ISNUMBER($A$9:$A$90))*($A$9:$A$90>=DATE($A$94,$B109,1))*($A$9:$A$90<=DATE($A$94,$B109+1,0))*ISNUMBER(H$9:H$90),H$9:H$90))} -> 0 | M109: 12 | N109: =O108+1 -> 45369 | O109: =N109+6 -> 45375 | P109: {=SUM(IF((ISNUMBER($A$9:$A$89))*($A$9:$A$89>=N109)*($A$9:$A$89<=O109)*ISNUMBER(H$9:H$89),H$9:H$89))} -> 0
B110: 8 | C110: {=SUM(IF((ISNUMBER($A$9:$A$90))*($A$9:$A$90>=DATE($A$94,$B110,1))*($A$9:$A$90<=DATE($A$94,$B110+1,0))*ISNUMBER(C$9:C$90),C$9:C$90))} -> 0 | D110: {=SUM(IF((ISNUMBER($A$9:$A$90))*($A$9:$A$90>=DATE($A$94,$B110,1))*($A$9:$A$90<=DATE($A$94,$B110+1,0))*ISNUMBER(D$9:D$90),D$9:D$90))} -> 0 | E110: {=SUM(IF((ISNUMBER($A$9:$A$90))*($A$9:$A$90>=DATE($A$94,$B110,1))*($A$9:$A$90<=DATE($A$94,$B110+1,0))*ISNUMBER(E$9:E$90),E$9:E$90))} -> 0 | F110: {=SUM(IF((ISNUMBER($A$9:$A$90))*($A$9:$A$90>=DATE($A$94,$B110,1))*($A$9:$A$90<=DATE($A$94,$B110+1,0))*ISNUMBER(F$9:F$90),F$9:F$90))} -> 0 | G110: {=SUM(IF((ISNUMBER($A$9:$A$90))*($A$9:$A$90>=DATE($A$94,$B110,1))*($A$9:$A$90<=DATE($A$94,$B110+1,0))*ISNUMBER(G$9:G$90),G$9:G$90))} -> 0 | H110: {=SUM(IF((ISNUMBER($A$9:$A$90))*($A$9:$A$90>=DATE($A$94,$B110,1))*($A$9:$A$90<=DATE($A$94,$B110+1,0))*ISNUMBER(H$9:H$90),H$9:H$90))} -> 0 | M110: 13 | N110: =O109+1 -> 45376 | O110: =N110+6 -> 45382 | P110: {=SUM(IF((ISNUMBER($A$9:$A$89))*($A$9:$A$89>=N110)*($A$9:$A$89<=O110)*ISNUMBER(H$9:H$89),H$9:H$89))} -> 310.59
B111: 9 | C111: {=SUM(IF((ISNUMBER($A$9:$A$90))*($A$9:$A$90>=DATE($A$94,$B111,1))*($A$9:$A$90<=DATE($A$94,$B111+1,0))*ISNUMBER(C$9:C$90),C$9:C$90))} -> 0 | D111: {=SUM(IF((ISNUMBER($A$9:$A$90))*($A$9:$A$90>=DATE($A$94,$B111,1))*($A$9:$A$90<=DATE($A$94,$B111+1,0))*ISNUMBER(D$9:D$90),D$9:D$90))} -> 0 | E111: {=SUM(IF((ISNUMBER($A$9:$A$90))*($A$9:$A$90>=DATE($A$94,$B111,1))*($A$9:$A$90<=DATE($A$94,$B111+1,0))*ISNUMBER(E$9:E$90),E$9:E$90))} -> 0 | F111: {=SUM(IF((ISNUMBER($A$9:$A$90))*($A$9:$A$90>=DATE($A$94,$B111,1))*($A$9:$A$90<=DATE($A$94,$B111+1,0))*ISNUMBER(F$9:F$90),F$9:F$90))} -> 0 | G111: {=SUM(IF((ISNUMBER($A$9:$A$90))*($A$9:$A$90>=DATE($A$94,$B111,1))*($A$9:$A$90<=DATE($A$94,$B111+1,0))*ISNUMBER(G$9:G$90),G$9:G$90))} -> 0 | H111: {=SUM(IF((ISNUMBER($A$9:$A$90))*($A$9:$A$90>=DATE($A$94,$B111,1))*($A$9:$A$90<=DATE($A$94,$B111+1,0))*ISNUMBER(H$9:H$90),H$9:H$90))} -> 0 | M111: 14 | N111: =O110+1 -> 45383 | O111: =N111+6 -> 45389 | P111: {=SUM(IF((ISNUMBER($A$9:$A$89))*($A$9:$A$89>=N111)*($A$9:$A$89<=O111)*ISNUMBER(H$9:H$89),H$9:H$89))} -> 309.82
B112: 3 | C112: =SUM(C109:C111) -> 0 | D112: =SUM(D109:D111) -> 0 | E112: =SUM(E109:E111) -> 0 | F112: =SUM(F109:F111) -> 0 | G112: =SUM(G109:G111) -> 0 | H112: =SUM(H109:H111) -> 0 | M112: 15 | N112: =O111+1 -> 45390 | O112: =N112+6 -> 45396 | P112: {=SUM(IF((ISNUMBER($A$9:$A$89))*($A$9:$A$89>=N112)*($A$9:$A$89<=O112)*ISNUMBER(H$9:H$89),H$9:H$89))} -> 302.02
M113: 16 | N113: =O112+1 -> 45397 | O113: =N113+6 -> 45403 | P113: {=SUM(IF((ISNUMBER($A$9:$A$89))*($A$9:$A$89>=N113)*($A$9:$A$89<=O113)*ISNUMBER(H$9:H$89),H$9:H$89))} -> 31.36
B114: 10 | C114: {=SUM(IF((ISNUMBER($A$9:$A$90))*($A$9:$A$90>=DATE($A$94,$B114,1))*($A$9:$A$90<=DATE($A$94,$B114+1,0))*ISNUMBER(C$9:C$90),C$9:C$90))} -> 0 | D114: {=SUM(IF((ISNUMBER($A$9:$A$90))*($A$9:$A$90>=DATE($A$94,$B114,1))*($A$9:$A$90<=DATE($A$94,$B114+1,0))*ISNUMBER(D$9:D$90),D$9:D$90))} -> 0 | E114: {=SUM(IF((ISNUMBER($A$9:$A$90))*($A$9:$A$90>=DATE($A$94,$B114,1))*($A$9:$A$90<=DATE($A$94,$B114+1,0))*ISNUMBER(E$9:E$90),E$9:E$90))} -> 0 | F114: {=SUM(IF((ISNUMBER($A$9:$A$90))*($A$9:$A$90>=DATE($A$94,$B114,1))*($A$9:$A$90<=DATE($A$94,$B114+1,0))*ISNUMBER(F$9:F$90),F$9:F$90))} -> 0 | G114: {=SUM(IF((ISNUMBER($A$9:$A$90))*($A$9:$A$90>=DATE($A$94,$B114,1))*($A$9:$A$90<=DATE($A$94,$B114+1,0))*ISNUMBER(G$9:G$90),G$9:G$90))} -> 0 | H114: {=SUM(IF((ISNUMBER($A$9:$A$90))*($A$9:$A$90>=DATE($A$94,$B114,1))*($A$9:$A$90<=DATE($A$94,$B114+1,0))*ISNUMBER(H$9:H$90),H$9:H$90))} -> 0 | M114: 17 | N114: =O113+1 -> 45404 | O114: =N114+6 -> 45410 | P114: {=SUM(IF((ISNUMBER($A$9:$A$89))*($A$9:$A$89>=N114)*($A$9:$A$89<=O114)*ISNUMBER(H$9:H$89),H$9:H$89))} -> 288
B115: 11 | C115: {=SUM(IF((ISNUMBER($A$9:$A$90))*($A$9:$A$90>=DATE($A$94,$B115,1))*($A$9:$A$90<=DATE($A$94,$B115+1,0))*ISNUMBER(C$9:C$90),C$9:C$90))} -> 0 | D115: {=SUM(IF((ISNUMBER($A$9:$A$90))*($A$9:$A$90>=DATE($A$94,$B115,1))*($A$9:$A$90<=DATE($A$94,$B115+1,0))*ISNUMBER(D$9:D$90),D$9:D$90))} -> 0 | E115: {=SUM(IF((ISNUMBER($A$9:$A$90))*($A$9:$A$90>=DATE($A$94,$B115,1))*($A$9:$A$90<=DATE($A$94,$B115+1,0))*ISNUMBER(E$9:E$90),E$9:E$90))} -> 0 | F115: {=SUM(IF((ISNUMBER($A$9:$A$90))*($A$9:$A$90>=DATE($A$94,$B115,1))*($A$9:$A$90<=DATE($A$94,$B115+1,0))*ISNUMBER(F$9:F$90),F$9:F$90))} -> 0 | G115: {=SUM(IF((ISNUMBER($A$9:$A$90))*($A$9:$A$90>=DATE($A$94,$B115,1))*($A$9:$A$90<=DATE($A$94,$B115+1,0))*ISNUMBER(G$9:G$90),G$9:G$90))} -> 0 | H115: {=SUM(IF((ISNUMBER($A$9:$A$90))*($A$9:$A$90>=DATE($A$94,$B115,1))*($A$9:$A$90<=DATE($A$94,$B115+1,0))*ISNUMBER(H$9:H$90),H$9:H$90))} -> 0 | M115: 18 | N115: =O114+1 -> 45411 | O115: =N115+6 -> 45417 | P115: {=SUM(IF((ISNUMBER($A$9:$A$89))*($A$9:$A$89>=N115)*($A$9:$A$89<=O115)*ISNUMBER(H$9:H$89),H$9:H$89))} -> 0
B116: 12 | C116: {=SUM(IF((ISNUMBER($A$9:$A$90))*($A$9:$A$90>=DATE($A$94,$B116,1))*($A$9:$A$90<=DATE($A$94,$B116+1,0))*ISNUMBER(C$9:C$90),C$9:C$90))} -> 0 | D116: {=SUM(IF((ISNUMBER($A$9:$A$90))*($A$9:$A$90>=DATE($A$94,$B116,1))*($A$9:$A$90<=DATE($A$94,$B116+1,0))*ISNUMBER(D$9:D$90),D$9:D$90))} -> 0 | E116: {=SUM(IF((ISNUMBER($A$9:$A$90))*($A$9:$A$90>=DATE($A$94,$B116,1))*($A$9:$A$90<=DATE($A$94,$B116+1,0))*ISNUMBER(E$9:E$90),E$9:E$90))} -> 0 | F116: {=SUM(IF((ISNUMBER($A$9:$A$90))*($A$9:$A$90>=DATE($A$94,$B116,1))*($A$9:$A$90<=DATE($A$94,$B116+1,0))*ISNUMBER(F$9:F$90),F$9:F$90))} -> 0 | G116: {=SUM(IF((ISNUMBER($A$9:$A$90))*($A$9:$A$90>=DATE($A$94,$B116,1))*($A$9:$A$90<=DATE($A$94,$B116+1,0))*ISNUMBER(G$9:G$90),G$9:G$90))} -> 0 | H116: {=SUM(IF((ISNUMBER($A$9:$A$90))*($A$9:$A$90>=DATE($A$94,$B116,1))*($A$9:$A$90<=DATE($A$94,$B116+1,0))*ISNUMBER(H$9:H$90),H$9:H$90))} -> 0 | M116: 19 | N116: =O115+1 -> 45418 | O116: =N116+6 -> 45424 | P116: {=SUM(IF((ISNUMBER($A$9:$A$89))*($A$9:$A$89>=N116)*($A$9:$A$89<=O116)*ISNUMBER(H$9:H$89),H$9:H$89))} -> 0
B117: 4 | C117: =SUM(C114:C116) -> 0 | D117: =SUM(D114:D116) -> 0 | E117: =SUM(E114:E116) -> 0 | F117: =SUM(F114:F116) -> 0 | G117: =SUM(G114:G116) -> 0 | H117: =SUM(H114:H116) -> 0 | M117: 20 | N117: =O116+1 -> 45425 | O117: =N117+6 -> 45431 | P117: {=SUM(IF((ISNUMBER($A$9:$A$89))*($A$9:$A$89>=N117)*($A$9:$A$89<=O117)*ISNUMBER(H$9:H$89),H$9:H$89))} -> 0
M118: 21 | N118: =O117+1 -> 45432 | O118: =N118+6 -> 45438 | P118: {=SUM(IF((ISNUMBER($A$9:$A$89))*($A$9:$A$89>=N118)*($A$9:$A$89<=O118)*ISNUMBER(H$9:H$89),H$9:H$89))} -> 0
B119: Beträge, die keinem Zeitraum zugeordnet werden können | C119: {=SUM(IF(NOT(ISNUMBER($A$9:$A$90)) * (TRIM($A$9:$A$90)<>"Summe")*ISNUMBER(C$9:C$90),C$9:C$90))} -> 0 | D119: {=SUM(IF(NOT(ISNUMBER($A$9:$A$90)) * (TRIM($A$9:$A$90)<>"Summe")*ISNUMBER(D$9:D$90),D$9:D$90))} -> 0 | E119: {=SUM(IF(NOT(ISNUMBER($A$9:$A$90)) * (TRIM($A$9:$A$90)<>"Summe")*ISNUMBER(E$9:E$90),E$9:E$90))} -> 0 | F119: {=SUM(IF(NOT(ISNUMBER($A$9:$A$90)) * (TRIM($A$9:$A$90)<>"Summe")*ISNUMBER(F$9:F$90),F$9:F$90))} -> 0 | G119: {=SUM(IF(NOT(ISNUMBER($A$9:$A$90)) * (TRIM($A$9:$A$90)<>"Summe")*ISNUMBER(G$9:G$90),G$9:G$90))} -> 0 | H119: {=SUM(IF(NOT(ISNUMBER($A$9:$A$90)) * (TRIM($A$9:$A$90)<>"Summe")*ISNUMBER(H$9:H$90),H$9:H$90))} -> 0 | J119: Achtung: Hier dürfen, keine Werte stehen! (Datum prüfen) | M119: 22 | N119: =O118+1 -> 45439 | O119: =N119+6 -> 45445 | P119: {=SUM(IF((ISNUMBER($A$9:$A$89))*($A$9:$A$89>=N119)*($A$9:$A$89<=O119)*ISNUMBER(H$9:H$89),H$9:H$89))} -> 0
B120: Summe (Kontrolle) | C120: =C102+C107+C112+C117+C119 -> 2171.92 | D120: =D102+D107+D112+D117+D119 -> 412.72 | E120: =E102+E107+E112+E117+E119 -> 0 | F120: =F102+F107+F112+F117+F119 -> 0 | G120: =G102+G107+G112+G117+G119 -> 7024.4 | H120: =H102+H107+H112+H117+H119 -> 9609.04 | M120: 23 | N120: =O119+1 -> 45446 | O120: =N120+6 -> 45452 | P120: {=SUM(IF((ISNUMBER($A$9:$A$89))*($A$9:$A$89>=N120)*($A$9:$A$89<=O120)*ISNUMBER(H$9:H$89),H$9:H$89))} -> 0
M121: 24 | N121: =O120+1 -> 45453 | O121: =N121+6 -> 45459 | P121: {=SUM(IF((ISNUMBER($A$9:$A$89))*($A$9:$A$89>=N121)*($A$9:$A$89<=O121)*ISNUMBER(H$9:H$89),H$9:H$89))} -> 0
M122: 25 | N122: =O121+1 -> 45460 | O122: =N122+6 -> 45466 | P122: {=SUM(IF((ISNUMBER($A$9:$A$89))*($A$9:$A$89>=N122)*($A$9:$A$89<=O122)*ISNUMBER(H$9:H$89),H$9:H$89))} -> 0
M123: 26 | N123: =O122+1 -> 45467 | O123: =N123+6 -> 45473 | P123: {=SUM(IF((ISNUMBER($A$9:$A$89))*($A$9:$A$89>=N123)*($A$9:$A$89<=O123)*ISNUMBER(H$9:H$89),H$9:H$89))} -> 0
M124: 27 | N124: =O123+1 -> 45474 | O124: =N124+6 -> 45480 | P124: {=SUM(IF((ISNUMBER($A$9:$A$89))*($A$9:$A$89>=N124)*($A$9:$A$89<=O124)*ISNUMBER(H$9:H$89),H$9:H$89))} -> 0
M125: 28 | N125: =O124+1 -> 45481 | O125: =N125+6 -> 45487 | P125: {=SUM(IF((ISNUMBER($A$9:$A$89))*($A$9:$A$89>=N125)*($A$9:$A$89<=O125)*ISNUMBER(H$9:H$89),H$9:H$89))} -> 0
M126: 29 | N126: =O125+1 -> 45488 | O126: =N126+6 -> 45494 | P126: {=SUM(IF((ISNUMBER($A$9:$A$89))*($A$9:$A$89>=N126)*($A$9:$A$89<=O126)*ISNUMBER(H$9:H$89),H$9:H$89))} -> 0
M127: 30 | N127: =O126+1 -> 45495 | O127: =N127+6 -> 45501 | P127: {=SUM(IF((ISNUMBER($A$9:$A$89))*($A$9:$A$89>=N127)*($A$9:$A$89<=O127)*ISNUMBER(H$9:H$89),H$9:H$89))} -> 0
M128: 31 | N128: =O127+1 -> 45502 | O128: =N128+6 -> 45508 | P128: {=SUM(IF((ISNUMBER($A$9:$A$89))*($A$9:$A$89>=N128)*($A$9:$A$89<=O128)*ISNUMBER(H$9:H$89),H$9:H$89))} -> 0
M129: 32 | N129: =O128+1 -> 45509 | O129: =N129+6 -> 45515 | P129: {=SUM(IF((ISNUMBER($A$9:$A$89))*($A$9:$A$89>=N129)*($A$9:$A$89<=O129)*ISNUMBER(H$9:H$89),H$9:H$89))} -> 0
M130: 33 | N130: =O129+1 -> 45516 | O130: =N130+6 -> 45522 | P130: {=SUM(IF((ISNUMBER($A$9:$A$89))*($A$9:$A$89>=N130)*($A$9:$A$89<=O130)*ISNUMBER(H$9:H$89),H$9:H$89))} -> 0
M131: 34 | N131: =O130+1 -> 45523 | O131: =N131+6 -> 45529 | P131: {=SUM(IF((ISNUMBER($A$9:$A$89))*($A$9:$A$89>=N131)*($A$9:$A$89<=O131)*ISNUMBER(H$9:H$89),H$9:H$89))} -> 0
M132: 35 | N132: =O131+1 -> 45530 | O132: =N132+6 -> 45536 | P132: {=SUM(IF((ISNUMBER($A$9:$A$89))*($A$9:$A$89>=N132)*($A$9:$A$89<=O132)*ISNUMBER(H$9:H$89),H$9:H$89))} -> 0
... M150: 53 | N150: =O149+1 -> 45656 | O150: =N150+6 -> 45662 | P150: {=SUM(IF((ISNUMBER($A$9:$A$89))*($A$9:$A$89>=N150)*($A$9:$A$89<=O150)*ISNUMBER(H$9:H$89),H$9:H$89))} -> 0
O151: Summe (Kontrolle) | P151: =SUM(P98:P150) -> 9609.04

Sheet Ausgaben
A1: =Überschuss!A1 -> 0 | C1: =Überschuss!C1 -> 45521 | N1: Hilfe
A2: =Überschuss!A2 -> 0
A5: ="Ausgaben " & Überschuss!A7 -> Ausgaben 2024
A7: Datum | B7: Text | C7: Art | D7: Ausgaben | K7: Privat Entnahmen | L7: Beleg
D8: Brutto | G8: MwSt. | H8: Netto | J8: MwSt | L8: Nr. | N8: In die gelben Felder wird eingegeben.
D9: lt. Bon | E9: Faktor | F9: bereinigt | G9: % | H9: lt. Bon | I9: bereinigt | N9: Gedruckt wird schwarz-weiß.
E10: 1 | F10: =ROUND(D10*E10,2) -> 0 | G10: 0.19 | H10: =ROUND(D10/(1+G10),2) -> 0 | I10: =ROUND(H10*E10,2) -> 0 | J10: =IF(C10="B",D10-H10,F10-I10) -> 0
A11: 45296 | B11: Bank, bitplex GmbH, Hosting | C11: Wr | D11: 17.73 | E11: 1 | F11: 17.73 | G11: 0.19 | H11: =ROUND(D11/(1+G11),2) -> 14.9 | I11: =ROUND(H11*E11,2) -> 14.9 | J11: =IF(C11="B",D11-H11,F11-I11) -> 2.83 | L11: ab1
A12: 45299 | B12: Bank, Vodafone Mobilfunk | C12: Tk | D12: 15 | E12: 1 | F12: =ROUND(D12*E12,2) -> 15 | G12: 0.19 | H12: =ROUND(D12/(1+G12),2) -> 12.61 | I12: =ROUND(H12*E12,2) -> 12.61 | J12: =IF(C12="B",D12-H12,F12-I12) -> 2.39 | L12: ab2
A13: 45299 | B13: Bank, Vodafone Mobilfunk | C13: Tk | D13: 20 | E13: 1 | F13: =ROUND(D13*E13,2) -> 20 | G13: 0.19 | H13: =ROUND(D13/(1+G13),2) -> 16.81 | I13: =ROUND(H13*E13,2) -> 16.81 | J13: =IF(C13="B",D13-H13,F13-I13) -> 3.19 | L13: ab3 | N13: Bei anteiligen Ausgaben für das Gewerbe wird der "Faktor" von "100,00%" z. B. auf "50%" reduziert.
A14: 45299 | B14: Bank, Vodafone Mobilfunk | C14: Tk | D14: 50 | E14: 1 | F14: =ROUND(D14*E14,2) -> 50 | G14: 0.19 | H14: =ROUND(D14/(1+G14),2) -> 42.02 | I14: =ROUND(H14*E14,2) -> 42.02 | J14: =IF(C14="B",D14-H14,F14-I14) -> 7.98 | L14: ab4
A15: 45299 | B15: Bank, Vodafone Mobilfunk | C15: Tk | D15: 5 | E15: 1 | F15: =ROUND(D15*E15,2) -> 5 | G15: 0.19 | H15: =ROUND(D15/(1+G15),2) -> 4.2 | I15: =ROUND(H15*E15,2) -> 4.2 | J15: =IF(C15="B",D15-H15,F15-I15) -> 0.8 | L15: ab5
A16: 45299 | B16: Kasse, Galeria, Versandtaschen | C16: Arb | D16: 2.99 | E16: 1 | F16: =ROUND(D16*E16,2) -> 2.99 | G16: 0.19 | H16: =ROUND(D16/(1+G16),2) -> 2.51 | I16: =ROUND(H16*E16,2) -> 2.51 | J16: =IF(C16="B",D16-H16,F16-I16) -> 0.48 | L16: ak1
A17: 45306 | B17: Bank, Telefonica GmbH/Telefon, Internet 50% | C17: Tk | D17: 32.98 | E17: 0.5 | F17: =ROUND(D17*E17,2) -> 16.49 | G17: 0.19 | H17: =ROUND(D17/(1+G17),2) -> 27.71 | I17: =ROUND(H17*E17,2) -> 13.86 | J17: =IF(C17="B",D17-H17,F17-I17) -> 2.63 | L17: ab6 | N17: (Bewirtungskosten: netto nur zu 70% ansetzbar, die MwSt zu 100%)
A18: 45309 | B18: Bank, Stadt Land Frucht GmbH, Lagermiete | C18: Rm | D18: 95.2 | E18: 1 | F18: =ROUND(D18*E18,2) -> 95.2 | G18: 0.19 | H18: =ROUND(D18/(1+G18),2) -> 80 | I18: =ROUND(H18*E18,2) -> 80 | J18: =IF(C18="B",D18-H18,F18-I18) -> 15.2 | L18: ab7
A19: 45320 | B19: Paypal, Gebühr | C19: L | D19: 0.6 | E19: 1 | F19: =ROUND(D19*E19,2) -> 0.6 | G19: 0 | H19: =ROUND(D19/(1+G19),2) -> 0.6 | I19: =ROUND(H19*E19,2) -> 0.6 | J19: =IF(C19="B",D19-H19,F19-I19) -> 0 | L19: ap1
A20: 45322 | B20: Bank, Verdi, Beitrag | C20: Beitr | D20: 4.9 | E20: 1 | F20: =ROUND(D20*E20,2) -> 4.9 | G20: 0 | H20: =ROUND(D20/(1+G20),2) -> 4.9 | I20: =ROUND(H20*E20,2) -> 4.9 | J20: =IF(C20="B",D20-H20,F20-I20) -> 0 | L20: ab8
A21: 45322 | B21: Bank, Commerzbank Kontoführung | C21: L | D21: 7.9 | E21: 1 | F21: =ROUND(D21*E21,2) -> 7.9 | G21: 0 | H21: =ROUND(D21/(1+G21),2) -> 7.9 | I21: =ROUND(H21*E21,2) -> 7.9 | J21: =IF(C21="B",D21-H21,F21-I21) -> 0 | L21: ab9 | N21: Die Mustereingaben können markiert
A22: 45323 | B22: Bank, Hostpress GmbH, Hosting | C22: Wr | D22: 17.73 | E22: 1 | F22: =ROUND(D22*E22,2) -> 17.73 | G22: 0.19 | H22: =ROUND(D22/(1+G22),2) -> 14.9 | I22: =ROUND(H22*E22,2) -> 14.9 | J22: =IF(C22="B",D22-H22,F22-I22) -> 2.83 | L22: ab10 | N22: und gelöscht werden.
A23: 45327 | B23: Bank, Privatentnahme | E23: 1 | F23: =ROUND(D23*E23,2) -> 0 | G23: 0.19 | H23: =ROUND(D23/(1+G23),2) -> 0 | I23: =ROUND(H23*E23,2) -> 0 | J23: =IF(C23="B",D23-H23,F23-I23) -> 0 | K23: 100 | L23: ab11 | N23: Bitte löschen Sie auch die Mustereingaben
A24: 45327 | B24: Bank,Privatentnahme | E24: 1 | F24: =ROUND(D24*E24,2) -> 0 | G24: 0.19 | H24: =ROUND(D24/(1+G24),2) -> 0 | I24: =ROUND(H24*E24,2) -> 0 | J24: =IF(C24="B",D24-H24,F24-I24) -> 0 | K24: 400 | L24: ab12 | N24: in allen anderen Tabellen - auch den nicht von Ihnen benutzten.
A25: 45335 | B25: Bank, UPS Versand | C25: Verp | D25: 7.69 | E25: 1 | F25: =ROUND(D25*E25,2) -> 7.69 | G25: 0.19 | H25: =ROUND(D25/(1+G25),2) -> 6.46 | I25: =ROUND(H25*E25,2) -> 6.46 | J25: =IF(C25="B",D25-H25,F25-I25) -> 1.23 | L25: ab13
A26: 45335 | B26: Bank, Rückzahlung Corona Soforthilfe | C26: Ü | D26: 9000 | E26: 1 | F26: =ROUND(D26*E26,2) -> 9000 | G26: 0 | H26: =ROUND(D26/(1+G26),2) -> 9000 | I26: =ROUND(H26*E26,2) -> 9000 | J26: =IF(C26="B",D26-H26,F26-I26) -> 0 | L26: ab14
A27: 45337 | B27: Bank, Telefonica GmbH/Telefon, Internet 50% | C27: Tk | D27: 32.98 | E27: 0.5 | F27: =ROUND(D27*E27,2) -> 16.49 | G27: 0.19 | H27: =ROUND(D27/(1+G27),2) -> 27.71 | I27: =ROUND(H27*E27,2) -> 13.86 | J27: =IF(C27="B",D27-H27,F27-I27) -> 2.63 | L27: ab15
A28: 45338 | B28: Paypal, Gebühr | C28: L | D28: 1.69 | E28: 1 | F28: =ROUND(D28*E28,2) -> 1.69 | G28: 0 | H28: =ROUND(D28/(1+G28),2) -> 1.69 | I28: =ROUND(H28*E28,2) -> 1.69 | J28: =IF(C28="B",D28-H28,F28-I28) -> 0 | L28: ap2 | N28: Die möglichen Eingaben
A29: 45341 | B29: Kasse, Müller, Collgegeblock | C29: Arb | D29: 2.49 | E29: 1 | F29: =ROUND(D29*E29,2) -> 2.49 | G29: 0.19 | H29: =ROUND(D29/(1+G29),2) -> 2.09 | I29: =ROUND(H29*E29,2) -> 2.09 | J29: =IF(C29="B",D29-H29,F29-I29) -> 0.4 | L29: ak2 | N29: für die Spalte "Art" sind unten
A30: 45347 | B30: Paypal, Gebühr | C30: L | D30: 2.12 | E30: 1 | F30: =ROUND(D30*E30,2) -> 2.12 | G30: 0 | H30: =ROUND(D30/(1+G30),2) -> 2.12 | I30: =ROUND(H30*E30,2) -> 2.12 | J30: =IF(C30="B",D30-H30,F30-I30) -> 0 | L30: ap3 | N30: aufgelistet.
A31: 45348 | B31: Paypal, vendidero GmbH, Germanized Pro Liizenz | C31: Wr | D31: 59 | E31: 1 | F31: =ROUND(D31*E31,2) -> 59 | G31: 0.19 | H31: =ROUND(D31/(1+G31),2) -> 49.58 | I31: =ROUND(H31*E31,2) -> 49.58 | J31: =IF(C31="B",D31-H31,F31-I31) -> 9.42 | L31: ap4
A32: 45349 | B32: Paypal, Gebühren | C32: L | D32: 1.5 | E32: 1 | F32: =ROUND(D32*E32,2) -> 1.5 | G32: 0 | H32: =ROUND(D32/(1+G32),2) -> 1.5 | I32: =ROUND(H32*E32,2) -> 1.5 | J32: =IF(C32="B",D32-H32,F32-I32) -> 0 | L32: ap5
A33: 45348 | B33: Bank,Commerzbank, Kreditkarte, Gebühr | C33: L | D33: 39.9 | E33: 1 | F33: =ROUND(D33*E33,2) -> 39.9 | G33: 0 | H33: =ROUND(D33/(1+G33),2) -> 39.9 | I33: =ROUND(H33*E33,2) -> 39.9 | J33: =IF(C33="B",D33-H33,F33-I33) -> 0 | L33: ab16
A34: 45351 | B34: Bank, Verdi, Beitrag | C34: Beitr | D34: 4.9 | E34: 1 | F34: =ROUND(D34*E34,2) -> 4.9 | G34: 0 | H34: =ROUND(D34/(1+G34),2) -> 4.9 | I34: =ROUND(H34*E34,2) -> 4.9 | J34: =IF(C34="B",D34-H34,F34-I34) -> 0 | L34: ab17
A35: 45351 | B35: Paypal, Rückzahlung für Testbestellungen vom 27.2.24 | C35: Ü | D35: 24.4 | E35: 1 | F35: =ROUND(D35*E35,2) -> 24.4 | G35: 0 | H35: =ROUND(D35/(1+G35),2) -> 24.4 | I35: =ROUND(H35*E35,2) -> 24.4 | J35: =IF(C35="B",D35-H35,F35-I35) -> 0 | L35: ap6
A36: 45351 | B36: Paypal, Gebühr | C36: L | D36: 0.79 | E36: 1 | F36: =ROUND(D36*E36,2) -> 0.79 | G36: 0 | H36: =ROUND(D36/(1+G36),2) -> 0.79 | I36: =ROUND(H36*E36,2) -> 0.79 | J36: =IF(C36="B",D36-H36,F36-I36) -> 0 | L36: ap7
A37: 45352 | B37: Bank, Commerzbank Kontoführung | C37: L | D37: 7.9 | E37: 1 | F37: =ROUND(D37*E37,2) -> 7.9 | G37: 0 | H37: =ROUND(D37/(1+G37),2) -> 7.9 | I37: =ROUND(H37*E37,2) -> 7.9 | J37: =IF(C37="B",D37-H37,F37-I37) -> 0 | L37: ab18
A38: 45355 | B38: Bank, Hostpress GmbH, Hosting | C38: Wr | D38: 17.73 | E38: 1 | F38: =ROUND(D38*E38,2) -> 17.73 | G38: 0.19 | H38: =ROUND(D38/(1+G38),2) -> 14.9 | I38: =ROUND(H38*E38,2) -> 14.9 | J38: =IF(C38="B",D38-H38,F38-I38) -> 2.83 | L38: ab19
A39: 45355 | B39: Bank, Privatentnahme | E39: 1 | F39: =ROUND(D39*E39,2) -> 0 | G39: 0.19 | H39: =ROUND(D39/(1+G39),2) -> 0 | I39: =ROUND(H39*E39,2) -> 0 | J39: =IF(C39="B",D39-H39,F39-I39) -> 0 | K39: 500 | L39: ab20
A40: 45355 | B40: Paypal, Gebühr | C40: L | D40: 0.65 | E40: 1 | F40: =ROUND(D40*E40,2) -> 0.65 | G40: 0 | H40: =ROUND(D40/(1+G40),2) -> 0.65 | I40: =ROUND(H40*E40,2) -> 0.65 | J40: =IF(C40="B",D40-H40,F40-I40) -> 0 | L40: ap8
A41: 45365 | B41: Paypal, Gebühr | C41: L | D41: 0.65 | E41: 1 | F41: =ROUND(D41*E41,2) -> 0.65 | G41: 0 | H41: =ROUND(D41/(1+G41),2) -> 0.65 | I41: =ROUND(H41*E41,2) -> 0.65 | J41: =IF(C41="B",D41-H41,F41-I41) -> 0 | L41: ap9
A42: 45365 | B42: Bank, Telefonica GmbH/Telefon, Internet 50% | C42: Tk | D42: 32.98 | E42: 0.5 | F42: =ROUND(D42*E42,2) -> 16.49 | G42: 0.19 | H42: =ROUND(D42/(1+G42),2) -> 27.71 | I42: =ROUND(H42*E42,2) -> 13.86 | J42: =IF(C42="B",D42-H42,F42-I42) -> 2.63 | L42: ab21
A43: 45366 | B43: Bank, UPS Versand | C43: Verp | D43: 21.78 | E43: 1 | F43: =ROUND(D43*E43,2) -> 21.78 | G43: 0.19 | H43: =ROUND(D43/(1+G43),2) -> 18.3 | I43: =ROUND(H43*E43,2) -> 18.3 | J43: =IF(C43="B",D43-H43,F43-I43) -> 3.48 | L43: ab22
A44: 45377 | B44: Bank, Stadt Land Frucht GmbH, Lagermiete | C44: Rm | D44: 285.6 | E44: 1 | F44: =ROUND(D44*E44,2) -> 285.6 | G44: 0.19 | H44: =ROUND(D44/(1+G44),2) -> 240 | I44: =ROUND(H44*E44,2) -> 240 | J44: =IF(C44="B",D44-H44,F44-I44) -> 45.6 | L44: ab23
A45: 45379 | B45: Bank, Verdi, Beitrag | C45: Beitr | D45: 4.9 | E45: 1 | F45: =ROUND(D45*E45,2) -> 4.9 | G45: 0 | H45: =ROUND(D45/(1+G45),2) -> 4.9 | I45: =ROUND(H45*E45,2) -> 4.9 | J45: =IF(C45="B",D45-H45,F45-I45) -> 0 | L45: ab24
A46: 45382 | B46: Bank, Commerzbank Sollzinsen | C46: Ü | D46: 0.03 | E46: 1 | F46: =ROUND(D46*E46,2) -> 0.03 | G46: 0 | H46: =ROUND(D46/(1+G46),2) -> 0.03 | I46: =ROUND(H46*E46,2) -> 0.03 | J46: =IF(C46="B",D46-H46,F46-I46) -> 0 | L46: ab25
A47: 45382 | B47: Bank, Commerzbank Kontoführung | C47: L | D47: 7.9 | E47: 1 | F47: =ROUND(D47*E47,2) -> 7.9 | G47: 0 | H47: =ROUND(D47/(1+G47),2) -> 7.9 | I47: =ROUND(H47*E47,2) -> 7.9 | J47: =IF(C47="B",D47-H47,F47-I47) -> 0 | L47: ab26
E48: 1 | F48: =ROUND(D48*E48,2) -> 0 | G48: 0.19 | H48: =ROUND(D48/(1+G48),2) -> 0 | I48: =ROUND(H48*E48,2) -> 0 | J48: =IF(C48="B",D48-H48,F48-I48) -> 0
E49: 1 | F49: =ROUND(D49*E49,2) -> 0 | G49: 0.19 | H49: =ROUND(D49/(1+G49),2) -> 0 | I49: =ROUND(H49*E49,2) -> 0 | J49: =IF(C49="B",D49-H49,F49-I49) -> 0
E50: 1 | F50: =ROUND(D50*E50,2) -> 0 | G50: 0.19 | H50: =ROUND(D50/(1+G50),2) -> 0 | I50: =ROUND(H50*E50,2) -> 0 | J50: =IF(C50="B",D50-H50,F50-I50) -> 0
E51: 1 | F51: =ROUND(D51*E51,2) -> 0 | G51: 0.19 | H51: =ROUND(D51/(1+G51),2) -> 0 | I51: =ROUND(H51*E51,2) -> 0 | J51: =IF(C51="B",D51-H51,F51-I51) -> 0
E52: 1 | F52: =ROUND(D52*E52,2) -> 0 | G52: 0.19 | H52: =ROUND(D52/(1+G52),2) -> 0 | I52: =ROUND(H52*E52,2) -> 0 | J52: =IF(C52="B",D52-H52,F52-I52) -> 0
E53: 1 | F53: =ROUND(D53*E53,2) -> 0 | G53: 0.19 | H53: =ROUND(D53/(1+G53),2) -> 0 | I53: =ROUND(H53*E53,2) -> 0 | J53: =IF(C53="B",D53-H53,F53-I53) -> 0
E54: 1 | F54: =ROUND(D54*E54,2) -> 0 | G54: 0.19 | H54: =ROUND(D54/(1+G54),2) -> 0 | I54: =ROUND(H54*E54,2) -> 0 | J54: =IF(C54="B",D54-H54,F54-I54) -> 0
E55: 1 | F55: =ROUND(D55*E55,2) -> 0 | G55: 0.19 | H55: =ROUND(D55/(1+G55),2) -> 0 | I55: =ROUND(H55*E55,2) -> 0 | J55: =IF(C55="B",D55-H55,F55-I55) -> 0
E56: 1 | F56: =ROUND(D56*E56,2) -> 0 | G56: 0.19 | H56: =ROUND(D56/(1+G56),2) -> 0 | I56: =ROUND(H56*E56,2) -> 0 | J56: =IF(C56="B",D56-H56,F56-I56) -> 0
E57: 1 | F57: =ROUND(D57*E57,2) -> 0 | G57: 0.19 | H57: =ROUND(D57/(1+G57),2) -> 0 | I57: =ROUND(H57*E57,2) -> 0 | J57: =IF(C57="B",D57-H57,F57-I57) -> 0
E58: 1 | F58: =ROUND(D58*E58,2) -> 0 | G58: 0.19 | H58: =ROUND(D58/(1+G58),2) -> 0 | I58: =ROUND(H58*E58,2) -> 0 | J58: =IF(C58="B",D58-H58,F58-I58) -> 0
E59: 1 | F59: =ROUND(D59*E59,2) -> 0 | G59: 0.19 | H59: =ROUND(D59/(1+G59),2) -> 0 | I59: =ROUND(H59*E59,2) -> 0 | J59: =IF(C59="B",D59-H59,F59-I59) -> 0
... E119: 1 | F119: =ROUND(D119*E119,2) -> 0 | G119: 0.19 | H119: =ROUND(D119/(1+G119),2) -> 0 | I119: =ROUND(H119*E119,2) -> 0 | J119: =IF(C119="B",D119-H119,F119-I119) -> 0
E120: 1 | F120: =ROUND(D120*E120,2) -> 0 | G120: 0.19 | H120: =ROUND(D120/(1+G120),2) -> 0 | I120: =ROUND(H120*E120,2) -> 0 | J120: =IF(C120="B",D120-H120,F120-I120) -> 0 | N120: nur vor dieser Zeile neue Zeilen einfügen;
A121: Summe | D121: =SUM(D8:D120) -> 9827.61 | F121: =SUM(F8:F120) -> 9778.14 | H121: =SUM(H8:H120) -> 9713.14 | I121: =SUM(I8:I120) -> 9671.59 | J121: =SUM(J8:J120) -> 106.55 | K121: =SUM(K10:K120) -> 1000 | N121: nicht danach!
N122: Falls Sie mit anderen Kalkulationsprogrammen
N123: als Excel arbeiten, bitte auch den Hinweis unten lesen!
A124: Gliederung der Ausgaben nach Art der Ausgaben | D124: Brutto (lt. Bon) | F124: Brutto (bereinigt) | I124: Netto (bereinigt) | J124: MwSt | N124: Diese Summen werden automatisch in die Tabelle Überschuss übertragen.
A125: Betriebsausgaben
A126: ="26 Waren, Rohstoffe oder Hilfsstoffe (" & C126 & ")" -> 26 Waren, Rohstoffe oder Hilfsstoffe (W) | C126: W | D126: =SUMIF(C$10:C$120,C126,D$10:D$120) -> 0 | F126: =SUMIF(C$10:C$120,C126,F$10:F$120) -> 0 | I126: =SUMIF(C$10:C$120,C126,I$10:I$120) -> 0 | J126: =SUMIF(C$10:C$120,C126,J$10:J$120) -> 0 | N126: Die Zeilennummern "Z?" von Elster sind ohne Gewähr! Wenn Sie sich unsicher sind, sprechen Sie mit einem Steuerberater.
A127: ="27 Bezogene Fremdleistungen (" & C127 & ")" -> 27 Bezogene Fremdleistungen (L) | C127: L | D127: =SUMIF(C$10:C$120,C127,D$10:D$120) -> 71.6 | F127: =SUMIF(C$10:C$120,C127,F$10:F$120) -> 71.6 | I127: =SUMIF(C$10:C$120,C127,I$10:I$120) -> 71.6 | J127: =SUMIF(C$10:C$120,C127,J$10:J$120) -> 0
A128: ="28 Ausgaben für eigenes Personal (z. B. Gehälter, Löhne und Versicherungsbeiträge) (" & C128 & ")" -> 28 Ausgaben für eigenes Personal (z. B. Gehälter, Löhne und Versicherungsbeiträge) (GL) | C128: GL | D128: =SUMIF(C$10:C$120,C128,D$10:D$120) -> 0 | F128: =SUMIF(C$10:C$120,C128,F$10:F$120) -> 0 | I128: =SUMIF(C$10:C$120,C128,I$10:I$120) -> 0 | J128: =SUMIF(C$10:C$120,C128,J$10:J$120) -> 0
A129: Sonstige unbeschränkt abziehbare Betriebsausgaben
A130: ="43 Aufwendungen für geringwertige Wirtschaftsgüter nach § 6 Abs. 2 EStG (" & C130 & ")" -> 43 Aufwendungen für geringwertige Wirtschaftsgüter nach § 6 Abs. 2 EStG (GWG) | C130: GWG | D130: =SUMIF(C$10:C$120,C130,D$10:D$120) -> 0 | F130: =SUMIF(C$10:C$120,C130,F$10:F$120) -> 0 | I130: =SUMIF(C$10:C$120,C130,I$10:I$120) -> 0 | J130: =SUMIF(C$10:C$120,C130,J$10:J$120) -> 0
A131: Raumkosten und sonstige Grundstücksaufwendungen
A132: ="46 Miete/Pacht für Geschäftsräume und betrieblich genutzte Grundstücke (" & C132 & ")" -> 46 Miete/Pacht für Geschäftsräume und betrieblich genutzte Grundstücke (Rm) | C132: Rm | D132: =SUMIF(C$10:C$120,C132,D$10:D$120) -> 380.8 | F132: =SUMIF(C$10:C$120,C132,F$10:F$120) -> 380.8 | I132: =SUMIF(C$10:C$120,C132,I$10:I$120) -> 320 | J132: =SUMIF(C$10:C$120,C132,J$10:J$120) -> 60.8
A133: ="47 Aufwendungen für doppelte Haushaltsführung (z. B. Miete) (" & C133 & ")" -> 47 Aufwendungen für doppelte Haushaltsführung (z. B. Miete) (doppH) | C133: doppH | D133: =SUMIF(C$10:C$120,C133,D$10:D$120) -> 0 | F133: =SUMIF(C$10:C$120,C133,F$10:F$120) -> 0 | I133: =SUMIF(C$10:C$120,C133,I$10:I$120) -> 0 | J133: =SUMIF(C$10:C$120,C133,J$10:J$120) -> 0
A134: ="48 Sonstige Aufwendungen für betrieblich genutzte Grundstücke (ohne Schuldzinsen und AfA) (" & C134 & ")" -> 48 Sonstige Aufwendungen für betrieblich genutzte Grundstücke (ohne Schuldzinsen und AfA) (SonstA) | C134: SonstA | D134: =SUMIF(C$10:C$120,C134,D$10:D$120) -> 0 | F134: =SUMIF(C$10:C$120,C134,F$10:F$120) -> 0 | I134: =SUMIF(C$10:C$120,C134,I$10:I$120) -> 0 | J134: =SUMIF(C$10:C$120,C134,J$10:J$120) -> 0
A135: Sonstige unbeschränkt abziehbare Betriebsausgaben
A136: ="49 Aufwendungen für Telekommunikation (z. B. Telefon, Internet) (" & C136 & ")" -> 49 Aufwendungen für Telekommunikation (z. B. Telefon, Internet) (Tk) | C136: Tk | D136: =SUMIF(C$10:C$120,C136,D$10:D$120) -> 188.94 | F136: =SUMIF(C$10:C$120,C136,F$10:F$120) -> 139.47 | I136: =SUMIF(C$10:C$120,C136,I$10:I$120) -> 117.22 | J136: =SUMIF(C$10:C$120,C136,J$10:J$120) -> 22.25 | M136: =IF(M$148<>"","stimmen nicht überein.","")
A137: ="51 Fortbildungskosten (ohne Reisekosten) (" & C137 & ")" -> 51 Fortbildungskosten (ohne Reisekosten) (F) | C137: F | D137: =SUMIF(C$10:C$120,C137,D$10:D$120) -> 0 | F137: =SUMIF(C$10:C$120,C137,F$10:F$120) -> 0 | I137: =SUMIF(C$10:C$120,C137,I$10:I$120) -> 0 | J137: =SUMIF(C$10:C$120,C137,J$10:J$120) -> 0 | M137: =IF(M$148<>"","Es gibt noch Augaben, die keiner","")
A138: ="52 Rechts- und Steuerberatung, Buchführung (" & C138 & ")" -> 52 Rechts- und Steuerberatung, Buchführung (S) | C138: S | D138: =SUMIF(C$10:C$120,C138,D$10:D$120) -> 0 | F138: =SUMIF(C$10:C$120,C138,F$10:F$120) -> 0 | I138: =SUMIF(C$10:C$120,C138,I$10:I$120) -> 0 | J138: =SUMIF(C$10:C$120,C138,J$10:J$120) -> 0 | M138: =IF(M$148<>"","Ausgabenart zugeordnet wurden.","")
A139: ="53 Miete/Leasing für bewegliche Wirtschaftsgüter (ohne Kraftfahrzeuge) (" & C139 & ")" -> 53 Miete/Leasing für bewegliche Wirtschaftsgüter (ohne Kraftfahrzeuge) (Miete) | C139: Miete | D139: =SUMIF(C$10:C$120,C139,D$10:D$120) -> 0 | F139: =SUMIF(C$10:C$120,C139,F$10:F$120) -> 0 | I139: =SUMIF(C$10:C$120,C139,I$10:I$120) -> 0 | J139: =SUMIF(C$10:C$120,C139,J$10:J$120) -> 0
A140: ="54 Erhaltungsaufwendungen (z. B. Instandhaltung, Wartung, Reparatur; ohne solche für Gebäude und Kraftfahrzeuge) (" & C140 & ")" -> 54 Erhaltungsaufwendungen (z. B. Instandhaltung, Wartung, Reparatur; ohne solche für Gebäude und Kraftfahrzeuge) (Wart) | C140: Wart | D140: =SUMIF(C$10:C$120,C140,D$10:D$120) -> 0 | F140: =SUMIF(C$10:C$120,C140,F$10:F$120) -> 0 | I140: =SUMIF(C$10:C$120,C140,I$10:I$120) -> 0 | J140: =SUMIF(C$10:C$120,C140,J$10:J$120) -> 0
A141: ="55 Beiträge, Gebühren, Abgaben und Versicherungen (ohne solche für Gebäude und Kraftfahrzeuge) (" & C141 & ")" -> 55 Beiträge, Gebühren, Abgaben und Versicherungen (ohne solche für Gebäude und Kraftfahrzeuge) (Beitr) | C141: Beitr | D141: =SUMIF(C$10:C$120,C141,D$10:D$120) -> 14.7 | F141: =SUMIF(C$10:C$120,C141,F$10:F$120) -> 14.7 | I141: =SUMIF(C$10:C$120,C141,I$10:I$120) -> 14.7 | J141: =SUMIF(C$10:C$120,C141,J$10:J$120) -> 0
A142: ="56 Laufende EDV-Kosten (z. B. Beratung, Wartung, Reparatur) (" & C142 & ")" -> 56 Laufende EDV-Kosten (z. B. Beratung, Wartung, Reparatur) (EDV) | C142: EDV | D142: =SUMIF(C$10:C$120,C142,D$10:D$120) -> 0 | F142: =SUMIF(C$10:C$120,C142,F$10:F$120) -> 0 | I142: =SUMIF(C$10:C$120,C142,I$10:I$120) -> 0 | J142: =SUMIF(C$10:C$120,C142,J$10:J$120) -> 0
A143: ="57 Arbeitsmittel (z. B. Bürobedarf, Porto, Fachliteratur) (" & C143 & ")" -> 57 Arbeitsmittel (z. B. Bürobedarf, Porto, Fachliteratur) (Arb) | C143: Arb | D143: =SUMIF(C$10:C$120,C143,D$10:D$120) -> 5.48 | F143: =SUMIF(C$10:C$120,C143,F$10:F$120) -> 5.48 | I143: =SUMIF(C$10:C$120,C143,I$10:I$120) -> 4.6 | J143: =SUMIF(C$10:C$120,C143,J$10:J$120) -> 0.88
A144: ="58 Kosten für Abfallbeseitigung und Entsorgung (" & C144 & ")" -> 58 Kosten für Abfallbeseitigung und Entsorgung (Abfall) | C144: Abfall | D144: =SUMIF(C$10:C$120,C144,D$10:D$120) -> 0 | F144: =SUMIF(C$10:C$120,C144,F$10:F$120) -> 0 | I144: =SUMIF(C$10:C$120,C144,I$10:I$120) -> 0 | J144: =SUMIF(C$10:C$120,C144,J$10:J$120) -> 0
A145: ="59 Kosten für Verpackung und Transport (" & C145 & ")" -> 59 Kosten für Verpackung und Transport (Verp) | C145: Verp | D145: =SUMIF(C$10:C$120,C145,D$10:D$120) -> 29.47 | F145: =SUMIF(C$10:C$120,C145,F$10:F$120) -> 29.47 | I145: =SUMIF(C$10:C$120,C145,I$10:I$120) -> 24.76 | J145: =SUMIF(C$10:C$120,C145,J$10:J$120) -> 4.71
A146: ="60 Werbekosten (z. B. Inserate, Werbespots, Plakate) (" & C146 & ")" -> 60 Werbekosten (z. B. Inserate, Werbespots, Plakate) (Wr) | C146: Wr | D146: =SUMIF(C$10:C$120,C146,D$10:D$120) -> 112.19 | F146: =SUMIF(C$10:C$120,C146,F$10:F$120) -> 112.19 | I146: =SUMIF(C$10:C$120,C146,I$10:I$120) -> 94.28 | J146: =SUMIF(C$10:C$120,C146,J$10:J$120) -> 17.91
A147: Beschränkt abziehbare Betriebsausgaben
A148: ="67 Geschenke (" & C148 & ")" -> 67 Geschenke (G) | C148: G | D148: =SUMIF(C$10:C$120,C148,D$10:D$120) -> 0 | F148: =SUMIF(C$10:C$120,C148,F$10:F$120) -> 0 | I148: =SUMIF(C$10:C$120,C148,I$10:I$120) -> 0 | J148: =SUMIF(C$10:C$120,C148,J$10:J$120) -> 0 | M148: =IF($D$121<>$D$157,"Achtung:","")
A149: ="68 Bewirtungsaufwendungen (" & C149 & ")" -> 68 Bewirtungsaufwendungen (B) | C149: B | D149: =SUMIF(C$10:C$120,C149,D$10:D$120) -> 0 | F149: =SUMIF(C$10:C$120,C149,F$10:F$120) -> 0 | I149: =SUMIF(C$10:C$120,C149,I$10:I$120) -> 0 | J149: =SUMIF(C$10:C$120,C149,J$10:J$120) -> 0 | M149: =IF(M$148<>"","Die Endsummen oben und unten","") | N149: (netto nur zu 70% ansetzbar, die MwSt zu 100%)
A150: ="70 Aufwendungen für ein häusliches Arbeitszimmer (einschl. AfA und Schuldzinsen) (" & C150 & ")" -> 70 Aufwendungen für ein häusliches Arbeitszimmer (einschl. AfA und Schuldzinsen) (Arbz) | C150: Arbz | D150: =SUMIF(C$10:C$120,C150,D$10:D$120) -> 0 | F150: =SUMIF(C$10:C$120,C150,F$10:F$120) -> 0 | I150: =SUMIF(C$10:C$120,C150,I$10:I$120) -> 0 | J150: =SUMIF(C$10:C$120,C150,J$10:J$120) -> 0
A151: ="71 Sonstige unbeschränkt abziehbare Betriebsausgaben (z. B. Arbeitskleidung) (" & C151 & ")" -> 71 Sonstige unbeschränkt abziehbare Betriebsausgaben (z. B. Arbeitskleidung) (Ü) | C151: Ü | D151: =SUMIF(C$10:C$120,C151,D$10:D$120) -> 9024.43 | F151: =SUMIF(C$10:C$120,C151,F$10:F$120) -> 9024.43 | I151: =SUMIF(C$10:C$120,C151,I$10:I$120) -> 9024.43 | J151: =SUMIF(C$10:C$120,C151,J$10:J$120) -> 0
A152: Sonstige
A153: ="81 Leasingkosten (" & C153 & ")" -> 81 Leasingkosten (xx) | C153: xx | D153: =SUMIF(C$10:C$120,C153,D$10:D$120) -> 0 | F153: =SUMIF(C$10:C$120,C153,F$10:F$120) -> 0 | I153: =SUMIF(C$10:C$120,C153,I$10:I$120) -> 0 | J153: =SUMIF(C$10:C$120,C153,J$10:J$120) -> 0
A154: ="82 Steuern, Versicherungen und Maut (" & C154 & ")" -> 82 Steuern, Versicherungen und Maut (yy) | C154: yy | D154: =SUMIF(C$10:C$120,C154,D$10:D$120) -> 0 | F154: =SUMIF(C$10:C$120,C154,F$10:F$120) -> 0 | I154: =SUMIF(C$10:C$120,C154,I$10:I$120) -> 0 | J154: =SUMIF(C$10:C$120,C154,J$10:J$120) -> 0
A155: ="00 zz (" & C155 & ")" -> 00 zz (zz) | C155: zz | D155: =SUMIF(C$10:C$120,C155,D$10:D$120) -> 0 | F155: =SUMIF(C$10:C$120,C155,F$10:F$120) -> 0 | I155: =SUMIF(C$10:C$120,C155,I$10:I$120) -> 0 | J155: =SUMIF(C$10:C$120,C155,J$10:J$120) -> 0
A157: Kontrollsummen | D157: =SUM(D126:D156) -> 9827.61 | F157: =SUM(F126:F156) -> 9778.14 | I157: =SUM(I126:I156) -> 9671.59 | J157: =SUM(J126:J156) -> 106.55
I158: =SUM(I157:J157) -> 9778.14
A162: =Überschuss!A7 -> 2024 | B162: Summen pro Monat und Quartal | O162: =A162 -> 2024
B163: (Für die eigene Planung und ggf. für Ust_Voranmeldungen) | O163: Kalenderwoche | R163: Umsätze
D164: =D124 -> Brutto (lt. Bon) | F164: =F124 -> Brutto (bereinigt) | I164: Netto (bereinigt) | J164: =J124 -> MwSt | O164: KW | P164: Beginn | Q164: Ende | R164: Brutto
B165: 1 | D165: =SUM(IF( ISNUMBER($A$8:$A$121) *($A$8:$A$121>=DATE($A$162,$B165,1) ) * ($A$8:$A$121<=DATE($A$162,$B165+1,0) * ISNUMBER($D$8:$D$121) ),D$8:D$121,)) -> 252.3 | F165: =SUM(IF( ISNUMBER($A$8:$A$121) *($A$8:$A$121>=DATE($A$162,$B165,1) ) * ($A$8:$A$121<=DATE($A$162,$B165+1,0) * ISNUMBER($F$8:$F$121) ),F$8:F$121,)) -> 235.81 | I165: =SUM(IF( ISNUMBER($A$8:$A$121) *($A$8:$A$121>=DATE($A$162,$B165,1) ) * ($A$8:$A$121<=DATE($A$162,$B165+1,0) * ISNUMBER($D$8:$D$121) ),I$8:I$121,)) -> 200.31 | J165: =SUM(IF( ISNUMBER($A$8:$A$121) *($A$8:$A$121>=DATE($A$162,$B165,1) ) * ($A$8:$A$121<=DATE($A$162,$B165+1,0) * ISNUMBER($D$8:$D$121) ),J$8:J$121,)) -> 35.5 | N165: Falls Sie sich etwas mehr über die hier verwendeten | O165: 1 | P165: =DATE(O162,1,1) -> 45292 | Q165: =P165+6 -> 45298 | R165: =SUM(IF((ISNUMBER($A$10:$A$120))*($A$10:$A$120>=P165)*($A$10:$A$120<=Q165)*ISNUMBER(I$10:I$120),I$10:J$120)) -> 17.73
B166: 2 | D166: =SUM(IF( ISNUMBER($A$8:$A$121) *($A$8:$A$121>=DATE($A$162,$B166,1) ) * ($A$8:$A$121<=DATE($A$162,$B166+1,0) * ISNUMBER($D$8:$D$121) ),D$8:D$121,)) -> 9195.19 | F166: =SUM(IF( ISNUMBER($A$8:$A$121) *($A$8:$A$121>=DATE($A$162,$B166,1) ) * ($A$8:$A$121<=DATE($A$162,$B166+1,0) * ISNUMBER($F$8:$F$121) ),F$8:F$121,)) -> 9178.7 | I166: =SUM(IF( ISNUMBER($A$8:$A$121) *($A$8:$A$121>=DATE($A$162,$B166,1) ) * ($A$8:$A$121<=DATE($A$162,$B166+1,0) * ISNUMBER($D$8:$D$121) ),I$8:I$121,)) -> 9162.19 | J166: =SUM(IF( ISNUMBER($A$8:$A$121) *($A$8:$A$121>=DATE($A$162,$B166,1) ) * ($A$8:$A$121<=DATE($A$162,$B166+1,0) * ISNUMBER($D$8:$D$121) ),J$8:J$121,)) -> 16.51 | N166: Matrixfunktionen informieren möchten: | O166: 2 | P166: =Q165+1 -> 45299 | Q166: =P166+6 -> 45305 | R166: =SUM(IF((ISNUMBER($A$10:$A$120))*($A$10:$A$120>=P166)*($A$10:$A$120<=Q166)*ISNUMBER(I$10:I$120),I$10:J$120)) -> 92.99
...

Sheet UmsatzStVA
A1: =Überschuss!A1 -> 0 | G1: In dieser Tabelle bitte nichts eingeben! | M1: =Überschuss!C1 -> 45521 | O1: Hilfe
O2: In dieser Tabelle bitte nichts eingeben!
O3: Bitte lesen Sie die
A4: ="Umsatzsteuervoranmeldung " & Überschuss!A7 -> Umsatzsteuervoranmeldung 2024 | O4: Hinweise unter
O5: dieser Tabelle!
B6: ="Eingenommene Ust (19%)" -> Eingenommene Ust (19%) | D6: Eingenommene USt (7%) | F6: 0% | G6: Gezahlte Umsatzsteuer
A7: Zeitraum | B7: Umsatz (abgerundet) | C7: Eingenom-meine Ust (19%) | D7: Umsatz (abgerundet) | E7: Eingenom- mene USt | F7: Umsatz ohne USt. | G7: USt. auf Ausgaben | H7: USt. auf Wirtschafts- güter | I7: USt. auf GWG | J7: USt. auf Fahrtkosten | K7: USt. auf Reisekosten | L7: Summe | M7: + an FA zu zahlen - zu erstatten
A8: Januar | B8: =ROUNDDOWN( Einnahmen!C99,0) -> 32 | C8: =ROUND(B8 *$C$29,2) -> 6.08 | D8: =ROUNDDOWN( Einnahmen!E99,0) -> 0 | E8: =ROUND(D8 *$E$29,2) -> 0 | F8: =ROUNDDOWN( Einnahmen!G99,0) -> 0 | G8: =Ausgaben!J165 -> 35.5 | H8: =Abschreibung!G35 -> 0 | I8: =GWGSammel!F43 -> 0 | J8: =FahrtenReisen!J72 -> 0 | K8: =FahrtenReisen!M72 -> 0 | L8: =SUM(G8:K8) -> 35.5 | M8: =C8+E8-L8 -> -29.42 | O8: Diese obere Tabelle ist für Unternehmen
A9: Februar | B9: =ROUNDDOWN( Einnahmen!C100,0) -> 1035 | C9: =ROUND(B9 *$C$29,2) -> 196.65 | D9: =ROUNDDOWN( Einnahmen!E100,0) -> 0 | E9: =ROUND(D9 *$E$29,2) -> 0 | F9: =ROUNDDOWN( Einnahmen!G100,0) -> 7024 | G9: =Ausgaben!J166 -> 16.51 | H9: =Abschreibung!G36 -> 0 | I9: =GWGSammel!F44 -> 0 | J9: =FahrtenReisen!J73 -> 0 | K9: =FahrtenReisen!M73 -> 0 | L9: =SUM(G9:K9) -> 16.51 | M9: =C9+E9-L9 -> 180.14 | O9: mit monatlichen UST-Vorausszahlungen
A10: März | B10: =ROUNDDOWN( Einnahmen!C101,0) -> 321 | C10: =ROUND(B10 *$C$29,2) -> 60.99 | D10: =ROUNDDOWN( Einnahmen!E101,0) -> 0 | E10: =ROUND(D10 *$E$29,2) -> 0 | F10: =ROUNDDOWN( Einnahmen!G101,0) -> 0 | G10: =Ausgaben!J167 -> 54.54 | H10: =Abschreibung!G37 -> 0 | I10: =GWGSammel!F45 -> 0 | J10: =FahrtenReisen!J74 -> 0 | K10: =FahrtenReisen!M74 -> 0 | L10: =SUM(G10:K10) -> 54.54 | M10: =C10+E10-L10 -> 6.45 | O10: vorgesehen.
A11: April | B11: =ROUNDDOWN( Einnahmen!C104,0) -> 782 | C11: =ROUND(B11 *$C$29,2) -> 148.58 | D11: =ROUNDDOWN( Einnahmen!E104,0) -> 0 | E11: =ROUND(D11 *$E$29,2) -> 0 | F11: =ROUNDDOWN( Einnahmen!G104,0) -> 0 | G11: =Ausgaben!J170 -> 0 | H11: =Abschreibung!G40 -> 0 | I11: =GWGSammel!F48 -> 45.98 | J11: =FahrtenReisen!J77 -> 8.78 | K11: =FahrtenReisen!M77 -> 0 | L11: =SUM(G11:K11) -> 54.76 | M11: =C11+E11-L11 -> 93.82
A12: Mai | B12: =ROUNDDOWN( Einnahmen!C105,0) -> 0 | C12: =ROUND(B12 *$C$29,2) -> 0 | D12: =ROUNDDOWN( Einnahmen!E105,0) -> 0 | E12: =ROUND(D12 *$E$29,2) -> 0 | F12: =ROUNDDOWN( Einnahmen!G105,0) -> 0 | G12: =Ausgaben!J171 -> 0 | H12: =Abschreibung!G41 -> 0 | I12: =GWGSammel!F49 -> 0 | J12: =FahrtenReisen!J78 -> 0 | K12: =FahrtenReisen!M78 -> 0 | L12: =SUM(G12:K12) -> 0 | M12: =C12+E12-L12 -> 0
A13: Juni | B13: =ROUNDDOWN( Einnahmen!C106,0) -> 0 | C13: =ROUND(B13 *$C$29,2) -> 0 | D13: =ROUNDDOWN( Einnahmen!E106,0) -> 0 | E13: =ROUND(D13 *$E$29,2) -> 0 | F13: =ROUNDDOWN( Einnahmen!G106,0) -> 0 | G13: =Ausgaben!J172 -> 0 | H13: =Abschreibung!G42 -> 0 | I13: =GWGSammel!F50 -> 0 | J13: =FahrtenReisen!J79 -> 0 | K13: =FahrtenReisen!M79 -> 0 | L13: =SUM(G13:K13) -> 0 | M13: =C13+E13-L13 -> 0
A14: Juli | B14: =ROUNDDOWN( Einnahmen!C109,0) -> 0 | C14: =ROUND(B14 *$C$29,2) -> 0 | D14: =ROUNDDOWN( Einnahmen!E109,0) -> 0 | E14: =ROUND(D14 *$E$29,2) -> 0 | F14: =ROUNDDOWN( Einnahmen!G109,0) -> 0 | G14: =Ausgaben!J175 -> 0 | H14: =Abschreibung!G45 -> 0 | I14: =GWGSammel!F53 -> 0 | J14: =FahrtenReisen!J82 -> 0 | K14: =FahrtenReisen!M82 -> 0 | L14: =SUM(G14:K14) -> 0 | M14: =C14+E14-L14 -> 0
A15: August | B15: =ROUNDDOWN( Einnahmen!C110,0) -> 0 | C15: =ROUND(B15 *$C$29,2) -> 0 | D15: =ROUNDDOWN( Einnahmen!E110,0) -> 0 | E15: =ROUND(D15 *$E$29,2) -> 0 | F15: =ROUNDDOWN( Einnahmen!G110,0) -> 0 | G15: =Ausgaben!J176 -> 0 | H15: =Abschreibung!G46 -> 0 | I15: =GWGSammel!F54 -> 0 | J15: =FahrtenReisen!J83 -> 0 | K15: =FahrtenReisen!M83 -> 0 | L15: =SUM(G15:K15) -> 0 | M15: =C15+E15-L15 -> 0
A16: September | B16: =ROUNDDOWN( Einnahmen!C111,0) -> 0 | C16: =ROUND(B16 *$C$29,2) -> 0 | D16: =ROUNDDOWN( Einnahmen!E111,0) -> 0 | E16: =ROUND(D16 *$E$29,2) -> 0 | F16: =ROUNDDOWN( Einnahmen!G111,0) -> 0 | G16: =Ausgaben!J177 -> 0 | H16: =Abschreibung!G47 -> 0 | I16: =GWGSammel!F55 -> 0 | J16: =FahrtenReisen!J84 -> 0 | K16: =FahrtenReisen!M84 -> 0 | L16: =SUM(G16:K16) -> 0 | M16: =C16+E16-L16 -> 0
A17: Oktober | B17: =ROUNDDOWN( Einnahmen!C114,0) -> 0 | C17: =ROUND(B17 *$C$29,2) -> 0 | D17: =ROUNDDOWN( Einnahmen!E114,0) -> 0 | E17: =ROUND(D17 *$E$29,2) -> 0 | F17: =ROUNDDOWN( Einnahmen!G114,0) -> 0 | G17: =Ausgaben!J180 -> 0 | H17: =Abschreibung!G50 -> 0 | I17: =GWGSammel!F58 -> 0 | J17: =FahrtenReisen!J87 -> 0 | K17: =FahrtenReisen!M87 -> 0 | L17: =SUM(G17:K17) -> 0 | M17: =C17+E17-L17 -> 0
A18: November | B18: =ROUNDDOWN( Einnahmen!C115,0) -> 0 | C18: =ROUND(B18 *$C$29,2) -> 0 | D18: =ROUNDDOWN( Einnahmen!E115,0) -> 0 | E18: =ROUND(D18 *$E$29,2) -> 0 | F18: =ROUNDDOWN( Einnahmen!G115,0) -> 0 | G18: =Ausgaben!J181 -> 0 | H18: =Abschreibung!G51 -> 0 | I18: =GWGSammel!F59 -> 0 | J18: =FahrtenReisen!J88 -> 0 | K18: =FahrtenReisen!M88 -> 0 | L18: =SUM(G18:K18) -> 0 | M18: =C18+E18-L18 -> 0
A19: Dezember | B19: =ROUNDDOWN( Einnahmen!C116,0) -> 0 | C19: =ROUND(B19 *$C$29,2) -> 0 | D19: =ROUNDDOWN( Einnahmen!E116,0) -> 0 | E19: =ROUND(D19 *$E$29,2) -> 0 | F19: =ROUNDDOWN( Einnahmen!G116,0) -> 0 | G19: =Ausgaben!J182 -> 0 | H19: =Abschreibung!G52 -> 0 | I19: =GWGSammel!F60 -> 0 | J19: =FahrtenReisen!J89 -> 0 | K19: =FahrtenReisen!M89 -> 0 | L19: =SUM(G19:K19) -> 0 | M19: =C19+E19-L19 -> 0
B22: =B6 -> Eingenommene Ust (19%) | D22: =D6 -> Eingenommene USt (7%) | F22: 0% | G22: =G6 -> Gezahlte Umsatzsteuer
A23: =A7 -> Zeitraum | B23: =B7 -> Umsatz (abgerundet) | C23: =C7 -> Eingenom-meine Ust (19%) | D23: =D7 -> Umsatz (abgerundet) | E23: =E7 -> Eingenom- mene USt | F23: Umsatz ohne USt. | G23: =G7 -> USt. auf Ausgaben | H23: =H7 -> USt. auf Wirtschafts- güter | I23: =I7 -> USt. auf GWG | J23: =J7 -> USt. auf Fahrtkosten | K23: =K7 -> USt. auf Reisekosten | L23: =L7 -> Summe | M23: =M7 -> + an FA zu zahlen - zu erstatten
A24: Q1 | B24: =ROUNDDOWN( Einnahmen!C102, 0) -> 1389 | C24: =ROUND(B24*$C$29,2) -> 263.91 | D24: =ROUNDDOWN( Einnahmen!E102, 0) -> 0 | E24: =ROUND(D24*$E$29,2) -> 0 | F24: =ROUNDDOWN( Einnahmen!G102, 0) -> 7024 | G24: =Ausgaben!J168 -> 106.55 | H24: =Abschreibung!G38 -> 0 | I24: =GWGSammel!F46 -> 0 | J24: =FahrtenReisen!J75 -> 0 | K24: =FahrtenReisen!M75 -> 0 | L24: =SUM(G24:K24) -> 106.55 | M24: =C24+E24-L24 -> 157.36 | O24: Diese Tabelle ist für vierteljährliche
A25: Q2 | B25: =ROUNDDOWN( Einnahmen!C107, 0) -> 782 | C25: =ROUND(B25*$C$29,2) -> 148.58 | D25: =ROUNDDOWN( Einnahmen!E107, 0) -> 0 | E25: =ROUND(D25*$E$29,2) -> 0 | F25: =ROUNDDOWN( Einnahmen!G107, 0) -> 0 | G25: =Ausgaben!J173 -> 0 | H25: =Abschreibung!G43 -> 0 | I25: =GWGSammel!F51 -> 45.98 | J25: =FahrtenReisen!J80 -> 8.78 | K25: =FahrtenReisen!M80 -> 0 | L25: =SUM(G25:K25) -> 54.76 | M25: =C25+E25-L25 -> 93.82 | O25: Umsatzsteuervoranmeldungen
A26: Q3 | B26: =ROUNDDOWN( Einnahmen!C112, 0) -> 0 | C26: =ROUND(B26*$C$29,2) -> 0 | D26: =ROUNDDOWN( Einnahmen!E112, 0) -> 0 | E26: =ROUND(D26*$E$29,2) -> 0 | F26: =ROUNDDOWN( Einnahmen!G112, 0) -> 0 | G26: =Ausgaben!J178 -> 0 | H26: =Abschreibung!G48 -> 0 | I26: =GWGSammel!F56 -> 0 | J26: =FahrtenReisen!J85 -> 0 | K26: =FahrtenReisen!M85 -> 0 | L26: =SUM(G26:K26) -> 0 | M26: =C26+E26-L26 -> 0 | O26: vorgesehen.
A27: Q4 | B27: =ROUNDDOWN( Einnahmen!C117, 0) -> 0 | C27: =ROUND(B27*$C$29,2) -> 0 | D27: =ROUNDDOWN( Einnahmen!E117, 0) -> 0 | E27: =ROUND(D27*$E$29,2) -> 0 | F27: =ROUNDDOWN( Einnahmen!G117, 0) -> 0 | G27: =Ausgaben!J183 -> 0 | H27: =Abschreibung!G53 -> 0 | I27: =GWGSammel!F61 -> 0 | J27: =FahrtenReisen!J90 -> 0 | K27: =FahrtenReisen!M90 -> 0 | L27: =SUM(G27:K27) -> 0 | M27: =C27+E27-L27 -> 0
B29: Ust | C29: 0.19 | E29: 0.07 | F29: 0 | O29: Der Steuersatz wird aus der
O30: Tabelle "Einnahmen" (unten)
A31: In dieser Tabelle bitte nichts eingeben! | O31: übernommen.
A32: Hier werden die Zahlen für die Umsatzsteuervoranmeldung ermittelt.
A33: Die Zahlen stammen aus den übrigen Tabellenblättern, in denen Eingaben oder Ausgaben erfasst werden.
A35: Die Zahlen in Spalte B sind auf ganze € abgerundet. Das Elsterformular für die Umsatzsteuervoranmeldung lässt nur ganze € zu.
A36: Die Zahlen in Spalte C stammen nicht aus dem Blatt "Einnahmen", sondern werden aus Spalte B berechnet.
A38: Achtung: Dieses Tabellenblatt dient nur als Hilfe für die Umsatzsteuervoranmeldung.
A39: Die tatsächlichen Umsatzsteuerzahlungen bzw. -erstattungen tragen Sie bitte im Blatt "Umsatzsteuer" ein!
A40: Nur von dort werden sie in das Blatt "Überschuss" übernommen.
A42: Die obere Tabelle ist für Unternehmen mit monatlichen Umsatzsteuervoranmeldungen vorgesehen.
A43: Die untere Tabelle ist für vierteljährliche Umsatzsteuervoranmeldungen vorgesehen.
A44: Die Tabellen sind zum eigenen Gebrauch gedacht. Sie werden nicht beim FA abgegeben.
A46: Die Quartalszahlen in diesem Tabellenblatt sind keine Summen aus den oberen Monatzszahlen,
A47: sondern sie stammen aus den anderen Blättern.

Sheet UmsatzSt
A1: =Überschuss!A1 -> 0 | D1: =Überschuss!C1 -> 45521 | G1: Hilfe
A2: =Überschuss!A2 -> 0
G3: Diese Tabelle dient nicht zum Berechnen der Zahlen
G4: für die Umsatzsteuervoranmeldung,
G5: sondern es werden die tasächlichen Zahlungen
A6: ="In " & Überschuss!A7 & " an das Finanzamt gezahlte bzw. erstattete Umsatzsteuer" -> In 2024 an das Finanzamt gezahlte bzw. erstattete Umsatzsteuer | G6: eingetragen.
A9: ="Für " & Überschuss!A7-1 &" gezahlte Umsatzsteuer" -> Für 2023 gezahlte Umsatzsteuer
A11: Datum | B11: Text | C11: an das FA gezahlt | D11: vom FA erstattet | E11: Beleg Nr.
A12: 45298 | B12: Umsatzsteuererstattung für 12/2023 | G12: In die gelben Felder wird eingegeben.
A13: 45319 | B13: Umsatzsteuer für 2023 (gemäß USt-Erklärung) | G13: Gedruckt wird schwarz-weiß.
A15: Summe | C15: =SUM(C12:C14) -> 0 | D15: =SUM(D12:D14) -> 0
A19: ="Umsatzsteuerzahlungen gemäß Umsatzsteuervoranmeldungen für " & Überschuss!A7 -> Umsatzsteuerzahlungen gemäß Umsatzsteuervoranmeldungen für 2024
A20: ="(Zahlungen in " & Überschuss!A7 & ")" -> (Zahlungen in 2024)
A22: Datum | B22: Text | C22: an das FA gezahlt | D22: vom FA erstattet | E22: Beleg Nr. | G22: Hier werden die geleiseten Umsatzsteuerzahlungen
A23: 45329 | B23: Umsatzsteuer für 01/2024 | G23: bzw. -erstattungen von Hand eingetragen.
A24: 45358 | B24: Umsatzsteuer für 02/2024
A25: 45387 | B25: Umsatzsteuer für 03/2024 | G25: Falls Sie dieses Jahr einen vierteljährlichen Zeitraum für
A26: 45417 | B26: Umsatzsteuer für 04/2024 | G26: die Umsatzsteuervoranmeldungen haben,
A27: 45448 | B27: Umsatzsteuer für 05/2024 | G27: ändern Sie bitte den Texte passend zu den Quartalen Q1 bis Q4.
A28: 45478 | B28: Umsatzsteuer für 06/2024
A29: 45508 | B29: Umsatzsteuer für 07/2024 | G29: Für die Gewinnermittlung/Einkommensteuer gehört die letzte USt-Zahlung
A30: 45541 | B30: Umsatzsteuer für 08/2024 | G30: an das Finanzamt, also die Zahlung für Dezember oder Quartal 4, noch in
A31: 45571 | B31: Umsatzsteuer für 09/2024 | G31: dieses Jahr, weil sie sofort nach Jahresende geleistet wird.
A32: 45600 | B32: Umsatzsteuer für 10/2024 | G32: Ausname: Dauerfristverlängerung.
A33: 45630 | B33: Umsatzsteuer für 11/2024
A34: 45294 | B34: Umsatzsteuer für 12/2024 | G34: Eine Erstattung des FinAmts an das Unternehmen aufgrund einer
A35: Summen | C35: =SUM(C22:C34) -> 0 | D35: =SUM(D22:D34) -> 0 | G35: Umsatzsteuer-Voranmeldung gehört für die Gewinnermittlung ins nächste Jahr.
G36: Für die Umsatzsteuererklärung (Vorauszahlungssoll)
G37: gehören beide Zahlungen in dieses Jahr.
A38: ="Letzte Umsatzsteuer-Voranmeldung für " & Überschuss!A7 & " (Zahlung in " & Überschuss!A7+1 & ")" -> Letzte Umsatzsteuer-Voranmeldung für 2024 (Zahlung in 2025) | G38: siehe auch:
G39: www.klicktipps.de/gewerbe_faq.php#Buchung_Kalenderjahr
A40: Datum | B40: Text | C40: an das FA gezahlt | D40: vom FA erstattet | G40: Die Zahl aus D41 muss von Hand
A41: 45667 | B41: Umsatzsteuer für 12/2024 | G41: oben in die entsprechende Tabelle des nächsten Jahres
G42: eingetragen werden. Ausname: Dauerfristverlängerng.
G43: Bei einem vieteljährlichen Voranmeldungszeitraum
A44: Vorauszahlungssoll | C44: =C35+C41-D35-D41 -> 0 | G44: wird hier Quartal Q4 eingetragen.
G46: Eine Rückzahlung des Finazmts für
C47: IBAN | G47: den letzten Ust-Voranmeldungszeitraum
B48: Überweisung an: Finanzamt xxxxStadt | C48: DExxxxxxxxxxx | G48: des Vorjahres gehört in das neue Jahr.
G49: Ebenso die späteren Zahlnungen oder
G50: Rückzahlungen aufgrund der jährlichen Umsatzsteuererklärung.
B51: =Überschuss!A7 -> 2024 | C51: Statistik
B52: Monat | C52: gezahlt | D52: erstattet
B53: 1 | C53: {=SUM( IF( ISNUMBER($A$11:$A$42) * ($A$11:$A$42>=DATE($B$51,$B53,1)) * ($A$11:$A$42<=DATE($B$51,$B53+1,0)) * ISNUMBER(C$11:C$42), C$11:C$42, ) )} -> 0 | D53: {=SUM( IF( ISNUMBER($A$11:$A$42) * ($A$11:$A$42>=DATE($B$51,$B53,1)) * ($A$11:$A$42<=DATE($B$51,$B53+1,0)) * ISNUMBER(D$11:D$42), D$11:D$42, ) )} -> 0
B54: 2 | C54: {=SUM( IF( ISNUMBER($A$11:$A$42) * ($A$11:$A$42>=DATE($B$51,$B54,1)) * ($A$11:$A$42<=DATE($B$51,$B54+1,0)) * ISNUMBER(C$11:C$42), C$11:C$42, ) )} -> 0 | D54: {=SUM( IF( ISNUMBER($A$11:$A$42) * ($A$11:$A$42>=DATE($B$51,$B54,1)) * ($A$11:$A$42<=DATE($B$51,$B54+1,0)) * ISNUMBER(D$11:D$42), D$11:D$42, ) )} -> 0
B55: 3 | C55: {=SUM( IF( ISNUMBER($A$11:$A$42) * ($A$11:$A$42>=DATE($B$51,$B55,1)) * ($A$11:$A$42<=DATE($B$51,$B55+1,0)) * ISNUMBER(C$11:C$42), C$11:C$42, ) )} -> 0 | D55: {=SUM( IF( ISNUMBER($A$11:$A$42) * ($A$11:$A$42>=DATE($B$51,$B55,1)) * ($A$11:$A$42<=DATE($B$51,$B55+1,0)) * ISNUMBER(D$11:D$42), D$11:D$42, ) )} -> 0
B56: 4 | C56: {=SUM( IF( ISNUMBER($A$11:$A$42) * ($A$11:$A$42>=DATE($B$51,$B56,1)) * ($A$11:$A$42<=DATE($B$51,$B56+1,0)) * ISNUMBER(C$11:C$42), C$11:C$42, ) )} -> 0 | D56: {=SUM( IF( ISNUMBER($A$11:$A$42) * ($A$11:$A$42>=DATE($B$51,$B56,1)) * ($A$11:$A$42<=DATE($B$51,$B56+1,0)) * ISNUMBER(D$11:D$42), D$11:D$42, ) )} -> 0
B57: 5 | C57: {=SUM( IF( ISNUMBER($A$11:$A$42) * ($A$11:$A$42>=DATE($B$51,$B57,1)) * ($A$11:$A$42<=DATE($B$51,$B57+1,0)) * ISNUMBER(C$11:C$42), C$11:C$42, ) )} -> 0 | D57: {=SUM( IF( ISNUMBER($A$11:$A$42) * ($A$11:$A$42>=DATE($B$51,$B57,1)) * ($A$11:$A$42<=DATE($B$51,$B57+1,0)) * ISNUMBER(D$11:D$42), D$11:D$42, ) )} -> 0
B58: 6 | C58: {=SUM( IF( ISNUMBER($A$11:$A$42) * ($A$11:$A$42>=DATE($B$51,$B58,1)) * ($A$11:$A$42<=DATE($B$51,$B58+1,0)) * ISNUMBER(C$11:C$42), C$11:C$42, ) )} -> 0 | D58: {=SUM( IF( ISNUMBER($A$11:$A$42) * ($A$11:$A$42>=DATE($B$51,$B58,1)) * ($A$11:$A$42<=DATE($B$51,$B58+1,0)) * ISNUMBER(D$11:D$42), D$11:D$42, ) )} -> 0
B59: 7 | C59: {=SUM( IF( ISNUMBER($A$11:$A$42) * ($A$11:$A$42>=DATE($B$51,$B59,1)) * ($A$11:$A$42<=DATE($B$51,$B59+1,0)) * ISNUMBER(C$11:C$42), C$11:C$42, ) )} -> 0 | D59: {=SUM( IF( ISNUMBER($A$11:$A$42) * ($A$11:$A$42>=DATE($B$51,$B59,1)) * ($A$11:$A$42<=DATE($B$51,$B59+1,0)) * ISNUMBER(D$11:D$42), D$11:D$42, ) )} -> 0
B60: 8 | C60: {=SUM( IF( ISNUMBER($A$11:$A$42) * ($A$11:$A$42>=DATE($B$51,$B60,1)) * ($A$11:$A$42<=DATE($B$51,$B60+1,0)) * ISNUMBER(C$11:C$42), C$11:C$42, ) )} -> 0 | D60: {=SUM( IF( ISNUMBER($A$11:$A$42) * ($A$11:$A$42>=DATE($B$51,$B60,1)) * ($A$11:$A$42<=DATE($B$51,$B60+1,0)) * ISNUMBER(D$11:D$42), D$11:D$42, ) )} -> 0
B61: 9 | C61: {=SUM( IF( ISNUMBER($A$11:$A$42) * ($A$11:$A$42>=DATE($B$51,$B61,1)) * ($A$11:$A$42<=DATE($B$51,$B61+1,0)) * ISNUMBER(C$11:C$42), C$11:C$42, ) )} -> 0 | D61: {=SUM( IF( ISNUMBER($A$11:$A$42) * ($A$11:$A$42>=DATE($B$51,$B61,1)) * ($A$11:$A$42<=DATE($B$51,$B61+1,0)) * ISNUMBER(D$11:D$42), D$11:D$42, ) )} -> 0
B62: 10 | C62: {=SUM( IF( ISNUMBER($A$11:$A$42) * ($A$11:$A$42>=DATE($B$51,$B62,1)) * ($A$11:$A$42<=DATE($B$51,$B62+1,0)) * ISNUMBER(C$11:C$42), C$11:C$42, ) )} -> 0 | D62: {=SUM( IF( ISNUMBER($A$11:$A$42) * ($A$11:$A$42>=DATE($B$51,$B62,1)) * ($A$11:$A$42<=DATE($B$51,$B62+1,0)) * ISNUMBER(D$11:D$42), D$11:D$42, ) )} -> 0
B63: 11 | C63: {=SUM( IF( ISNUMBER($A$11:$A$42) * ($A$11:$A$42>=DATE($B$51,$B63,1)) * ($A$11:$A$42<=DATE($B$51,$B63+1,0)) * ISNUMBER(C$11:C$42), C$11:C$42, ) )} -> 0 | D63: {=SUM( IF( ISNUMBER($A$11:$A$42) * ($A$11:$A$42>=DATE($B$51,$B63,1)) * ($A$11:$A$42<=DATE($B$51,$B63+1,0)) * ISNUMBER(D$11:D$42), D$11:D$42, ) )} -> 0
B64: 12 | C64: {=SUM( IF( ISNUMBER($A$11:$A$42) * ($A$11:$A$42>=DATE($B$51,$B64,1)) * ($A$11:$A$42<=DATE($B$51,$B64+1,0)) * ISNUMBER(C$11:C$42), C$11:C$42, ) )} -> 0 | D64: {=SUM( IF( ISNUMBER($A$11:$A$42) * ($A$11:$A$42>=DATE($B$51,$B64,1)) * ($A$11:$A$42<=DATE($B$51,$B64+1,0)) * ISNUMBER(D$11:D$42), D$11:D$42, ) )} -> 0
B65: Summe | C65: =SUM(C53:C64) -> 0 | D65: =SUM(D53:D64) -> 0

Sheet FahrtenReisen
A1: =Überschuss!A1 -> 0 | M1: =Überschuss!C1 -> 45521 | P1: Hilfe
A2: =Überschuss!A2 -> 0
P3: Info:
A4: ="Fahrtkosten (Kilometerpauschale) und Reisekosten " & Überschuss!A7 -> Fahrtkosten (Kilometerpauschale) und Reisekosten 2024 | P4: Unten ist eine separate Tabelle für die Pendlerpauschale (Weg zur Arbeit)
P5: Bei der Kilometerpauschale geht es um Dienstreisen.
F6: Fahrtkosten | K6: Reisekosten
A7: Datum | B7: von | C7: bis | D7: Zeit | E7: Fahrtziel / Zweck | F7: Eigenes Fahrzeug | I7: Sonstige Fahrzeuge | K7: Verpfl.- pauschale | L7: Unterkunft/Sonstges | N7: Beleg | P7: * Umweg auf Privatfahrt
F8: Strecke | G8: Art | H8: Pauschale | I8: Netto | J8: MwSt | L8: Netto | M8: MwSt | N8: Nr.
A9: 45394 | B9: 0 | C9: 0 | D9: =ROUND((C9-B9)*24,2) -> 0 | E9: Cambio Carsharing | H9: =IF(G9=$C$85,$D$85,IF(G9=$C$86,$D$86,IF(G9=$C$87,$D$87,)))*F9 -> 0 | I9: 4.24 | J9: 0.8 | K9: =IF(D9>A$73,IF(D9<A$74,B$73,B$74),0) -> 0 | N9: fk1 | P9: Die Berechnung der Zeit
A10: 45408 | B10: 0 | C10: 0 | D10: =ROUND((C10-B10)*24,2) -> 0 | E10: Cambio Carsharing | F10: 0 | G10: aM | H10: =IF(G10=$C$85,$D$85,IF(G10=$C$86,$D$86,IF(G10=$C$87,$D$87,)))*F10 -> 0 | I10: 42.02 | J10: 7.98 | K10: =IF(D10>A$73,IF(D10<A$74,B$73,B$74),0) -> 0 | N10: fk2 | P10: berücksichtigt Reisen mit Übernachtung
A11: 45360 | B11: 0 | C11: 0 | D11: =ROUND((C11-B11)*24,2) -> 0 | E11: D. Meyer, Cccstadt / PC-Arbeiten + | F11: 0 | G11: Pkw | H11: =IF(G11=$C$85,$D$85,IF(G11=$C$86,$D$86,IF(G11=$C$87,$D$87,)))*F11 -> 0 | K11: =IF(D11>A$73,IF(D11<A$74,B$73,B$74),0) -> 0 | P11: oder Reisen, die nicht die 24/0-Uhr Grenze
D12: =ROUND((C12-B12)*24,2) -> 0 | H12: =IF(G12=$C$85,$D$85,IF(G12=$C$86,$D$86,IF(G12=$C$87,$D$87,)))*F12 -> 0 | K12: =IF(D12>A$73,IF(D12<A$74,B$73,B$74),0) -> 0 | P12: überschreiten.
D13: =ROUND((C13-B13)*24,2) -> 0 | H13: =IF(G13=$C$85,$D$85,IF(G13=$C$86,$D$86,IF(G13=$C$87,$D$87,)))*F13 -> 0 | K13: =IF(D13>A$73,IF(D13<A$74,B$73,B$74),0) -> 0 | P13: Bei Reisen über Mitternacht ohne Übernachtung
D14: =ROUND((C14-B14)*24,2) -> 0 | E14: Alles nur Muster; für die eigene Anwendung | H14: =IF(G14=$C$85,$D$85,IF(G14=$C$86,$D$86,IF(G14=$C$87,$D$87,)))*F14 -> 0 | K14: =IF(D14>A$73,IF(D14<A$74,B$73,B$74),0) -> 0 | P14: berechnen Sie die Zeiten bitte von Hand!
D15: =ROUND((C15-B15)*24,2) -> 0 | E15: bitte die gelben Felder vorher löschen. | H15: =IF(G15=$C$85,$D$85,IF(G15=$C$86,$D$86,IF(G15=$C$87,$D$87,)))*F15 -> 0 | K15: =IF(D15>A$73,IF(D15<A$74,B$73,B$74),0) -> 0 | P15: Siehe § 4 (5) Nr. 5 Satz 2 EStG:
D16: =ROUND((C16-B16)*24,2) -> 0 | H16: =IF(G16=$C$85,$D$85,IF(G16=$C$86,$D$86,IF(G16=$C$87,$D$87,)))*F16 -> 0 | K16: =IF(D16>A$73,IF(D16<A$74,B$73,B$74),0) -> 0 | P16: http://bundesrecht.juris.de/estg/__4.html
D17: =ROUND((C17-B17)*24,2) -> 0 | H17: =IF(G17=$C$85,$D$85,IF(G17=$C$86,$D$86,IF(G17=$C$87,$D$87,)))*F17 -> 0 | K17: =IF(D17>A$73,IF(D17<A$74,B$73,B$74),0) -> 0
D18: =ROUND((C18-B18)*24,2) -> 0 | H18: =IF(G18=$C$85,$D$85,IF(G18=$C$86,$D$86,IF(G18=$C$87,$D$87,)))*F18 -> 0 | K18: =IF(D18>A$73,IF(D18<A$74,B$73,B$74),0) -> 0
D19: =ROUND((C19-B19)*24,2) -> 0 | H19: =IF(G19=$C$85,$D$85,IF(G19=$C$86,$D$86,IF(G19=$C$87,$D$87,)))*F19 -> 0 | K19: =IF(D19>A$73,IF(D19<A$74,B$73,B$74),0) -> 0
D20: =ROUND((C20-B20)*24,2) -> 0 | H20: =IF(G20=$C$85,$D$85,IF(G20=$C$86,$D$86,IF(G20=$C$87,$D$87,)))*F20 -> 0 | K20: =IF(D20>A$73,IF(D20<A$74,B$73,B$74),0) -> 0 | P20: - In die gelben Felder wird eingegeben. Gedruckt wird schwarz-weiß.
D21: =ROUND((C21-B21)*24,2) -> 0 | H21: =IF(G21=$C$85,$D$85,IF(G21=$C$86,$D$86,IF(G21=$C$87,$D$87,)))*F21 -> 0 | K21: =IF(D21>A$73,IF(D21<A$74,B$73,B$74),0) -> 0
D22: =ROUND((C22-B22)*24,2) -> 0 | H22: =IF(G22=$C$85,$D$85,IF(G22=$C$86,$D$86,IF(G22=$C$87,$D$87,)))*F22 -> 0 | K22: =IF(D22>A$73,IF(D22<A$74,B$73,B$74),0) -> 0
D23: =ROUND((C23-B23)*24,2) -> 0 | H23: =IF(G23=$C$85,$D$85,IF(G23=$C$86,$D$86,IF(G23=$C$87,$D$87,)))*F23 -> 0 | K23: =IF(D23>A$73,IF(D23<A$74,B$73,B$74),0) -> 0 | P23: Fahrten mit Bahn, Taxi usw.;
D24: =ROUND((C24-B24)*24,2) -> 0 | H24: =IF(G24=$C$85,$D$85,IF(G24=$C$86,$D$86,IF(G24=$C$87,$D$87,)))*F24 -> 0 | K24: =IF(D24>A$73,IF(D24<A$74,B$73,B$74),0) -> 0 | P24: Lassen Sie einfach die Spalte "Fahrzeug" frei
D25: =ROUND((C25-B25)*24,2) -> 0 | H25: =IF(G25=$C$85,$D$85,IF(G25=$C$86,$D$86,IF(G25=$C$87,$D$87,)))*F25 -> 0 | K25: =IF(D25>A$73,IF(D25<A$74,B$73,B$74),0) -> 0
D26: =ROUND((C26-B26)*24,2) -> 0 | H26: =IF(G26=$C$85,$D$85,IF(G26=$C$86,$D$86,IF(G26=$C$87,$D$87,)))*F26 -> 0 | K26: =IF(D26>A$73,IF(D26<A$74,B$73,B$74),0) -> 0
D27: =ROUND((C27-B27)*24,2) -> 0 | H27: =IF(G27=$C$85,$D$85,IF(G27=$C$86,$D$86,IF(G27=$C$87,$D$87,)))*F27 -> 0 | K27: =IF(D27>A$73,IF(D27<A$74,B$73,B$74),0) -> 0
D28: =ROUND((C28-B28)*24,2) -> 0 | H28: =IF(G28=$C$85,$D$85,IF(G28=$C$86,$D$86,IF(G28=$C$87,$D$87,)))*F28 -> 0 | K28: =IF(D28>A$73,IF(D28<A$74,B$73,B$74),0) -> 0
D29: =ROUND((C29-B29)*24,2) -> 0 | H29: =IF(G29=$C$85,$D$85,IF(G29=$C$86,$D$86,IF(G29=$C$87,$D$87,)))*F29 -> 0 | K29: =IF(D29>A$73,IF(D29<A$74,B$73,B$74),0) -> 0
D30: =ROUND((C30-B30)*24,2) -> 0 | H30: =IF(G30=$C$85,$D$85,IF(G30=$C$86,$D$86,IF(G30=$C$87,$D$87,)))*F30 -> 0 | K30: =IF(D30>A$73,IF(D30<A$74,B$73,B$74),0) -> 0
D31: =ROUND((C31-B31)*24,2) -> 0 | H31: =IF(G31=$C$85,$D$85,IF(G31=$C$86,$D$86,IF(G31=$C$87,$D$87,)))*F31 -> 0 | K31: =IF(D31>A$73,IF(D31<A$74,B$73,B$74),0) -> 0
D32: =ROUND((C32-B32)*24,2) -> 0 | H32: =IF(G32=$C$85,$D$85,IF(G32=$C$86,$D$86,IF(G32=$C$87,$D$87,)))*F32 -> 0 | K32: =IF(D32>A$73,IF(D32<A$74,B$73,B$74),0) -> 0
D33: =ROUND((C33-B33)*24,2) -> 0 | H33: =IF(G33=$C$85,$D$85,IF(G33=$C$86,$D$86,IF(G33=$C$87,$D$87,)))*F33 -> 0 | K33: =IF(D33>A$73,IF(D33<A$74,B$73,B$74),0) -> 0
D34: =ROUND((C34-B34)*24,2) -> 0 | H34: =IF(G34=$C$85,$D$85,IF(G34=$C$86,$D$86,IF(G34=$C$87,$D$87,)))*F34 -> 0 | K34: =IF(D34>A$73,IF(D34<A$74,B$73,B$74),0) -> 0
D35: =ROUND((C35-B35)*24,2) -> 0 | H35: =IF(G35=$C$85,$D$85,IF(G35=$C$86,$D$86,IF(G35=$C$87,$D$87,)))*F35 -> 0 | K35: =IF(D35>A$73,IF(D35<A$74,B$73,B$74),0) -> 0
D36: =ROUND((C36-B36)*24,2) -> 0 | H36: =IF(G36=$C$85,$D$85,IF(G36=$C$86,$D$86,IF(G36=$C$87,$D$87,)))*F36 -> 0 | K36: =IF(D36>A$73,IF(D36<A$74,B$73,B$74),0) -> 0
... D44: =ROUND((C44-B44)*24,2) -> 0 | H44: =IF(G44=$C$85,$D$85,IF(G44=$C$86,$D$86,IF(G44=$C$87,$D$87,)))*F44 -> 0 | K44: =IF(D44>A$73,IF(D44<A$74,B$73,B$74),0) -> 0
D45: =ROUND((C45-B45)*24,2) -> 0 | H45: =IF(G45=$C$85,$D$85,IF(G45=$C$86,$D$86,IF(G45=$C$87,$D$87,)))*F45 -> 0 | K45: =IF(D45>A$73,IF(D45<A$74,B$73,B$74),0) -> 0 | P45: und geben Sie in Spalte "Sonstige Fahrzeuge" den Preis ein.
D46: =ROUND((C46-B46)*24,2) -> 0 | H46: =IF(G46=$C$85,$D$85,IF(G46=$C$86,$D$86,IF(G46=$C$87,$D$87,)))*F46 -> 0 | K46: =IF(D46>A$73,IF(D46<A$74,B$73,B$74),0) -> 0
D47: =ROUND((C47-B47)*24,2) -> 0 | H47: =IF(G47=$C$85,$D$85,IF(G47=$C$86,$D$86,IF(G47=$C$87,$D$87,)))*F47 -> 0 | K47: =IF(D47>A$73,IF(D47<A$74,B$73,B$74),0) -> 0
D48: =ROUND((C48-B48)*24,2) -> 0 | H48: =IF(G48=$C$85,$D$85,IF(G48=$C$86,$D$86,IF(G48=$C$87,$D$87,)))*F48 -> 0 | K48: =IF(D48>A$73,IF(D48<A$74,B$73,B$74),0) -> 0
D49: =ROUND((C49-B49)*24,2) -> 0 | H49: =IF(G49=$C$85,$D$85,IF(G49=$C$86,$D$86,IF(G49=$C$87,$D$87,)))*F49 -> 0 | K49: =IF(D49>A$73,IF(D49<A$74,B$73,B$74),0) -> 0
D50: =ROUND((C50-B50)*24,2) -> 0 | H50: =IF(G50=$C$85,$D$85,IF(G50=$C$86,$D$86,IF(G50=$C$87,$D$87,)))*F50 -> 0 | K50: =IF(D50>A$73,IF(D50<A$74,B$73,B$74),0) -> 0
D51: =ROUND((C51-B51)*24,2) -> 0 | H51: =IF(G51=$C$85,$D$85,IF(G51=$C$86,$D$86,IF(G51=$C$87,$D$87,)))*F51 -> 0 | K51: =IF(D51>A$73,IF(D51<A$74,B$73,B$74),0) -> 0
D52: =ROUND((C52-B52)*24,2) -> 0 | H52: =IF(G52=$C$85,$D$85,IF(G52=$C$86,$D$86,IF(G52=$C$87,$D$87,)))*F52 -> 0 | K52: =IF(D52>A$73,IF(D52<A$74,B$73,B$74),0) -> 0
D53: =ROUND((C53-B53)*24,2) -> 0 | H53: =IF(G53=$C$85,$D$85,IF(G53=$C$86,$D$86,IF(G53=$C$87,$D$87,)))*F53 -> 0 | K53: =IF(D53>A$73,IF(D53<A$74,B$73,B$74),0) -> 0
D54: =ROUND((C54-B54)*24,2) -> 0 | H54: =IF(G54=$C$85,$D$85,IF(G54=$C$86,$D$86,IF(G54=$C$87,$D$87,)))*F54 -> 0 | K54: =IF(D54>A$73,IF(D54<A$74,B$73,B$74),0) -> 0
D55: =ROUND((C55-B55)*24,2) -> 0 | H55: =IF(G55=$C$85,$D$85,IF(G55=$C$86,$D$86,IF(G55=$C$87,$D$87,)))*F55 -> 0 | K55: =IF(D55>A$73,IF(D55<A$74,B$73,B$74),0) -> 0
D56: =ROUND((C56-B56)*24,2) -> 0 | H56: =IF(G56=$C$85,$D$85,IF(G56=$C$86,$D$86,IF(G56=$C$87,$D$87,)))*F56 -> 0 | K56: =IF(D56>A$73,IF(D56<A$74,B$73,B$74),0) -> 0
D57: =ROUND((C57-B57)*24,2) -> 0 | H57: =IF(G57=$C$85,$D$85,IF(G57=$C$86,$D$86,IF(G57=$C$87,$D$87,)))*F57 -> 0 | K57: =IF(D57>A$73,IF(D57<A$74,B$73,B$74),0) -> 0
D58: =ROUND((C58-B58)*24,2) -> 0 | H58: =IF(G58=$C$85,$D$85,IF(G58=$C$86,$D$86,IF(G58=$C$87,$D$87,)))*F58 -> 0 | K58: =IF(D58>A$73,IF(D58<A$74,B$73,B$74),0) -> 0
D59: =ROUND((C59-B59)*24,2) -> 0 | H59: =IF(G59=$C$85,$D$85,IF(G59=$C$86,$D$86,IF(G59=$C$87,$D$87,)))*F59 -> 0 | K59: =IF(D59>A$73,IF(D59<A$74,B$73,B$74),0) -> 0 | P59: nur vor dieser Zeile neue Zeilen einfügen; nicht danach!
A60: Summen
A61: 84 Fahrtkosten für nicht zum Betriebsvermögen gehörende Fahrzeuge (Nutzungseinlage) | F61: =SUM(F8:F59) -> 0 | H61: =SUM(H8:H59) -> 0
A62: 83 Sonstige tatsächliche Fahrtkosten ohne AfA und Zinsen (z. B. Reparaturen, Wartungen, Treibstoff, Kosten für Flugstrecken, Kosten für öffentliche Verkehrsmittel) | I62: =SUM(I9:I61) -> 46.26 | J62: =SUM(J9:J61) -> 8.78
A63: 69 Verpflegungsmehraufwendungen | K63: =SUM(K8:K61) -> 0
A64: 50 Übernachtungs- und Reisenebenkosten bei Geschäftsreisen des Steuerpflichtigen | L64: =SUM(L8:L61) -> 0 | M64: =SUM(M8:M61) -> 0
E67: =Überschuss!A7 -> 2024
F68: Summen pro Monat und Quartal (Für die eigene Planung und ggf. für Ust_Voranmeldungen)
A69: Verpflegungspauschale | H69: =F6 -> Fahrtkosten | K69: =K6 -> Reisekosten
F70: =F7 -> Eigenes Fahrzeug | H70: =H7 -> 0 | I70: =I7 -> Sonstige Fahrzeuge | K70: =K7 -> Verpfl.- pauschale | L70: =L7 -> Unterkunft/Sonstges
A71: Dauer min-destens | B71: Pau- schale | E71: Quelle: | H71: =H8 -> Pauschale | I71: =I8 -> Netto | J71: =J8 -> MwSt | L71: =L8 -> Netto | M71: =M8 -> MwSt | N71: =SUM(H72:M74)+SUM(H77:M79)+SUM(H82:M84)+SUM(H87:M89) -> 55.04
E72: https://www.klicktipps.de/einkommensteuer-werbungskosten.php | F72: 1 | H72: {=SUM(IF((ISNUMBER($A$8:$A$61))*($A$8:$A$61>=DATE($E$67,$F72,1))*($A$8:$A$61<=DATE($E$67,$F72+1,0))*ISNUMBER(H$8:H$61),H$8:H$61))} -> 0 | I72: {=SUM(IF((ISNUMBER($A$8:$A$61))*($A$8:$A$61>=DATE($E$67,$F72,1))*($A$8:$A$61<=DATE($E$67,$F72+1,0))*ISNUMBER(I$8:I$61),I$8:I$61))} -> 0 | J72: {=SUM(IF((ISNUMBER($A$8:$A$61))*($A$8:$A$61>=DATE($E$67,$F72,1))*($A$8:$A$61<=DATE($E$67,$F72+1,0))*ISNUMBER(J$8:J$61),J$8:J$61))} -> 0 | K72: {=SUM(IF((ISNUMBER($A$9:$A$59))*($A$9:$A$59>=DATE($E$67,$F72,1))*($A$9:$A$59<=DATE($E$67,$F72+1,0))*ISNUMBER(K$9:K$59),K$9:K$59))} -> 0 | L72: {=SUM(IF((ISNUMBER($A$9:$A$59))*($A$9:$A$59>=DATE($E$67,$F72,1))*($A$9:$A$59<=DATE($E$67,$F72+1,0))*ISNUMBER(L$9:L$59),L$9:L$59))} -> 0 | M72: {=SUM(IF((ISNUMBER($A$9:$A$59))*($A$9:$A$59>=DATE($E$67,$F72,1))*($A$9:$A$59<=DATE($E$67,$F72+1,0))*ISNUMBER(M$9:M$59),M$9:M$59))} -> 0
A73: 8 | B73: 14 | F73: 2 | H73: {=SUM(IF((ISNUMBER($A$8:$A$61))*($A$8:$A$61>=DATE($E$67,$F73,1))*($A$8:$A$61<=DATE($E$67,$F73+1,0))*ISNUMBER(H$8:H$61),H$8:H$61))} -> 0 | I73: {=SUM(IF((ISNUMBER($A$8:$A$61))*($A$8:$A$61>=DATE($E$67,$F73,1))*($A$8:$A$61<=DATE($E$67,$F73+1,0))*ISNUMBER(I$8:I$61),I$8:I$61))} -> 0 | J73: {=SUM(IF((ISNUMBER($A$8:$A$61))*($A$8:$A$61>=DATE($E$67,$F73,1))*($A$8:$A$61<=DATE($E$67,$F73+1,0))*ISNUMBER(J$8:J$61),J$8:J$61))} -> 0 | K73: {=SUM(IF((ISNUMBER($A$9:$A$59))*($A$9:$A$59>=DATE($E$67,$F73,1))*($A$9:$A$59<=DATE($E$67,$F73+1,0))*ISNUMBER(K$9:K$59),K$9:K$59))} -> 0 | L73: {=SUM(IF((ISNUMBER($A$9:$A$59))*($A$9:$A$59>=DATE($E$67,$F73,1))*($A$9:$A$59<=DATE($E$67,$F73+1,0))*ISNUMBER(L$9:L$59),L$9:L$59))} -> 0 | M73: {=SUM(IF((ISNUMBER($A$9:$A$59))*($A$9:$A$59>=DATE($E$67,$F73,1))*($A$9:$A$59<=DATE($E$67,$F73+1,0))*ISNUMBER(M$9:M$59),M$9:M$59))} -> 0
A74: 24 | B74: 28 | F74: 3 | H74: {=SUM(IF((ISNUMBER($A$8:$A$61))*($A$8:$A$61>=DATE($E$67,$F74,1))*($A$8:$A$61<=DATE($E$67,$F74+1,0))*ISNUMBER(H$8:H$61),H$8:H$61))} -> 0 | I74: {=SUM(IF((ISNUMBER($A$8:$A$61))*($A$8:$A$61>=DATE($E$67,$F74,1))*($A$8:$A$61<=DATE($E$67,$F74+1,0))*ISNUMBER(I$8:I$61),I$8:I$61))} -> 0 | J74: {=SUM(IF((ISNUMBER($A$8:$A$61))*($A$8:$A$61>=DATE($E$67,$F74,1))*($A$8:$A$61<=DATE($E$67,$F74+1,0))*ISNUMBER(J$8:J$61),J$8:J$61))} -> 0 | K74: {=SUM(IF((ISNUMBER($A$9:$A$59))*($A$9:$A$59>=DATE($E$67,$F74,1))*($A$9:$A$59<=DATE($E$67,$F74+1,0))*ISNUMBER(K$9:K$59),K$9:K$59))} -> 0 | L74: {=SUM(IF((ISNUMBER($A$9:$A$59))*($A$9:$A$59>=DATE($E$67,$F74,1))*($A$9:$A$59<=DATE($E$67,$F74+1,0))*ISNUMBER(L$9:L$59),L$9:L$59))} -> 0 | M74: {=SUM(IF((ISNUMBER($A$9:$A$59))*($A$9:$A$59>=DATE($E$67,$F74,1))*($A$9:$A$59<=DATE($E$67,$F74+1,0))*ISNUMBER(M$9:M$59),M$9:M$59))} -> 0
F75: 1 | H75: =SUM(H72:H74) -> 0 | I75: =SUM(I72:I74) -> 0 | J75: =SUM(J72:J74) -> 0 | K75: =SUM(K72:K74) -> 0 | L75: =SUM(L72:L74) -> 0 | M75: =SUM(M72:M74) -> 0
A76: Die 14,00 € gelten bei Reisen mit Übernachtung auch
A77: unabhängig von der Abwehsenheitsdauer, für den An- und Abreisetag. | F77: 4 | H77: {=SUM(IF((ISNUMBER($A$8:$A$61))*($A$8:$A$61>=DATE($E$67,$F77,1))*($A$8:$A$61<=DATE($E$67,$F77+1,0))*ISNUMBER(H$8:H$61),H$8:H$61))} -> 0 | I77: {=SUM(IF((ISNUMBER($A$8:$A$61))*($A$8:$A$61>=DATE($E$67,$F77,1))*($A$8:$A$61<=DATE($E$67,$F77+1,0))*ISNUMBER(I$8:I$61),I$8:I$61))} -> 46.26 | J77: {=SUM(IF((ISNUMBER($A$8:$A$61))*($A$8:$A$61>=DATE($E$67,$F77,1))*($A$8:$A$61<=DATE($E$67,$F77+1,0))*ISNUMBER(J$8:J$61),J$8:J$61))} -> 8.78 | K77: {=SUM(IF((ISNUMBER($A$9:$A$59))*($A$9:$A$59>=DATE($E$67,$F77,1))*($A$9:$A$59<=DATE($E$67,$F77+1,0))*ISNUMBER(K$9:K$59),K$9:K$59))} -> 0 | L77: {=SUM(IF((ISNUMBER($A$9:$A$59))*($A$9:$A$59>=DATE($E$67,$F77,1))*($A$9:$A$59<=DATE($E$67,$F77+1,0))*ISNUMBER(L$9:L$59),L$9:L$59))} -> 0 | M77: {=SUM(IF((ISNUMBER($A$9:$A$59))*($A$9:$A$59>=DATE($E$67,$F77,1))*($A$9:$A$59<=DATE($E$67,$F77+1,0))*ISNUMBER(M$9:M$59),M$9:M$59))} -> 0
A78: Bitte setzen Sie den Betrag in diesem Fall von Hand in Spalte I. | F78: 5 | H78: {=SUM(IF((ISNUMBER($A$8:$A$61))*($A$8:$A$61>=DATE($E$67,$F78,1))*($A$8:$A$61<=DATE($E$67,$F78+1,0))*ISNUMBER(H$8:H$61),H$8:H$61))} -> 0 | I78: {=SUM(IF((ISNUMBER($A$8:$A$61))*($A$8:$A$61>=DATE($E$67,$F78,1))*($A$8:$A$61<=DATE($E$67,$F78+1,0))*ISNUMBER(I$8:I$61),I$8:I$61))} -> 0 | J78: {=SUM(IF((ISNUMBER($A$8:$A$61))*($A$8:$A$61>=DATE($E$67,$F78,1))*($A$8:$A$61<=DATE($E$67,$F78+1,0))*ISNUMBER(J$8:J$61),J$8:J$61))} -> 0 | K78: {=SUM(IF((ISNUMBER($A$9:$A$59))*($A$9:$A$59>=DATE($E$67,$F78,1))*($A$9:$A$59<=DATE($E$67,$F78+1,0))*ISNUMBER(K$9:K$59),K$9:K$59))} -> 0 | L78: {=SUM(IF((ISNUMBER($A$9:$A$59))*($A$9:$A$59>=DATE($E$67,$F78,1))*($A$9:$A$59<=DATE($E$67,$F78+1,0))*ISNUMBER(L$9:L$59),L$9:L$59))} -> 0 | M78: {=SUM(IF((ISNUMBER($A$9:$A$59))*($A$9:$A$59>=DATE($E$67,$F78,1))*($A$9:$A$59<=DATE($E$67,$F78+1,0))*ISNUMBER(M$9:M$59),M$9:M$59))} -> 0
F79: 6 | H79: {=SUM(IF((ISNUMBER($A$8:$A$61))*($A$8:$A$61>=DATE($E$67,$F79,1))*($A$8:$A$61<=DATE($E$67,$F79+1,0))*ISNUMBER(H$8:H$61),H$8:H$61))} -> 0 | I79: {=SUM(IF((ISNUMBER($A$8:$A$61))*($A$8:$A$61>=DATE($E$67,$F79,1))*($A$8:$A$61<=DATE($E$67,$F79+1,0))*ISNUMBER(I$8:I$61),I$8:I$61))} -> 0 | J79: {=SUM(IF((ISNUMBER($A$8:$A$61))*($A$8:$A$61>=DATE($E$67,$F79,1))*($A$8:$A$61<=DATE($E$67,$F79+1,0))*ISNUMBER(J$8:J$61),J$8:J$61))} -> 0 | K79: {=SUM(IF((ISNUMBER($A$9:$A$59))*($A$9:$A$59>=DATE($E$67,$F79,1))*($A$9:$A$59<=DATE($E$67,$F79+1,0))*ISNUMBER(K$9:K$59),K$9:K$59))} -> 0 | L79: {=SUM(IF((ISNUMBER($A$9:$A$59))*($A$9:$A$59>=DATE($E$67,$F79,1))*($A$9:$A$59<=DATE($E$67,$F79+1,0))*ISNUMBER(L$9:L$59),L$9:L$59))} -> 0 | M79: {=SUM(IF((ISNUMBER($A$9:$A$59))*($A$9:$A$59>=DATE($E$67,$F79,1))*($A$9:$A$59<=DATE($E$67,$F79+1,0))*ISNUMBER(M$9:M$59),M$9:M$59))} -> 0
F80: 2 | H80: =SUM(H77:H79) -> 0 | I80: =SUM(I77:I79) -> 46.26 | J80: =SUM(J77:J79) -> 8.78 | K80: =SUM(K77:K79) -> 0 | L80: =SUM(L77:L79) -> 0 | M80: =SUM(M77:M79) -> 0
A81: Kilometerpauschale
F82: 7 | H82: {=SUM(IF((ISNUMBER($A$8:$A$61))*($A$8:$A$61>=DATE($E$67,$F82,1))*($A$8:$A$61<=DATE($E$67,$F82+1,0))*ISNUMBER(H$8:H$61),H$8:H$61))} -> 0 | I82: {=SUM(IF((ISNUMBER($A$8:$A$61))*($A$8:$A$61>=DATE($E$67,$F82,1))*($A$8:$A$61<=DATE($E$67,$F82+1,0))*ISNUMBER(I$8:I$61),I$8:I$61))} -> 0 | J82: {=SUM(IF((ISNUMBER($A$8:$A$61))*($A$8:$A$61>=DATE($E$67,$F82,1))*($A$8:$A$61<=DATE($E$67,$F82+1,0))*ISNUMBER(J$8:J$61),J$8:J$61))} -> 0 | K82: {=SUM(IF((ISNUMBER($A$9:$A$59))*($A$9:$A$59>=DATE($E$67,$F82,1))*($A$9:$A$59<=DATE($E$67,$F82+1,0))*ISNUMBER(K$9:K$59),K$9:K$59))} -> 0 | L82: {=SUM(IF((ISNUMBER($A$9:$A$59))*($A$9:$A$59>=DATE($E$67,$F82,1))*($A$9:$A$59<=DATE($E$67,$F82+1,0))*ISNUMBER(L$9:L$59),L$9:L$59))} -> 0 | M82: {=SUM(IF((ISNUMBER($A$9:$A$59))*($A$9:$A$59>=DATE($E$67,$F82,1))*($A$9:$A$59<=DATE($E$67,$F82+1,0))*ISNUMBER(M$9:M$59),M$9:M$59))} -> 0
A83: Fahrzeug | C83: Ab- kürz. | D83: Satz | E83: Quelle: | F83: 8 | H83: {=SUM(IF((ISNUMBER($A$8:$A$61))*($A$8:$A$61>=DATE($E$67,$F83,1))*($A$8:$A$61<=DATE($E$67,$F83+1,0))*ISNUMBER(H$8:H$61),H$8:H$61))} -> 0 | I83: {=SUM(IF((ISNUMBER($A$8:$A$61))*($A$8:$A$61>=DATE($E$67,$F83,1))*($A$8:$A$61<=DATE($E$67,$F83+1,0))*ISNUMBER(I$8:I$61),I$8:I$61))} -> 0 | J83: {=SUM(IF((ISNUMBER($A$8:$A$61))*($A$8:$A$61>=DATE($E$67,$F83,1))*($A$8:$A$61<=DATE($E$67,$F83+1,0))*ISNUMBER(J$8:J$61),J$8:J$61))} -> 0 | K83: {=SUM(IF((ISNUMBER($A$9:$A$59))*($A$9:$A$59>=DATE($E$67,$F83,1))*($A$9:$A$59<=DATE($E$67,$F83+1,0))*ISNUMBER(K$9:K$59),K$9:K$59))} -> 0 | L83: {=SUM(IF((ISNUMBER($A$9:$A$59))*($A$9:$A$59>=DATE($E$67,$F83,1))*($A$9:$A$59<=DATE($E$67,$F83+1,0))*ISNUMBER(L$9:L$59),L$9:L$59))} -> 0 | M83: {=SUM(IF((ISNUMBER($A$9:$A$59))*($A$9:$A$59>=DATE($E$67,$F83,1))*($A$9:$A$59<=DATE($E$67,$F83+1,0))*ISNUMBER(M$9:M$59),M$9:M$59))} -> 0
E84: https://www.klicktipps.de/einkommensteuer-werbungskosten.php | F84: 9 | H84: {=SUM(IF((ISNUMBER($A$8:$A$61))*($A$8:$A$61>=DATE($E$67,$F84,1))*($A$8:$A$61<=DATE($E$67,$F84+1,0))*ISNUMBER(H$8:H$61),H$8:H$61))} -> 0 | I84: {=SUM(IF((ISNUMBER($A$8:$A$61))*($A$8:$A$61>=DATE($E$67,$F84,1))*($A$8:$A$61<=DATE($E$67,$F84+1,0))*ISNUMBER(I$8:I$61),I$8:I$61))} -> 0 | J84: {=SUM(IF((ISNUMBER($A$8:$A$61))*($A$8:$A$61>=DATE($E$67,$F84,1))*($A$8:$A$61<=DATE($E$67,$F84+1,0))*ISNUMBER(J$8:J$61),J$8:J$61))} -> 0 | K84: {=SUM(IF((ISNUMBER($A$9:$A$59))*($A$9:$A$59>=DATE($E$67,$F84,1))*($A$9:$A$59<=DATE($E$67,$F84+1,0))*ISNUMBER(K$9:K$59),K$9:K$59))} -> 0 | L84: {=SUM(IF((ISNUMBER($A$9:$A$59))*($A$9:$A$59>=DATE($E$67,$F84,1))*($A$9:$A$59<=DATE($E$67,$F84+1,0))*ISNUMBER(L$9:L$59),L$9:L$59))} -> 0 | M84: {=SUM(IF((ISNUMBER($A$9:$A$59))*($A$9:$A$59>=DATE($E$67,$F84,1))*($A$9:$A$59<=DATE($E$67,$F84+1,0))*ISNUMBER(M$9:M$59),M$9:M$59))} -> 0
A85: anderes Motorf. | C85: aM | D85: 0.2 | F85: 3 | H85: =SUM(H82:H84) -> 0 | I85: =SUM(I82:I84) -> 0 | J85: =SUM(J82:J84) -> 0 | K85: =SUM(K82:K84) -> 0 | L85: =SUM(L82:L84) -> 0 | M85: =SUM(M82:M84) -> 0
A86: Pkw | C86: Pkw | D86: 0.3
A87: Privater Pkw | C87: BMW X5 | D87: 0.3 | E87: Privat Wagen | F87: 10 | H87: {=SUM(IF((ISNUMBER($A$8:$A$61))*($A$8:$A$61>=DATE($E$67,$F87,1))*($A$8:$A$61<=DATE($E$67,$F87+1,0))*ISNUMBER(H$8:H$61),H$8:H$61))} -> 0 | I87: {=SUM(IF((ISNUMBER($A$8:$A$61))*($A$8:$A$61>=DATE($E$67,$F87,1))*($A$8:$A$61<=DATE($E$67,$F87+1,0))*ISNUMBER(I$8:I$61),I$8:I$61))} -> 0 | J87: {=SUM(IF((ISNUMBER($A$8:$A$61))*($A$8:$A$61>=DATE($E$67,$F87,1))*($A$8:$A$61<=DATE($E$67,$F87+1,0))*ISNUMBER(J$8:J$61),J$8:J$61))} -> 0 | K87: {=SUM(IF((ISNUMBER($A$9:$A$59))*($A$9:$A$59>=DATE($E$67,$F87,1))*($A$9:$A$59<=DATE($E$67,$F87+1,0))*ISNUMBER(K$9:K$59),K$9:K$59))} -> 0 | L87: {=SUM(IF((ISNUMBER($A$9:$A$59))*($A$9:$A$59>=DATE($E$67,$F87,1))*($A$9:$A$59<=DATE($E$67,$F87+1,0))*ISNUMBER(L$9:L$59),L$9:L$59))} -> 0 | M87: {=SUM(IF((ISNUMBER($A$9:$A$59))*($A$9:$A$59>=DATE($E$67,$F87,1))*($A$9:$A$59<=DATE($E$67,$F87+1,0))*ISNUMBER(M$9:M$59),M$9:M$59))} -> 0
F88: 11 | H88: {=SUM(IF((ISNUMBER($A$8:$A$61))*($A$8:$A$61>=DATE($E$67,$F88,1))*($A$8:$A$61<=DATE($E$67,$F88+1,0))*ISNUMBER(H$8:H$61),H$8:H$61))} -> 0 | I88: {=SUM(IF((ISNUMBER($A$8:$A$61))*($A$8:$A$61>=DATE($E$67,$F88,1))*($A$8:$A$61<=DATE($E$67,$F88+1,0))*ISNUMBER(I$8:I$61),I$8:I$61))} -> 0 | J88: {=SUM(IF((ISNUMBER($A$8:$A$61))*($A$8:$A$61>=DATE($E$67,$F88,1))*($A$8:$A$61<=DATE($E$67,$F88+1,0))*ISNUMBER(J$8:J$61),J$8:J$61))} -> 0 | K88: {=SUM(IF((ISNUMBER($A$9:$A$59))*($A$9:$A$59>=DATE($E$67,$F88,1))*($A$9:$A$59<=DATE($E$67,$F88+1,0))*ISNUMBER(K$9:K$59),K$9:K$59))} -> 0 | L88: {=SUM(IF((ISNUMBER($A$9:$A$59))*($A$9:$A$59>=DATE($E$67,$F88,1))*($A$9:$A$59<=DATE($E$67,$F88+1,0))*ISNUMBER(L$9:L$59),L$9:L$59))} -> 0 | M88: {=SUM(IF((ISNUMBER($A$9:$A$59))*($A$9:$A$59>=DATE($E$67,$F88,1))*($A$9:$A$59<=DATE($E$67,$F88+1,0))*ISNUMBER(M$9:M$59),M$9:M$59))} -> 0
F89: 12 | H89: {=SUM(IF((ISNUMBER($A$8:$A$61))*($A$8:$A$61>=DATE($E$67,$F89,1))*($A$8:$A$61<=DATE($E$67,$F89+1,0))*ISNUMBER(H$8:H$61),H$8:H$61))} -> 0 | I89: {=SUM(IF((ISNUMBER($A$8:$A$61))*($A$8:$A$61>=DATE($E$67,$F89,1))*($A$8:$A$61<=DATE($E$67,$F89+1,0))*ISNUMBER(I$8:I$61),I$8:I$61))} -> 0 | J89: {=SUM(IF((ISNUMBER($A$8:$A$61))*($A$8:$A$61>=DATE($E$67,$F89,1))*($A$8:$A$61<=DATE($E$67,$F89+1,0))*ISNUMBER(J$8:J$61),J$8:J$61))} -> 0 | K89: {=SUM(IF((ISNUMBER($A$9:$A$59))*($A$9:$A$59>=DATE($E$67,$F89,1))*($A$9:$A$59<=DATE($E$67,$F89+1,0))*ISNUMBER(K$9:K$59),K$9:K$59))} -> 0 | L89: {=SUM(IF((ISNUMBER($A$9:$A$59))*($A$9:$A$59>=DATE($E$67,$F89,1))*($A$9:$A$59<=DATE($E$67,$F89+1,0))*ISNUMBER(L$9:L$59),L$9:L$59))} -> 0 | M89: {=SUM(IF((ISNUMBER($A$9:$A$59))*($A$9:$A$59>=DATE($E$67,$F89,1))*($A$9:$A$59<=DATE($E$67,$F89+1,0))*ISNUMBER(M$9:M$59),M$9:M$59))} -> 0
F90: 4 | H90: =SUM(H87:H89) -> 0 | I90: =SUM(I87:I89) -> 0 | J90: =SUM(J87:J89) -> 0 | K90: =SUM(K87:K89) -> 0 | L90: =SUM(L87:L89) -> 0 | M90: =SUM(M87:M89) -> 0
F92: nicht zug. Beträge | H92: {=SUM(IF(NOT(ISNUMBER($A$9:$A$60)) * (TRIM($A$9:$A$60)<>"Summen")*ISNUMBER(H$9:H$60),H$9:H$60))} -> 0 | I92: {=SUM(IF(NOT(ISNUMBER($A$9:$A$60)) * (TRIM($A$9:$A$60)<>"Summen")*ISNUMBER(I$9:I$60),I$9:I$60))} -> 0 | J92: {=SUM(IF(NOT(ISNUMBER($A$9:$A$60)) * (TRIM($A$9:$A$60)<>"Summen")*ISNUMBER(J$9:J$60),J$9:J$60))} -> 0 | K92: {=SUM(IF(NOT(ISNUMBER($A$9:$A$60)) * (TRIM($A$9:$A$60)<>"Summen")*ISNUMBER(K$9:K$60),K$9:K$60))} -> 0 | L92: {=SUM(IF(NOT(ISNUMBER($A$9:$A$60)) * (TRIM($A$9:$A$60)<>"Summen")*ISNUMBER(L$9:L$60),L$9:L$60))} -> 0 | M92: {=SUM(IF(NOT(ISNUMBER($A$9:$A$60)) * (TRIM($A$9:$A$60)<>"Summen")*ISNUMBER(M$9:M$60),M$9:M$60))} -> 0
F93: Summe (Kontrolle) | H93: =H75+H80+H85+H90+H92 -> 0 | I93: =I75+I80+I85+I90+I92 -> 46.26 | J93: =J75+J80+J85+J90+J92 -> 8.78 | K93: =K75+K80+K85+K90+K92 -> 0 | L93: =L75+L80+L85+L90+L92 -> 0 | M93: =M75+M80+M85+M90+M92 -> 0 | N93: =SUM(H93:M93) -> 55.04
A96: ="Fahrtkosten (Pendlerpauschale bzw. Entfernungspauschale) " & Überschuss!A7 -> Fahrtkosten (Pendlerpauschale bzw. Entfernungspauschale) 2024
A98: Datum | B98: Fahrtziel / Zweck | F98: Eigenes Fahrzeug | J98: Pkw | K98: bis 20km | L98: >20km
F99: Strecke | G99: Art | H99: Pauschale | J99: bis 2020 | K99: 0.3 | L99: 0.3
H100: =IF(G100=$C$87,$D$87*F100,IF(G100="aM",0.2*F100,IF(F100>20,(IF(E$67>2020,IF(E$67>2021,IF(E$67>2026,0.3,0.38),0.35),0.3))*(F100-20)+20*0.3,F100*0.3))) -> 0 | J100: 2021 | K100: 0.3 | L100: 0.35
H101: =IF(G101=$C$87,$D$87*F101,IF(G101="aM",0.2*F101,IF(F101>20,(IF(E$67>2020,IF(E$67>2021,IF(E$67>2026,0.3,0.38),0.35),0.3))*(F101-20)+20*0.3,F101*0.3))) -> 0 | J101: 2022 | K101: 0.3 | L101: 0.38
H102: =IF(G102=$C$87,$D$87*F102,IF(G102="aM",0.2*F102,IF(F102>20,(IF(E$67>2020,IF(E$67>2021,IF(E$67>2026,0.3,0.38),0.35),0.3))*(F102-20)+20*0.3,F102*0.3))) -> 0 | J102: 2023 | K102: 0.3 | L102: 0.38
H103: =IF(G103=$C$87,$D$87*F103,IF(G103="aM",0.2*F103,IF(F103>20,(IF(E$67>2020,IF(E$67>2021,IF(E$67>2026,0.3,0.38),0.35),0.3))*(F103-20)+20*0.3,F103*0.3))) -> 0 | J103: 2024 | K103: 0.3 | L103: 0.38
H104: =IF(G104=$C$87,$D$87*F104,IF(G104="aM",0.2*F104,IF(F104>20,(IF(E$67>2020,IF(E$67>2021,IF(E$67>2026,0.3,0.38),0.35),0.3))*(F104-20)+20*0.3,F104*0.3))) -> 0 | J104: 2025 | K104: 0.3 | L104: 0.38
H105: =IF(G105=$C$87,$D$87*F105,IF(G105="aM",0.2*F105,IF(F105>20,(IF(E$67>2020,IF(E$67>2021,IF(E$67>2026,0.3,0.38),0.35),0.3))*(F105-20)+20*0.3,F105*0.3))) -> 0 | J105: 2026 | K105: 0.3 | L105: 0.38
H106: =IF(G106=$C$87,$D$87*F106,IF(G106="aM",0.2*F106,IF(F106>20,(IF(E$67>2020,IF(E$67>2021,IF(E$67>2026,0.3,0.38),0.35),0.3))*(F106-20)+20*0.3,F106*0.3))) -> 0 | J106: 2027 | K106: 0.3 | L106: 0.3
H107: =IF(G107=$C$87,$D$87*F107,IF(G107="aM",0.2*F107,IF(F107>20,(IF(E$67>2020,IF(E$67>2021,IF(E$67>2026,0.3,0.38),0.35),0.3))*(F107-20)+20*0.3,F107*0.3))) -> 0
H108: =IF(G108=$C$87,$D$87*F108,IF(G108="aM",0.2*F108,IF(F108>20,(IF(E$67>2020,IF(E$67>2021,IF(E$67>2026,0.3,0.38),0.35),0.3))*(F108-20)+20*0.3,F108*0.3))) -> 0 | J108: Die Pendlerpauschale bezieht sich
H109: =IF(G109=$C$87,$D$87*F109,IF(G109="aM",0.2*F109,IF(F109>20,(IF(E$67>2020,IF(E$67>2021,IF(E$67>2026,0.3,0.38),0.35),0.3))*(F109-20)+20*0.3,F109*0.3))) -> 0 | J109: auf den Arbeitsweg (Wohnort bis Arbeitsstätte).
H110: =IF(G110=$C$87,$D$87*F110,IF(G110="aM",0.2*F110,IF(F110>20,(IF(E$67>2020,IF(E$67>2021,IF(E$67>2026,0.3,0.38),0.35),0.3))*(F110-20)+20*0.3,F110*0.3))) -> 0
H111: =IF(G111=$C$87,$D$87*F111,IF(G111="aM",0.2*F111,IF(F111>20,(IF(E$67>2020,IF(E$67>2021,IF(E$67>2026,0.3,0.38),0.35),0.3))*(F111-20)+20*0.3,F111*0.3))) -> 0
H112: =IF(G112=$C$87,$D$87*F112,IF(G112="aM",0.2*F112,IF(F112>20,(IF(E$67>2020,IF(E$67>2021,IF(E$67>2026,0.3,0.38),0.35),0.3))*(F112-20)+20*0.3,F112*0.3))) -> 0
H113: =IF(G113=$C$87,$D$87*F113,IF(G113="aM",0.2*F113,IF(F113>20,(IF(E$67>2020,IF(E$67>2021,IF(E$67>2026,0.3,0.38),0.35),0.3))*(F113-20)+20*0.3,F113*0.3))) -> 0
...

Sheet Abschreibung
A1: =Überschuss!A1 -> 0 | O1: =Überschuss!C1 -> 45521 | R1: Hilfe
A2: =Überschuss!A2 -> 0 | R2: Tabelle für die Abschreibungsverfahren [A] und [B]:
R3: Bitte lesen Sie dazu die Informationen auf der Seite:
R4: in Blatt 'Erläuterung Abschreibung'
A5: Gewerbe: Abschreibung | R5: http://www.klicktipps.de/gewerbe-abschreibung.php
A6: AfA auf bewegliche Wirtschaftsgüter
B7: {=IF( SUM( IF( ISNUMBER(B10:B28), (YEAR(B10:B28)>M7) * 1, 0 ) ) >=1, "Mindestens ein Datum in Spalte B ist größer als " & M7 & "!","")} | J7: Bereits in den Vorjahren abgesetzt | M7: =Überschuss!A7 -> 2024 | R7: Bei Abschreibungsverfahren [A:Einzelabschreibung]:
R8: Für Wirtschaftsgüter mit Anschaffungswert ab 1000,01 € (netto).
A9: Inv. Nr. | B9: Ansch.- Datum | C9: Text | D9: Lieferant | E9: Preis netto | F9: MwSt. | H9: Nutz- dauer | I9: Ansch.- Jahr | J9: Monate | K9: Betrag | L9: Buch- wert | M9: Monate | N9: Absetzung f. Abnutzung | O9: Neuer Buchwert | P9: Beleg Nr.
E10: netto | F10: netto | N10: Abnutzung | R10: Bei Abschreibungsverfahren [B:Sammelabschreibung]:
A11: 1 | G11: =ROUND(E11*F11,2) -> 0 | I11: =IF(B11<>"",1*YEAR(B11),"") | J11: =IF(B11>0, MIN( H11, IF(M$7>YEAR(B11), (M$7-YEAR(B11) -1) *12 + 12- MONTH(B11)+1, 0) ), "") | K11: =IF(E11>0,ROUND(E11/H11*12*INT(J11/12),2 )+ROUND(E11/H11*MOD(J11,12),2 ),0) -> 0 | L11: =E11-K11 -> 0 | M11: =IF( H11>0, IF( I11=$M$7, 12-MONTH(B11)+1, MIN(12,H11-J11) ), "") | N11: =IF(H11>0, IF( H11-J11=M11, L11, ROUND($E11/$H11*M11,2) ), 0) -> 0 | O11: =L11-N11 -> 0 | R11: Bei Abschreibungsverfahren [B] gehören geringwertige Wirtschaftsgüter (GWG), deren Anschaffungskosten (netto ohne MwSt) 250,01 €
A12: 2 | G12: =ROUND(E12*F12,2) -> 0 | I12: =IF(B12<>"",1*YEAR(B12),"") | J12: =IF(B12>0, MIN( H12, IF(M$7>YEAR(B12), (M$7-YEAR(B12) -1) *12 + 12- MONTH(B12)+1, 0) ), "") | K12: =IF(E12>0,ROUND(E12/H12*12*INT(J12/12),2 )+ROUND(E12/H12*MOD(J12,12),2 ),0) -> 0 | L12: =E12-K12 -> 0 | M12: =IF( H12>0, IF( I12=$M$7, 12-MONTH(B12)+1, MIN(12,H12-J12) ), "") | N12: =IF(H12>0, IF( H12-J12=M12, L12, ROUND($E12/$H12*M12,2) ), 0) -> 0 | O12: =L12-N12 -> 0 | R12: bis maximal 5.000,00 € betragen, in die Tabelle GWGSammel.
A13: 3 | G13: =ROUND(E13*F13,2) -> 0 | I13: =IF(B13<>"",1*YEAR(B13),"") | J13: =IF(B13>0, MIN( H13, IF(M$7>YEAR(B13), (M$7-YEAR(B13) -1) *12 + 12- MONTH(B13)+1, 0) ), "") | K13: =IF(E13>0,ROUND(E13/H13*12*INT(J13/12),2 )+ROUND(E13/H13*MOD(J13,12),2 ),0) -> 0 | L13: =E13-K13 -> 0 | M13: =IF( H13>0, IF( I13=$M$7, 12-MONTH(B13)+1, MIN(12,H13-J13) ), "") | N13: =IF(H13>0, IF( H13-J13=M13, L13, ROUND($E13/$H13*M13,2) ), 0) -> 0 | O13: =L13-N13 -> 0
A14: 4 | G14: =ROUND(E14*F14,2) -> 0 | I14: =IF(B14<>"",1*YEAR(B14),"") | J14: =IF(B14>0, MIN( H14, IF(M$7>YEAR(B14), (M$7-YEAR(B14) -1) *12 + 12- MONTH(B14)+1, 0) ), "") | K14: =IF(E14>0,ROUND(E14/H14*12*INT(J14/12),2 )+ROUND(E14/H14*MOD(J14,12),2 ),0) -> 0 | L14: =E14-K14 -> 0 | M14: =IF( H14>0, IF( I14=$M$7, 12-MONTH(B14)+1, MIN(12,H14-J14) ), "") | N14: =IF(H14>0, IF( H14-J14=M14, L14, ROUND($E14/$H14*M14,2) ), 0) -> 0 | O14: =L14-N14 -> 0
A15: 5 | G15: =ROUND(E15*F15,2) -> 0 | I15: =IF(B15<>"",1*YEAR(B15),"") | J15: =IF(B15>0, MIN( H15, IF(M$7>YEAR(B15), (M$7-YEAR(B15) -1) *12 + 12- MONTH(B15)+1, 0) ), "") | K15: =IF(E15>0,ROUND(E15/H15*12*INT(J15/12),2 )+ROUND(E15/H15*MOD(J15,12),2 ),0) -> 0 | L15: =E15-K15 -> 0 | M15: =IF( H15>0, IF( I15=$M$7, 12-MONTH(B15)+1, MIN(12,H15-J15) ), "") | N15: =IF(H15>0, IF( H15-J15=M15, L15, ROUND($E15/$H15*M15,2) ), 0) -> 0 | O15: =L15-N15 -> 0
A16: 6 | G16: =ROUND(E16*F16,2) -> 0 | I16: =IF(B16<>"",1*YEAR(B16),"") | J16: =IF(B16>0, MIN( H16, IF(M$7>YEAR(B16), (M$7-YEAR(B16) -1) *12 + 12- MONTH(B16)+1, 0) ), "") | K16: =IF(E16>0,ROUND(E16/H16*12*INT(J16/12),2 )+ROUND(E16/H16*MOD(J16,12),2 ),0) -> 0 | L16: =E16-K16 -> 0 | M16: =IF( H16>0, IF( I16=$M$7, 12-MONTH(B16)+1, MIN(12,H16-J16) ), "") | N16: =IF(H16>0, IF( H16-J16=M16, L16, ROUND($E16/$H16*M16,2) ), 0) -> 0 | O16: =L16-N16 -> 0
A17: 8 | G17: =ROUND(E17*F17,2) -> 0 | I17: =IF(B17<>"",1*YEAR(B17),"") | J17: =IF(B17>0, MIN( H17, IF(M$7>YEAR(B17), (M$7-YEAR(B17) -1) *12 + 12- MONTH(B17)+1, 0) ), "") | K17: =IF(E17>0,ROUND(E17/H17*12*INT(J17/12),2 )+ROUND(E17/H17*MOD(J17,12),2 ),0) -> 0 | L17: =E17-K17 -> 0 | M17: =IF( H17>0, IF( I17=$M$7, 12-MONTH(B17)+1, MIN(12,H17-J17) ), "") | N17: =IF(H17>0, IF( H17-J17=M17, L17, ROUND($E17/$H17*M17,2) ), 0) -> 0 | O17: =L17-N17 -> 0 | R17: Weitere Hinweise:
A18: 9 | G18: =ROUND(E18*F18,2) -> 0 | I18: =IF(B18<>"",1*YEAR(B18),"") | J18: =IF(B18>0, MIN( H18, IF(M$7>YEAR(B18), (M$7-YEAR(B18) -1) *12 + 12- MONTH(B18)+1, 0) ), "") | K18: =IF(E18>0,ROUND(E18/H18*12*INT(J18/12),2 )+ROUND(E18/H18*MOD(J18,12),2 ),0) -> 0 | L18: =E18-K18 -> 0 | M18: =IF( H18>0, IF( I18=$M$7, 12-MONTH(B18)+1, MIN(12,H18-J18) ), "") | N18: =IF(H18>0, IF( H18-J18=M18, L18, ROUND($E18/$H18*M18,2) ), 0) -> 0 | O18: =L18-N18 -> 0 | R18: Was abgeschrieben wird, darf nicht zusätzlich in der Tabelle "Ausgaben" stehen.
A19: 10 | G19: =ROUND(E19*F19,2) -> 0 | I19: =IF(B19<>"",1*YEAR(B19),"") | J19: =IF(B19>0, MIN( H19, IF(M$7>YEAR(B19), (M$7-YEAR(B19) -1) *12 + 12- MONTH(B19)+1, 0) ), "") | K19: =IF(E19>0,ROUND(E19/H19*12*INT(J19/12),2 )+ROUND(E19/H19*MOD(J19,12),2 ),0) -> 0 | L19: =E19-K19 -> 0 | M19: =IF( H19>0, IF( I19=$M$7, 12-MONTH(B19)+1, MIN(12,H19-J19) ), "") | N19: =IF(H19>0, IF( H19-J19=M19, L19, ROUND($E19/$H19*M19,2) ), 0) -> 0 | O19: =L19-N19 -> 0 | R19: In die gelben Felder wird eingegeben. Gedruckt wird schwarz-weiß.
A20: 11 | G20: =ROUND(E20*F20,2) -> 0 | I20: =IF(B20<>"",1*YEAR(B20),"") | J20: =IF(B20>0, MIN( H20, IF(M$7>YEAR(B20), (M$7-YEAR(B20) -1) *12 + 12- MONTH(B20)+1, 0) ), "") | K20: =IF(E20>0,ROUND(E20/H20*12*INT(J20/12),2 )+ROUND(E20/H20*MOD(J20,12),2 ),0) -> 0 | L20: =E20-K20 -> 0 | M20: =IF( H20>0, IF( I20=$M$7, 12-MONTH(B20)+1, MIN(12,H20-J20) ), "") | N20: =IF(H20>0, IF( H20-J20=M20, L20, ROUND($E20/$H20*M20,2) ), 0) -> 0 | O20: =L20-N20 -> 0 | R20: Abgeschrieben wird der Nettobetrag.
A21: 12 | G21: =ROUND(E21*F21,2) -> 0 | I21: =IF(B21<>"",1*YEAR(B21),"") | J21: =IF(B21>0, MIN( H21, IF(M$7>YEAR(B21), (M$7-YEAR(B21) -1) *12 + 12- MONTH(B21)+1, 0) ), "") | K21: =IF(E21>0,ROUND(E21/H21*12*INT(J21/12),2 )+ROUND(E21/H21*MOD(J21,12),2 ),0) -> 0 | L21: =E21-K21 -> 0 | M21: =IF( H21>0, IF( I21=$M$7, 12-MONTH(B21)+1, MIN(12,H21-J21) ), "") | N21: =IF(H21>0, IF( H21-J21=M21, L21, ROUND($E21/$H21*M21,2) ), 0) -> 0 | O21: =L21-N21 -> 0 | R21: Die Abschreibung muss ab 2004 monatsgenau berechnet werden.
A22: 13 | G22: =ROUND(E22*F22,2) -> 0 | I22: =IF(B22<>"",1*YEAR(B22),"") | J22: =IF(B22>0, MIN( H22, IF(M$7>YEAR(B22), (M$7-YEAR(B22) -1) *12 + 12- MONTH(B22)+1, 0) ), "") | K22: =IF(E22>0,ROUND(E22/H22*12*INT(J22/12),2 )+ROUND(E22/H22*MOD(J22,12),2 ),0) -> 0 | L22: =E22-K22 -> 0 | M22: =IF( H22>0, IF( I22=$M$7, 12-MONTH(B22)+1, MIN(12,H22-J22) ), "") | N22: =IF(H22>0, IF( H22-J22=M22, L22, ROUND($E22/$H22*M22,2) ), 0) -> 0 | O22: =L22-N22 -> 0 | R22: Die MwSt. gehört komplett in den Anschaffungsmonat.
A23: 14 | G23: =ROUND(E23*F23,2) -> 0 | I23: =IF(B23<>"",1*YEAR(B23),"") | J23: =IF(B23>0, MIN( H23, IF(M$7>YEAR(B23), (M$7-YEAR(B23) -1) *12 + 12- MONTH(B23)+1, 0) ), "") | K23: =IF(E23>0,ROUND(E23/H23*12*INT(J23/12),2 )+ROUND(E23/H23*MOD(J23,12),2 ),0) -> 0 | L23: =E23-K23 -> 0 | M23: =IF( H23>0, IF( I23=$M$7, 12-MONTH(B23)+1, MIN(12,H23-J23) ), "") | N23: =IF(H23>0, IF( H23-J23=M23, L23, ROUND($E23/$H23*M23,2) ), 0) -> 0 | O23: =L23-N23 -> 0
A24: 15 | G24: =ROUND(E24*F24,2) -> 0 | I24: =IF(B24<>"",1*YEAR(B24),"") | J24: =IF(B24>0, MIN( H24, IF(M$7>YEAR(B24), (M$7-YEAR(B24) -1) *12 + 12- MONTH(B24)+1, 0) ), "") | K24: =IF(E24>0,ROUND(E24/H24*12*INT(J24/12),2 )+ROUND(E24/H24*MOD(J24,12),2 ),0) -> 0 | L24: =E24-K24 -> 0 | M24: =IF( H24>0, IF( I24=$M$7, 12-MONTH(B24)+1, MIN(12,H24-J24) ), "") | N24: =IF(H24>0, IF( H24-J24=M24, L24, ROUND($E24/$H24*M24,2) ), 0) -> 0 | O24: =L24-N24 -> 0 | R24: Ein Verkauf von Wirtschaftsgütern vor Ende der Abschreibung bzw. Nutzungsdauer ist in dieser Tabelle nicht berücksichtigt.
A25: 16 | G25: =ROUND(E25*F25,2) -> 0 | I25: =IF(B25<>"",1*YEAR(B25),"") | J25: =IF(B25>0, MIN( H25, IF(M$7>YEAR(B25), (M$7-YEAR(B25) -1) *12 + 12- MONTH(B25)+1, 0) ), "") | K25: =IF(E25>0,ROUND(E25/H25*12*INT(J25/12),2 )+ROUND(E25/H25*MOD(J25,12),2 ),0) -> 0 | L25: =E25-K25 -> 0 | M25: =IF( H25>0, IF( I25=$M$7, 12-MONTH(B25)+1, MIN(12,H25-J25) ), "") | N25: =IF(H25>0, IF( H25-J25=M25, L25, ROUND($E25/$H25*M25,2) ), 0) -> 0 | O25: =L25-N25 -> 0 | R25: Er muss im Blatt 'Einnahmen' fesgehalten werden.
A26: 17 | G26: =ROUND(E26*F26,2) -> 0 | I26: =IF(B26<>"",1*YEAR(B26),"") | J26: =IF(B26>0, MIN( H26, IF(M$7>YEAR(B26), (M$7-YEAR(B26) -1) *12 + 12- MONTH(B26)+1, 0) ), "") | K26: =IF(E26>0,ROUND(E26/H26*12*INT(J26/12),2 )+ROUND(E26/H26*MOD(J26,12),2 ),0) -> 0 | L26: =E26-K26 -> 0 | M26: =IF( H26>0, IF( I26=$M$7, 12-MONTH(B26)+1, MIN(12,H26-J26) ), "") | N26: =IF(H26>0, IF( H26-J26=M26, L26, ROUND($E26/$H26*M26,2) ), 0) -> 0 | O26: =L26-N26 -> 0
A27: 18 | G27: =ROUND(E27*F27,2) -> 0 | I27: =IF(B27<>"",1*YEAR(B27),"") | J27: =IF(B27>0, MIN( H27, IF(M$7>YEAR(B27), (M$7-YEAR(B27) -1) *12 + 12- MONTH(B27)+1, 0) ), "") | K27: =IF(E27>0,ROUND(E27/H27*12*INT(J27/12),2 )+ROUND(E27/H27*MOD(J27,12),2 ),0) -> 0 | L27: =E27-K27 -> 0 | M27: =IF( H27>0, IF( I27=$M$7, 12-MONTH(B27)+1, MIN(12,H27-J27) ), "") | N27: =IF(H27>0, IF( H27-J27=M27, L27, ROUND($E27/$H27*M27,2) ), 0) -> 0 | O27: =L27-N27 -> 0
A28: 19 | G28: =ROUND(E28*F28,2) -> 0 | I28: =IF(B28<>"",1*YEAR(B28),"") | J28: =IF(B28>0, MIN( H28, IF(M$7>YEAR(B28), (M$7-YEAR(B28) -1) *12 + 12- MONTH(B28)+1, 0) ), "") | K28: =IF(E28>0,ROUND(E28/H28*12*INT(J28/12),2 )+ROUND(E28/H28*MOD(J28,12),2 ),0) -> 0 | L28: =E28-K28 -> 0 | M28: =IF( H28>0, IF( I28=$M$7, 12-MONTH(B28)+1, MIN(12,H28-J28) ), "") | N28: =IF(H28>0, IF( H28-J28=M28, L28, ROUND($E28/$H28*M28,2) ), 0) -> 0 | O28: =L28-N28 -> 0 | R28: In 2021 neu geregelt worden ist, dass die PC Abschreibungen ab 2021 in ganzer Höhe erfolgen können und dass man die Restbuchwerte in 2021 von bisherigen Anschaffungen voll abschreiben kann,
A29: Summe AfA und neuer Buchwert | E29: 31 AfA auf bewegliche Wirtschaftsgüter | N29: =SUM(N11:N28) -> 0 | O29: =SUM(O11:O28) -> 0 | R29: d.h. auf den Erinnerungswert von EUR 1, d.h. ein zum 01.01.2020 angeschaffter PC zu EUR 1.500 wäre noch mit EUR 1.000 in den Büchern, so dass man in 2021 EUR 999 zusätzlich abschreiben könnte. Lässt sich dies ggfl. in Deiner Tabelle ergänzen oder zumindest in Worten beschreiben?
A30: In diesem Jahr gezahlte MwSt. | G30: =SUMIF(I11:I28,M7, G11:G28) -> 0
B33: =Überschuss!A7 -> 2024 | C33: Summen pro Monat und Quartal (für Ust_Voranmeldungen)
G34: =F9 -> MwSt.
C35: 1 | G35: {=SUM(IF((ISNUMBER($B$10:$B$29))*($B$10:$B$29>=DATE($B$33,$C35,1))*($B$10:$B$29<=DATE($B$33,$C35+1,0))*ISNUMBER(G$10:G$29),G$10:G$29))} -> 0 | R35: Die nachfolgende Tabelle zeigt, in welchem Zeitraum Wirtschaftsgüter jeweils gekauft wurden und wieviel davon im laufenden Jahr
C36: 2 | G36: {=SUM(IF((ISNUMBER($B$10:$B$29))*($B$10:$B$29>=DATE($B$33,$C36,1))*($B$10:$B$29<=DATE($B$33,$C36+1,0))*ISNUMBER(G$10:G$29),G$10:G$29))} -> 0 | R36: abgeschrieben wird. Sie dient nur zur eigenen Information und ist für die jährliche Gewinnermittlung nicht nötig.
C37: 3 | G37: {=SUM(IF((ISNUMBER($B$10:$B$29))*($B$10:$B$29>=DATE($B$33,$C37,1))*($B$10:$B$29<=DATE($B$33,$C37+1,0))*ISNUMBER(G$10:G$29),G$10:G$29))} -> 0 | R37: Diese Informationen werden nur dann interessant, wenn der Gewinn für einen anderen Zeitraum als das Geschäftsjahr
C38: 1 | G38: =SUM(G35:G37) -> 0 | R38: berechnet werden muss, z. B. für einen BAföG-Bewilligungszeitraum.
C40: 4 | G40: {=SUM(IF((ISNUMBER($B$10:$B$29))*($B$10:$B$29>=DATE($B$33,$C40,1))*($B$10:$B$29<=DATE($B$33,$C40+1,0))*ISNUMBER(G$10:G$29),G$10:G$29))} -> 0
C41: 5 | G41: {=SUM(IF((ISNUMBER($B$10:$B$29))*($B$10:$B$29>=DATE($B$33,$C41,1))*($B$10:$B$29<=DATE($B$33,$C41+1,0))*ISNUMBER(G$10:G$29),G$10:G$29))} -> 0
C42: 6 | G42: {=SUM(IF((ISNUMBER($B$10:$B$29))*($B$10:$B$29>=DATE($B$33,$C42,1))*($B$10:$B$29<=DATE($B$33,$C42+1,0))*ISNUMBER(G$10:G$29),G$10:G$29))} -> 0
C43: 2 | G43: =SUM(G40:G42) -> 0
C45: 7 | G45: {=SUM(IF((ISNUMBER($B$10:$B$29))*($B$10:$B$29>=DATE($B$33,$C45,1))*($B$10:$B$29<=DATE($B$33,$C45+1,0))*ISNUMBER(G$10:G$29),G$10:G$29))} -> 0
C46: 8 | G46: {=SUM(IF((ISNUMBER($B$10:$B$29))*($B$10:$B$29>=DATE($B$33,$C46,1))*($B$10:$B$29<=DATE($B$33,$C46+1,0))*ISNUMBER(G$10:G$29),G$10:G$29))} -> 0
C47: 9 | G47: {=SUM(IF((ISNUMBER($B$10:$B$29))*($B$10:$B$29>=DATE($B$33,$C47,1))*($B$10:$B$29<=DATE($B$33,$C47+1,0))*ISNUMBER(G$10:G$29),G$10:G$29))} -> 0
C48: 3 | G48: =SUM(G45:G47) -> 0
C50: 10 | G50: {=SUM(IF((ISNUMBER($B$10:$B$29))*($B$10:$B$29>=DATE($B$33,$C50,1))*($B$10:$B$29<=DATE($B$33,$C50+1,0))*ISNUMBER(G$10:G$29),G$10:G$29))} -> 0
C51: 11 | G51: {=SUM(IF((ISNUMBER($B$10:$B$29))*($B$10:$B$29>=DATE($B$33,$C51,1))*($B$10:$B$29<=DATE($B$33,$C51+1,0))*ISNUMBER(G$10:G$29),G$10:G$29))} -> 0
C52: 12 | G52: {=SUM(IF((ISNUMBER($B$10:$B$29))*($B$10:$B$29>=DATE($B$33,$C52,1))*($B$10:$B$29<=DATE($B$33,$C52+1,0))*ISNUMBER(G$10:G$29),G$10:G$29))} -> 0
C53: 4 | G53: =SUM(G50:G52) -> 0
C55: Beträge, die (noch) nicht zugeordnet werden können | G55: {=SUM(IF(NOT(ISNUMBER($B$10:$B$29)) * (TRIM($B$10:$B$29)<>"Summe")*ISNUMBER(G$10:G$29),G$10:G$29))} -> 0
C56: Summe (Kontrolle) | G56: =G38+G43+G48+G53+G55 -> 0

Sheet GWGSammel
A1: =Überschuss!A1 -> 0 | L1: =Überschuss!C1 -> 45521 | P1: Hilfe
P3: Tabelle für das
A4: ="Liste der Wirtschaftsgüter (250,01 € bis 5.000,00 €), gekauft " & A5-4 & " bis " & A5 & "," -> Liste der Wirtschaftsgüter (250,01 € bis 5.000,00 €), gekauft 2020 bis 2024, | P4: Abschreibungsverfahren [B]:
A5: =Überschuss!A7 -> 2024 | P5: Bitte lesen Sie dazu die Informationen auf der Webseite
P6: http://www.klicktipps.de/gewerbe-abschreibung.php
I7: Bereits den Vorjahren abgesetzt | L7: =Überschuss!A7 -> 2024 | P7: Diese Liste enthält angeschaffte geringwertige
A8: {=IF( SUM( IF( ISNUMBER(A10:A36), (YEAR(A10:A36)>L7) + (YEAR(A10:A36)<2008), 0 ) ) >=1, "Mindestens ein Datum in Spalte B ist größer als " & L7 & " oder kleiner als 2008!","")} | P8: selbständig nutzungsfähigen, abnutzbaren, beweglichen GWG.
H9: Ansch.- Jahr | I9: Jahre | J9: Betrag | K9: Buch- wert | L9: Absetzung f. Abnutzung | M9: Neuer Buchwert | N9: Beleg
A10: Datum | B10: Lieferant | C10: Wirtschaftsgut | D10: Brutto | E10: % | F10: Netto | G10: MwSt | L10: Abnutzung | N10: Nr. | P10: GWG sind selbständig nutzungsfähige, abnutzbare, bewegliche
A11: 44676 | B11: Saturn über Ebay | C11: Macbook Air MGN63/DA | D11: 873 | E11: 0.19 | F11: =ROUND(D11/(1+E11),2) -> 733.61 | G11: =D11-F11 -> 139.39 | H11: =IF(A11<>"",YEAR(A11),"") -> 2022 | I11: =IF(H11<>"",MIN( 5, $L$7-YEAR(A11) ), "") -> 2 | J11: =IF(I11<>"", IF(I11<=4,ROUND(F11/5,2)*I11,F11), 0) -> 293.44 | K11: =IF( I11<>"",F11-J11, 0) -> 440.17 | L11: =IF(I11<>"", IF(I11<=3,ROUND(F11/5,2),IF(I11=4,F11-J11,0)), 0 ) -> 146.72 | M11: =K11-L11 -> 293.45 | N11: gwg1 | P11: Wirtschaftsgüter des Anlagevermögens, deren Anschaffungskosten
A12: 45389 | B12: rebuy GmbH | C12: Iphone 12 64 GB blau | D12: 287.98 | E12: 0.19 | F12: =ROUND(D12/(1+E12),2) -> 242 | G12: =D12-F12 -> 45.98 | H12: =IF(A12<>"",YEAR(A12),"") -> 2024 | I12: =IF(H12<>"",MIN( 5, $L$7-YEAR(A12) ), "") -> 0 | J12: =IF(I12<>"", IF(I12<=4,ROUND(F12/5,2)*I12,F12), 0) -> 0 | K12: =IF( I12<>"",F12-J12, 0) -> 242 | L12: =IF(I12<>"", IF(I12<=3,ROUND(F12/5,2),IF(I12=4,F12-J12,0)), 0 ) -> 48.4 | M12: =K12-L12 -> 193.6 | N12: gwg2 | P12: (netto ohne MwSt) 250,01 € bis maximal 5.000,00 € betragen.
E13: 0.19 | F13: =ROUND(D13/(1+E13),2) -> 0 | G13: =D13-F13 -> 0 | H13: =IF(A13<>"",YEAR(A13),"") | I13: =IF(H13<>"",MIN( 5, $L$7-YEAR(A13) ), "") | J13: =IF(I13<>"", IF(I13<=4,ROUND(F13/5,2)*I13,F13), 0) -> 0 | K13: =IF( I13<>"",F13-J13, 0) -> 0 | L13: =IF(I13<>"", IF(I13<=3,ROUND(F13/5,2),IF(I13=4,F13-J13,0)), 0 ) -> 0 | M13: =K13-L13 -> 0
E14: 0.19 | F14: =ROUND(D14/(1+E14),2) -> 0 | G14: =D14-F14 -> 0 | H14: =IF(A14<>"",YEAR(A14),"") | I14: =IF(H14<>"",MIN( 5, $L$7-YEAR(A14) ), "") | J14: =IF(I14<>"", IF(I14<=4,ROUND(F14/5,2)*I14,F14), 0) -> 0 | K14: =IF( I14<>"",F14-J14, 0) -> 0 | L14: =IF(I14<>"", IF(I14<=3,ROUND(F14/5,2),IF(I14=4,F14-J14,0)), 0 ) -> 0 | M14: =K14-L14 -> 0 | P14: [Verfahren B:Sammelabschreibung] Die GWG werden - egal wann sie während des Jahres gekauft wurden - mit ihrem
E15: 0.19 | F15: =ROUND(D15/(1+E15),2) -> 0 | G15: =D15-F15 -> 0 | H15: =IF(A15<>"",YEAR(A15),"") | I15: =IF(H15<>"",MIN( 5, $L$7-YEAR(A15) ), "") | J15: =IF(I15<>"", IF(I15<=4,ROUND(F15/5,2)*I15,F15), 0) -> 0 | K15: =IF( I15<>"",F15-J15, 0) -> 0 | L15: =IF(I15<>"", IF(I15<=3,ROUND(F15/5,2),IF(I15=4,F15-J15,0)), 0 ) -> 0 | M15: =K15-L15 -> 0 | P15: mit ihrem Netttobetrag gemeinsam über 5 Jahre verteilt abgeschrieben (Sammelabschreibung).
E16: 0.19 | F16: =ROUND(D16/(1+E16),2) -> 0 | G16: =D16-F16 -> 0 | H16: =IF(A16<>"",YEAR(A16),"") | I16: =IF(H16<>"",MIN( 5, $L$7-YEAR(A16) ), "") | J16: =IF(I16<>"", IF(I16<=4,ROUND(F16/5,2)*I16,F16), 0) -> 0 | K16: =IF( I16<>"",F16-J16, 0) -> 0 | L16: =IF(I16<>"", IF(I16<=3,ROUND(F16/5,2),IF(I16=4,F16-J16,0)), 0 ) -> 0 | M16: =K16-L16 -> 0
E17: 0.19 | F17: =ROUND(D17/(1+E17),2) -> 0 | G17: =D17-F17 -> 0 | H17: =IF(A17<>"",YEAR(A17),"") | I17: =IF(H17<>"",MIN( 5, $L$7-YEAR(A17) ), "") | J17: =IF(I17<>"", IF(I17<=4,ROUND(F17/5,2)*I17,F17), 0) -> 0 | K17: =IF( I17<>"",F17-J17, 0) -> 0 | L17: =IF(I17<>"", IF(I17<=3,ROUND(F17/5,2),IF(I17=4,F17-J17,0)), 0 ) -> 0 | M17: =K17-L17 -> 0 | P17: Die Mehrwertsteuer (korrekte Bezeichnung Umsatzsteuer) gehört komplett in den Zeitraum der Anschaffung.
E18: 0.19 | F18: =ROUND(D18/(1+E18),2) -> 0 | G18: =D18-F18 -> 0 | H18: =IF(A18<>"",YEAR(A18),"") | I18: =IF(H18<>"",MIN( 5, $L$7-YEAR(A18) ), "") | J18: =IF(I18<>"", IF(I18<=4,ROUND(F18/5,2)*I18,F18), 0) -> 0 | K18: =IF( I18<>"",F18-J18, 0) -> 0 | L18: =IF(I18<>"", IF(I18<=3,ROUND(F18/5,2),IF(I18=4,F18-J18,0)), 0 ) -> 0 | M18: =K18-L18 -> 0
E19: 0.19 | F19: =ROUND(D19/(1+E19),2) -> 0 | G19: =D19-F19 -> 0 | H19: =IF(A19<>"",YEAR(A19),"") | I19: =IF(H19<>"",MIN( 5, $L$7-YEAR(A19) ), "") | J19: =IF(I19<>"", IF(I19<=4,ROUND(F19/5,2)*I19,F19), 0) -> 0 | K19: =IF( I19<>"",F19-J19, 0) -> 0 | L19: =IF(I19<>"", IF(I19<=3,ROUND(F19/5,2),IF(I19=4,F19-J19,0)), 0 ) -> 0 | M19: =K19-L19 -> 0
E20: 0.19 | F20: =ROUND(D20/(1+E20),2) -> 0 | G20: =D20-F20 -> 0 | H20: =IF(A20<>"",YEAR(A20),"") | I20: =IF(H20<>"",MIN( 5, $L$7-YEAR(A20) ), "") | J20: =IF(I20<>"", IF(I20<=4,ROUND(F20/5,2)*I20,F20), 0) -> 0 | K20: =IF( I20<>"",F20-J20, 0) -> 0 | L20: =IF(I20<>"", IF(I20<=3,ROUND(F20/5,2),IF(I20=4,F20-J20,0)), 0 ) -> 0 | M20: =K20-L20 -> 0 | P20: Der Anschaffungspreis der GWG gehört nur in diese Tabelle. Er kommt nicht nochmal in die Tabelle Ausgaben!
E21: 0.19 | F21: =ROUND(D21/(1+E21),2) -> 0 | G21: =D21-F21 -> 0 | H21: =IF(A21<>"",YEAR(A21),"") | I21: =IF(H21<>"",MIN( 5, $L$7-YEAR(A21) ), "") | J21: =IF(I21<>"", IF(I21<=4,ROUND(F21/5,2)*I21,F21), 0) -> 0 | K21: =IF( I21<>"",F21-J21, 0) -> 0 | L21: =IF(I21<>"", IF(I21<=3,ROUND(F21/5,2),IF(I21=4,F21-J21,0)), 0 ) -> 0 | M21: =K21-L21 -> 0 | P21: Was abgeschrieben wird, darf nicht zusätzlich in der Tabelle "Ausgaben" stehen.
E22: 0.19 | F22: =ROUND(D22/(1+E22),2) -> 0 | G22: =D22-F22 -> 0 | H22: =IF(A22<>"",YEAR(A22),"") | I22: =IF(H22<>"",MIN( 5, $L$7-YEAR(A22) ), "") | J22: =IF(I22<>"", IF(I22<=4,ROUND(F22/5,2)*I22,F22), 0) -> 0 | K22: =IF( I22<>"",F22-J22, 0) -> 0 | L22: =IF(I22<>"", IF(I22<=3,ROUND(F22/5,2),IF(I22=4,F22-J22,0)), 0 ) -> 0 | M22: =K22-L22 -> 0
E23: 0.19 | F23: =ROUND(D23/(1+E23),2) -> 0 | G23: =D23-F23 -> 0 | H23: =IF(A23<>"",YEAR(A23),"") | I23: =IF(H23<>"",MIN( 5, $L$7-YEAR(A23) ), "") | J23: =IF(I23<>"", IF(I23<=4,ROUND(F23/5,2)*I23,F23), 0) -> 0 | K23: =IF( I23<>"",F23-J23, 0) -> 0 | L23: =IF(I23<>"", IF(I23<=3,ROUND(F23/5,2),IF(I23=4,F23-J23,0)), 0 ) -> 0 | M23: =K23-L23 -> 0 | P23: Auch falls ein GWG dieses Jahrgangs verkauft oder verschrottet wird, wird es weiterhin während der 5 Jahre abgeschrieben.
E24: 0.19 | F24: =ROUND(D24/(1+E24),2) -> 0 | G24: =D24-F24 -> 0 | H24: =IF(A24<>"",YEAR(A24),"") | I24: =IF(H24<>"",MIN( 5, $L$7-YEAR(A24) ), "") | J24: =IF(I24<>"", IF(I24<=4,ROUND(F24/5,2)*I24,F24), 0) -> 0 | K24: =IF( I24<>"",F24-J24, 0) -> 0 | L24: =IF(I24<>"", IF(I24<=3,ROUND(F24/5,2),IF(I24=4,F24-J24,0)), 0 ) -> 0 | M24: =K24-L24 -> 0
E25: 0.19 | F25: =ROUND(D25/(1+E25),2) -> 0 | G25: =D25-F25 -> 0 | H25: =IF(A25<>"",YEAR(A25),"") | I25: =IF(H25<>"",MIN( 5, $L$7-YEAR(A25) ), "") | J25: =IF(I25<>"", IF(I25<=4,ROUND(F25/5,2)*I25,F25), 0) -> 0 | K25: =IF( I25<>"",F25-J25, 0) -> 0 | L25: =IF(I25<>"", IF(I25<=3,ROUND(F25/5,2),IF(I25=4,F25-J25,0)), 0 ) -> 0 | M25: =K25-L25 -> 0 | P25: Ein Verkauf oder eine private Entnahme müssen bei "Einnahmen" registriert werden (Netto und Mehrwertsteuer).
E26: 0.19 | F26: =ROUND(D26/(1+E26),2) -> 0 | G26: =D26-F26 -> 0 | H26: =IF(A26<>"",YEAR(A26),"") | I26: =IF(H26<>"",MIN( 5, $L$7-YEAR(A26) ), "") | J26: =IF(I26<>"", IF(I26<=4,ROUND(F26/5,2)*I26,F26), 0) -> 0 | K26: =IF( I26<>"",F26-J26, 0) -> 0 | L26: =IF(I26<>"", IF(I26<=3,ROUND(F26/5,2),IF(I26=4,F26-J26,0)), 0 ) -> 0 | M26: =K26-L26 -> 0
E27: 0.19 | F27: =ROUND(D27/(1+E27),2) -> 0 | G27: =D27-F27 -> 0 | H27: =IF(A27<>"",YEAR(A27),"") | I27: =IF(H27<>"",MIN( 5, $L$7-YEAR(A27) ), "") | J27: =IF(I27<>"", IF(I27<=4,ROUND(F27/5,2)*I27,F27), 0) -> 0 | K27: =IF( I27<>"",F27-J27, 0) -> 0 | L27: =IF(I27<>"", IF(I27<=3,ROUND(F27/5,2),IF(I27=4,F27-J27,0)), 0 ) -> 0 | M27: =K27-L27 -> 0
E28: 0.19 | F28: =ROUND(D28/(1+E28),2) -> 0 | G28: =D28-F28 -> 0 | H28: =IF(A28<>"",YEAR(A28),"") | I28: =IF(H28<>"",MIN( 5, $L$7-YEAR(A28) ), "") | J28: =IF(I28<>"", IF(I28<=4,ROUND(F28/5,2)*I28,F28), 0) -> 0 | K28: =IF( I28<>"",F28-J28, 0) -> 0 | L28: =IF(I28<>"", IF(I28<=3,ROUND(F28/5,2),IF(I28=4,F28-J28,0)), 0 ) -> 0 | M28: =K28-L28 -> 0 | P28: 20% des 'Netto' und die gesamte Mehrwertsteuer (Zellen K36 und F36)
E29: 0.19 | F29: =ROUND(D29/(1+E29),2) -> 0 | G29: =D29-F29 -> 0 | H29: =IF(A29<>"",YEAR(A29),"") | I29: =IF(H29<>"",MIN( 5, $L$7-YEAR(A29) ), "") | J29: =IF(I29<>"", IF(I29<=4,ROUND(F29/5,2)*I29,F29), 0) -> 0 | K29: =IF( I29<>"",F29-J29, 0) -> 0 | L29: =IF(I29<>"", IF(I29<=3,ROUND(F29/5,2),IF(I29=4,F29-J29,0)), 0 ) -> 0 | M29: =K29-L29 -> 0 | P29: werden automatisch von dieser Tabelle in die Tabelle "Überschuss" übertragen.
E30: 0.19 | F30: =ROUND(D30/(1+E30),2) -> 0 | G30: =D30-F30 -> 0 | H30: =IF(A30<>"",YEAR(A30),"") | I30: =IF(H30<>"",MIN( 5, $L$7-YEAR(A30) ), "") | J30: =IF(I30<>"", IF(I30<=4,ROUND(F30/5,2)*I30,F30), 0) -> 0 | K30: =IF( I30<>"",F30-J30, 0) -> 0 | L30: =IF(I30<>"", IF(I30<=3,ROUND(F30/5,2),IF(I30=4,F30-J30,0)), 0 ) -> 0 | M30: =K30-L30 -> 0
E31: 0.19 | F31: =ROUND(D31/(1+E31),2) -> 0 | G31: =D31-F31 -> 0 | H31: =IF(A31<>"",YEAR(A31),"") | I31: =IF(H31<>"",MIN( 5, $L$7-YEAR(A31) ), "") | J31: =IF(I31<>"", IF(I31<=4,ROUND(F31/5,2)*I31,F31), 0) -> 0 | K31: =IF( I31<>"",F31-J31, 0) -> 0 | L31: =IF(I31<>"", IF(I31<=3,ROUND(F31/5,2),IF(I31=4,F31-J31,0)), 0 ) -> 0 | M31: =K31-L31 -> 0 | P31: Wer sich in einem Jahr entscheidet, ein GWG nach dieser Methode (B:Sammelabschreibung) abzuschreiben, muss das in diesem Jahr mit allen solchen GWG tun.
E32: 0.19 | F32: =ROUND(D32/(1+E32),2) -> 0 | G32: =D32-F32 -> 0 | H32: =IF(A32<>"",YEAR(A32),"") | I32: =IF(H32<>"",MIN( 5, $L$7-YEAR(A32) ), "") | J32: =IF(I32<>"", IF(I32<=4,ROUND(F32/5,2)*I32,F32), 0) -> 0 | K32: =IF( I32<>"",F32-J32, 0) -> 0 | L32: =IF(I32<>"", IF(I32<=3,ROUND(F32/5,2),IF(I32=4,F32-J32,0)), 0 ) -> 0 | M32: =K32-L32 -> 0
E33: 0.19 | F33: =ROUND(D33/(1+E33),2) -> 0 | G33: =D33-F33 -> 0 | H33: =IF(A33<>"",YEAR(A33),"") | I33: =IF(H33<>"",MIN( 5, $L$7-YEAR(A33) ), "") | J33: =IF(I33<>"", IF(I33<=4,ROUND(F33/5,2)*I33,F33), 0) -> 0 | K33: =IF( I33<>"",F33-J33, 0) -> 0 | L33: =IF(I33<>"", IF(I33<=3,ROUND(F33/5,2),IF(I33=4,F33-J33,0)), 0 ) -> 0 | M33: =K33-L33 -> 0
E34: 0.19 | F34: =ROUND(D34/(1+E34),2) -> 0 | G34: =D34-F34 -> 0 | H34: =IF(A34<>"",YEAR(A34),"") | I34: =IF(H34<>"",MIN( 5, $L$7-YEAR(A34) ), "") | J34: =IF(I34<>"", IF(I34<=4,ROUND(F34/5,2)*I34,F34), 0) -> 0 | K34: =IF( I34<>"",F34-J34, 0) -> 0 | L34: =IF(I34<>"", IF(I34<=3,ROUND(F34/5,2),IF(I34=4,F34-J34,0)), 0 ) -> 0 | M34: =K34-L34 -> 0
E35: 0.19 | F35: =ROUND(D35/(1+E35),2) -> 0 | G35: =D35-F35 -> 0 | H35: =IF(A35<>"",YEAR(A35),"") | I35: =IF(H35<>"",MIN( 5, $L$7-YEAR(A35) ), "") | J35: =IF(I35<>"", IF(I35<=4,ROUND(F35/5,2)*I35,F35), 0) -> 0 | K35: =IF( I35<>"",F35-J35, 0) -> 0 | L35: =IF(I35<>"", IF(I35<=3,ROUND(F35/5,2),IF(I35=4,F35-J35,0)), 0 ) -> 0 | M35: =K35-L35 -> 0
B36: geringwertige Wirtschaftsgüter (Sammelabschreibung) | F36: ="MwSt. aus " & A5 & ": " -> MwSt. aus 2024: | G36: =SUMIF(H11:H35,L7,G11:G35) -> 45.98 | L36: =SUM(L10:L35) -> 195.12
A40: =A5 -> 2024 | B40: Summen pro Monat und Quartal
B41: (Für die eigene Planung und ggf. für Ust_Voranmeldungen)
D42: =D10 -> Brutto | E42: =F10 -> Netto | F42: =G10 -> MwSt
B43: 1 | D43: {=SUM(IF((ISNUMBER($A$10:$A$35))*($A$10:$A$35>=DATE($A$40,$B43,1))*($A$10:$A$35<=DATE($A$40,$B43+1,0))*ISNUMBER(D$10:D$35),D$10:D$35))} -> 0 | E43: {=SUM(IF((ISNUMBER($A$10:$A$35))*($A$10:$A$35>=DATE($A$40,$B43,1))*($A$10:$A$35<=DATE($A$40,$B43+1,0))*ISNUMBER(F$10:F$35),F$10:F$35))} -> 0 | F43: {=SUM(IF((ISNUMBER($A$10:$A$35))*($A$10:$A$35>=DATE($A$40,$B43,1))*($A$10:$A$35<=DATE($A$40,$B43+1,0))*ISNUMBER(G$10:G$35),G$10:G$35))} -> 0
B44: 2 | D44: {=SUM(IF((ISNUMBER($A$10:$A$35))*($A$10:$A$35>=DATE($A$40,$B44,1))*($A$10:$A$35<=DATE($A$40,$B44+1,0))*ISNUMBER(D$10:D$35),D$10:D$35))} -> 0 | E44: {=SUM(IF((ISNUMBER($A$10:$A$35))*($A$10:$A$35>=DATE($A$40,$B44,1))*($A$10:$A$35<=DATE($A$40,$B44+1,0))*ISNUMBER(F$10:F$35),F$10:F$35))} -> 0 | F44: {=SUM(IF((ISNUMBER($A$10:$A$35))*($A$10:$A$35>=DATE($A$40,$B44,1))*($A$10:$A$35<=DATE($A$40,$B44+1,0))*ISNUMBER(G$10:G$35),G$10:G$35))} -> 0
B45: 3 | D45: {=SUM(IF((ISNUMBER($A$10:$A$35))*($A$10:$A$35>=DATE($A$40,$B45,1))*($A$10:$A$35<=DATE($A$40,$B45+1,0))*ISNUMBER(D$10:D$35),D$10:D$35))} -> 0 | E45: {=SUM(IF((ISNUMBER($A$10:$A$35))*($A$10:$A$35>=DATE($A$40,$B45,1))*($A$10:$A$35<=DATE($A$40,$B45+1,0))*ISNUMBER(F$10:F$35),F$10:F$35))} -> 0 | F45: {=SUM(IF((ISNUMBER($A$10:$A$35))*($A$10:$A$35>=DATE($A$40,$B45,1))*($A$10:$A$35<=DATE($A$40,$B45+1,0))*ISNUMBER(G$10:G$35),G$10:G$35))} -> 0
B46: 1 | D46: =SUM(D43:D45) -> 0 | E46: =SUM(E43:E45) -> 0 | F46: =SUM(F43:F45) -> 0
B48: 4 | D48: {=SUM(IF((ISNUMBER($A$10:$A$35))*($A$10:$A$35>=DATE($A$40,$B48,1))*($A$10:$A$35<=DATE($A$40,$B48+1,0))*ISNUMBER(D$10:D$35),D$10:D$35))} -> 287.98 | E48: {=SUM(IF((ISNUMBER($A$10:$A$35))*($A$10:$A$35>=DATE($A$40,$B48,1))*($A$10:$A$35<=DATE($A$40,$B48+1,0))*ISNUMBER(F$10:F$35),F$10:F$35))} -> 242 | F48: {=SUM(IF((ISNUMBER($A$10:$A$35))*($A$10:$A$35>=DATE($A$40,$B48,1))*($A$10:$A$35<=DATE($A$40,$B48+1,0))*ISNUMBER(G$10:G$35),G$10:G$35))} -> 45.98
B49: 5 | D49: {=SUM(IF((ISNUMBER($A$10:$A$35))*($A$10:$A$35>=DATE($A$40,$B49,1))*($A$10:$A$35<=DATE($A$40,$B49+1,0))*ISNUMBER(D$10:D$35),D$10:D$35))} -> 0 | E49: {=SUM(IF((ISNUMBER($A$10:$A$35))*($A$10:$A$35>=DATE($A$40,$B49,1))*($A$10:$A$35<=DATE($A$40,$B49+1,0))*ISNUMBER(F$10:F$35),F$10:F$35))} -> 0 | F49: {=SUM(IF((ISNUMBER($A$10:$A$35))*($A$10:$A$35>=DATE($A$40,$B49,1))*($A$10:$A$35<=DATE($A$40,$B49+1,0))*ISNUMBER(G$10:G$35),G$10:G$35))} -> 0
B50: 6 | D50: {=SUM(IF((ISNUMBER($A$10:$A$35))*($A$10:$A$35>=DATE($A$40,$B50,1))*($A$10:$A$35<=DATE($A$40,$B50+1,0))*ISNUMBER(D$10:D$35),D$10:D$35))} -> 0 | E50: {=SUM(IF((ISNUMBER($A$10:$A$35))*($A$10:$A$35>=DATE($A$40,$B50,1))*($A$10:$A$35<=DATE($A$40,$B50+1,0))*ISNUMBER(F$10:F$35),F$10:F$35))} -> 0 | F50: {=SUM(IF((ISNUMBER($A$10:$A$35))*($A$10:$A$35>=DATE($A$40,$B50,1))*($A$10:$A$35<=DATE($A$40,$B50+1,0))*ISNUMBER(G$10:G$35),G$10:G$35))} -> 0
B51: 2 | D51: =SUM(D48:D50) -> 287.98 | E51: =SUM(E48:E50) -> 242 | F51: =SUM(F48:F50) -> 45.98
B53: 7 | D53: {=SUM(IF((ISNUMBER($A$10:$A$35))*($A$10:$A$35>=DATE($A$40,$B53,1))*($A$10:$A$35<=DATE($A$40,$B53+1,0))*ISNUMBER(D$10:D$35),D$10:D$35))} -> 0 | E53: {=SUM(IF((ISNUMBER($A$10:$A$35))*($A$10:$A$35>=DATE($A$40,$B53,1))*($A$10:$A$35<=DATE($A$40,$B53+1,0))*ISNUMBER(F$10:F$35),F$10:F$35))} -> 0 | F53: {=SUM(IF((ISNUMBER($A$10:$A$35))*($A$10:$A$35>=DATE($A$40,$B53,1))*($A$10:$A$35<=DATE($A$40,$B53+1,0))*ISNUMBER(G$10:G$35),G$10:G$35))} -> 0
B54: 8 | D54: {=SUM(IF((ISNUMBER($A$10:$A$35))*($A$10:$A$35>=DATE($A$40,$B54,1))*($A$10:$A$35<=DATE($A$40,$B54+1,0))*ISNUMBER(D$10:D$35),D$10:D$35))} -> 0 | E54: {=SUM(IF((ISNUMBER($A$10:$A$35))*($A$10:$A$35>=DATE($A$40,$B54,1))*($A$10:$A$35<=DATE($A$40,$B54+1,0))*ISNUMBER(F$10:F$35),F$10:F$35))} -> 0 | F54: {=SUM(IF((ISNUMBER($A$10:$A$35))*($A$10:$A$35>=DATE($A$40,$B54,1))*($A$10:$A$35<=DATE($A$40,$B54+1,0))*ISNUMBER(G$10:G$35),G$10:G$35))} -> 0
B55: 9 | D55: {=SUM(IF((ISNUMBER($A$10:$A$35))*($A$10:$A$35>=DATE($A$40,$B55,1))*($A$10:$A$35<=DATE($A$40,$B55+1,0))*ISNUMBER(D$10:D$35),D$10:D$35))} -> 0 | E55: {=SUM(IF((ISNUMBER($A$10:$A$35))*($A$10:$A$35>=DATE($A$40,$B55,1))*($A$10:$A$35<=DATE($A$40,$B55+1,0))*ISNUMBER(F$10:F$35),F$10:F$35))} -> 0 | F55: {=SUM(IF((ISNUMBER($A$10:$A$35))*($A$10:$A$35>=DATE($A$40,$B55,1))*($A$10:$A$35<=DATE($A$40,$B55+1,0))*ISNUMBER(G$10:G$35),G$10:G$35))} -> 0
B56: 3 | D56: =SUM(D53:D55) -> 0 | E56: =SUM(E53:E55) -> 0 | F56: =SUM(F53:F55) -> 0
B58: 10 | D58: {=SUM(IF((ISNUMBER($A$10:$A$35))*($A$10:$A$35>=DATE($A$40,$B58,1))*($A$10:$A$35<=DATE($A$40,$B58+1,0))*ISNUMBER(D$10:D$35),D$10:D$35))} -> 0 | E58: {=SUM(IF((ISNUMBER($A$10:$A$35))*($A$10:$A$35>=DATE($A$40,$B58,1))*($A$10:$A$35<=DATE($A$40,$B58+1,0))*ISNUMBER(F$10:F$35),F$10:F$35))} -> 0 | F58: {=SUM(IF((ISNUMBER($A$10:$A$35))*($A$10:$A$35>=DATE($A$40,$B58,1))*($A$10:$A$35<=DATE($A$40,$B58+1,0))*ISNUMBER(G$10:G$35),G$10:G$35))} -> 0
B59: 11 | D59: {=SUM(IF((ISNUMBER($A$10:$A$35))*($A$10:$A$35>=DATE($A$40,$B59,1))*($A$10:$A$35<=DATE($A$40,$B59+1,0))*ISNUMBER(D$10:D$35),D$10:D$35))} -> 0 | E59: {=SUM(IF((ISNUMBER($A$10:$A$35))*($A$10:$A$35>=DATE($A$40,$B59,1))*($A$10:$A$35<=DATE($A$40,$B59+1,0))*ISNUMBER(F$10:F$35),F$10:F$35))} -> 0 | F59: {=SUM(IF((ISNUMBER($A$10:$A$35))*($A$10:$A$35>=DATE($A$40,$B59,1))*($A$10:$A$35<=DATE($A$40,$B59+1,0))*ISNUMBER(G$10:G$35),G$10:G$35))} -> 0
B60: 12 | D60: {=SUM(IF((ISNUMBER($A$10:$A$35))*($A$10:$A$35>=DATE($A$40,$B60,1))*($A$10:$A$35<=DATE($A$40,$B60+1,0))*ISNUMBER(D$10:D$35),D$10:D$35))} -> 0 | E60: {=SUM(IF((ISNUMBER($A$10:$A$35))*($A$10:$A$35>=DATE($A$40,$B60,1))*($A$10:$A$35<=DATE($A$40,$B60+1,0))*ISNUMBER(F$10:F$35),F$10:F$35))} -> 0 | F60: {=SUM(IF((ISNUMBER($A$10:$A$35))*($A$10:$A$35>=DATE($A$40,$B60,1))*($A$10:$A$35<=DATE($A$40,$B60+1,0))*ISNUMBER(G$10:G$35),G$10:G$35))} -> 0
B61: 4 | D61: =SUM(D58:D60) -> 0 | E61: =SUM(E58:E60) -> 0 | F61: =SUM(F58:F60) -> 0
B63: (noch) nicht zugeordnet | D63: {=SUM(IF(NOT(ISNUMBER($A$10:$A$35)) * (TRIM($A$10:$A$35)<>"Summe")*ISNUMBER(D$10:D$35),D$10:D$35))} -> 0 | E63: {=SUM(IF(NOT(ISNUMBER($A$10:$A$35)) * (TRIM($A$10:$A$35)<>"Summe")*ISNUMBER(F$10:F$35),F$10:F$35))} -> 0 | F63: {=SUM(IF(NOT(ISNUMBER($A$10:$A$35)) * (TRIM($A$10:$A$35)<>"Summe")*ISNUMBER(G$10:G$35),G$10:G$35))} -> 0
B64: Summe (zur Kontrolle) | D64: =D46+D51+D56+D61+D63 -> 287.98 | E64: =E46+E51+E56+E61+E63 -> 242 | F64: =F46+F51+F56+F61+F63 -> 45.98

Sheet GWG_Verzeichnis
A1: =Überschuss!A1 -> 0 | K1: =Überschuss!C1 -> 45521 | O1: Hilfe
A2: =Überschuss!A2 -> 0
O3: Tabelle für das
O4: Abschreibungsverfahren [B]:
O5: Bitte lesen Sie dazu die Informationen auf der Webseite
A6: Liste der geringwertigen Wirtschaftsgüter (GWG) | O6: http://www.klicktipps.de/gewerbe-abschreibung.php
O8: In die gelben Felder wird eingegeben. Gedruckt wird schwarz-weiß.
C9: Anschaffung | H9: Ausscheiden
A10: Lieferant | B10: Wirtschaftsgut | C10: Datum | D10: Brutto | E10: % | F10: Netto | G10: MwSt | H10: Datum | I10: Art des Ausscheidens | J10: Brutto | K10: % | L10: Netto | M10: MwSt | O10: Achtung:
A11: Elektromarkt Meier | B11: Schreibtischlampe | C11: 44201 | D11: 79.99 | E11: 0.19 | F11: =ROUND(D11/(1+E11),2) -> 67.22 | G11: =D11-F11 -> 12.77 | H11: 45051 | I11: runtergefallen, Elektroschrott | J11: 0 | K11: 0.19 | L11: =ROUND(J11/(1+K11),2) -> 0 | M11: =J11-L11 -> 0 | O11: Diese Liste dient nur zur Auflistung der vorhandenen GWG.
A12: OBI | B12: Bürostuhl | C12: 44206 | D12: 299 | E12: 0.19 | F12: =ROUND(D12/(1+E12),2) -> 251.26 | G12: =D12-F12 -> 47.74 | H12: 45219 | I12: verkauft an G. Walther | J12: 90 | K12: 0.19 | L12: =ROUND(J12/(1+K12),2) -> 75.63 | M12: =J12-L12 -> 14.37 | O12: Die Daten aus diesem Tabellenblatt fließen nicht in die anderen Tabellen dieser Excel-Mappe.
E13: 0.19 | F13: =ROUND(D13/(1+E13),2) -> 0 | G13: =D13-F13 -> 0 | K13: 0.19 | L13: =ROUND(J13/(1+K13),2) -> 0 | M13: =J13-L13 -> 0 | O13: Hier stehen die angeschaften GWG mit Nettopreis zwischen 250,01€ bis 5000,00€.
E14: 0.19 | F14: =ROUND(D14/(1+E14),2) -> 0 | G14: =D14-F14 -> 0 | I14: Alles nur Muster; | K14: 0.19 | L14: =ROUND(J14/(1+K14),2) -> 0 | M14: =J14-L14 -> 0
E15: 0.19 | F15: =ROUND(D15/(1+E15),2) -> 0 | G15: =D15-F15 -> 0 | I15: für die eigene Anwendung | K15: 0.19 | L15: =ROUND(J15/(1+K15),2) -> 0 | M15: =J15-L15 -> 0
E16: 0.19 | F16: =ROUND(D16/(1+E16),2) -> 0 | G16: =D16-F16 -> 0 | I16: bitte die gelben Felder löschen. | K16: 0.19 | L16: =ROUND(J16/(1+K16),2) -> 0 | M16: =J16-L16 -> 0 | O16: Der Kauf dieser GWG gehört im Jahr der Anschaffung in Tabelle 'Ausgaben', ein Verkauf gehört in Tabelle 'Einnahmen.
E17: 0.19 | F17: =ROUND(D17/(1+E17),2) -> 0 | G17: =D17-F17 -> 0 | K17: 0.19 | L17: =ROUND(J17/(1+K17),2) -> 0 | M17: =J17-L17 -> 0
E18: 0.19 | F18: =ROUND(D18/(1+E18),2) -> 0 | G18: =D18-F18 -> 0 | K18: 0.19 | L18: =ROUND(J18/(1+K18),2) -> 0 | M18: =J18-L18 -> 0
E19: 0.19 | F19: =ROUND(D19/(1+E19),2) -> 0 | G19: =D19-F19 -> 0 | K19: 0.19 | L19: =ROUND(J19/(1+K19),2) -> 0 | M19: =J19-L19 -> 0
E20: 0.19 | F20: =ROUND(D20/(1+E20),2) -> 0 | G20: =D20-F20 -> 0 | K20: 0.19 | L20: =ROUND(J20/(1+K20),2) -> 0 | M20: =J20-L20 -> 0
E21: 0.19 | F21: =ROUND(D21/(1+E21),2) -> 0 | G21: =D21-F21 -> 0 | K21: 0.19 | L21: =ROUND(J21/(1+K21),2) -> 0 | M21: =J21-L21 -> 0
E22: 0.19 | F22: =ROUND(D22/(1+E22),2) -> 0 | G22: =D22-F22 -> 0 | K22: 0.19 | L22: =ROUND(J22/(1+K22),2) -> 0 | M22: =J22-L22 -> 0
E23: 0.19 | F23: =ROUND(D23/(1+E23),2) -> 0 | G23: =D23-F23 -> 0 | K23: 0.19 | L23: =ROUND(J23/(1+K23),2) -> 0 | M23: =J23-L23 -> 0
E24: 0.19 | F24: =ROUND(D24/(1+E24),2) -> 0 | G24: =D24-F24 -> 0 | K24: 0.19 | L24: =ROUND(J24/(1+K24),2) -> 0 | M24: =J24-L24 -> 0
E25: 0.19 | F25: =ROUND(D25/(1+E25),2) -> 0 | G25: =D25-F25 -> 0 | K25: 0.19 | L25: =ROUND(J25/(1+K25),2) -> 0 | M25: =J25-L25 -> 0
E26: 0.19 | F26: =ROUND(D26/(1+E26),2) -> 0 | G26: =D26-F26 -> 0 | K26: 0.19 | L26: =ROUND(J26/(1+K26),2) -> 0 | M26: =J26-L26 -> 0
C28: MwSt.: | E28: 0.19

Sheet Statistik Jahre
A1: =Überschuss!A1 -> 0 | H1: =Überschuss!C1 -> 45521 | J1: Hilfe
A2: =Überschuss!A2 -> 0
A4: Gewerbestatistik in Euro
J5: Hier können Sie die wichtigsten Daten
A6: Jahr | B6: Gewinn/Verlust (vor Steuern) | D6: Gezahlte Steuern | G6: Gewinn | H6: Bemerkungen | J6: der Vorjahre eintragen und somit mehrere
B7: pro Jahr | C7: kumuliert | D7: EkSt. ca. | E7: UmsSt | F7: kumuliert | G7: pro Monat | J7: Jahre vergleichbar machen.
A8: 2022 | B8: -2000 | C8: =B8 -> -2000 | D8: =B8*$C$25 -> -600 | E8: -50 | F8: =D8+E8 -> -650 | G8: =B8/12 -> -166.66667 | J8: Diese Tabelle übernimmt keine Daten aus
A9: =A8+1 -> 2023 | B9: 500 | C9: =C8+B9 -> -1500 | D9: =B9*$C$25 -> 150 | E9: 80 | F9: =F8+D9+E9 -> -420 | G9: =B9/12 -> 41.666667 | H9: Gewerbe beginnt, jährlichen Gewinn zu machen | J9: anderen Tabellenblättern und
A10: =A9+1 -> 2024 | B10: 1000 | C10: =C9+B10 -> -500 | D10: =B10*$C$25 -> 300 | E10: 160 | F10: =F9+D10+E10 -> 40 | G10: =B10/12 -> 83.333333 | J10: gibt keine Daten an andere Tabellen weiter
A11: =A10+1 -> 2025 | B11: 2000 | C11: =C10+B11 -> 1500 | D11: =B11*$C$25 -> 600 | E11: 320 | F11: =F10+D11+E11 -> 960 | G11: =B11/12 -> 166.66667 | H11: insgesamt mehr Gewinn als Verlust | J11: Diese Tabelle ist vor allem für den privaten Gebrauch
A12: =A11+1 -> 2026 | C12: =C11+B12 -> 1500 | D12: =B12*$C$25 -> 0 | F12: =F11+D12+E12 -> 960 | G12: =B12/12 -> 0 | J12: Die Daten haben keine Verbindung zu den anderen Tabellen.
A13: =A12+1 -> 2027 | C13: =C12+B13 -> 1500 | D13: =B13*$C$25 -> 0 | F13: =F12+D13+E13 -> 960 | G13: =B13/12 -> 0 | H13: Alles nur Muster.
A14: =A13+1 -> 2028 | C14: =C13+B14 -> 1500 | D14: =B14*$C$25 -> 0 | F14: =F13+D14+E14 -> 960 | G14: =B14/12 -> 0 | H14: Für die eigene Anwendung bitte die gelben Felder
A15: =A14+1 -> 2029 | C15: =C14+B15 -> 1500 | D15: =B15*$C$25 -> 0 | F15: =F14+D15+E15 -> 960 | G15: =B15/12 -> 0 | H15: in den Spalten B bis H löschen und durch eigene
A16: =A15+1 -> 2030 | C16: =C15+B16 -> 1500 | D16: =B16*$C$25 -> 0 | F16: =F15+D16+E16 -> 960 | G16: =B16/12 -> 0 | H16: Werte ersetzen.
A17: =A16+1 -> 2031 | C17: =C16+B17 -> 1500 | D17: =B17*$C$25 -> 0 | F17: =F16+D17+E17 -> 960 | G17: =B17/12 -> 0
A18: =A17+1 -> 2032 | C18: =C17+B18 -> 1500 | D18: =B18*$C$25 -> 0 | F18: =F17+D18+E18 -> 960 | G18: =B18/12 -> 0
A19: =A18+1 -> 2033 | C19: =C18+B19 -> 1500 | D19: =B19*$C$25 -> 0 | F19: =F18+D19+E19 -> 960 | G19: =B19/12 -> 0
A20: =A19+1 -> 2034 | C20: =C19+B20 -> 1500 | D20: =B20*$C$25 -> 0 | F20: =F19+D20+E20 -> 960 | G20: =B20/12 -> 0
A21: =A20+1 -> 2035 | C21: =C20+B21 -> 1500 | D21: =B21*$C$25 -> 0 | F21: =F20+D21+E21 -> 960 | G21: =B21/12 -> 0
A22: =A21+1 -> 2036 | C22: =C21+B22 -> 1500 | D22: =B22*$C$25 -> 0 | F22: =F21+D22+E22 -> 960 | G22: =B22/12 -> 0
A23: =A22+1 -> 2037 | C23: =C22+B23 -> 1500 | D23: =B23*$C$25 -> 0 | F23: =F22+D23+E23 -> 960 | G23: =B23/12 -> 0
A25: eigener Grenzsteuersatz ca. | C25: 0.3 | J25: https://de.wikipedia.org/wiki/Grenzsteuersatz
